Workbook

Sheet 当社支払条件
A1: 当 社 支 払 条 件
A4: 当社の支払条件は、原則として『半金半手(手形分電子記録債権)』『月末締・翌月末払』となっております。
A5: 詳細は下記の様になっておりますので、ご請求の際には各事項を必ずお守り下さい。
C7: 支 払 方 法 | K7: ①８０万円未満（税込）：全額現金（銀行振込）
K8: ８０万円以上（税込）：半金半手（手形分電子記録債権、支払サイト９５日）
K10: ②全額現金支払いをご希望の場合
K11: 請求額が８０万円以上（税込）・・・手形金額分の１％を控除
L12: 【例】請求額 | S12: ９００,０００円（手形金額４５０,０００円）
S13: ４５０,０００円×１％＝４,５００円控除
K15: ※振込手数料、でんさい発行手数料は貴社負担となりますので、ご了承ください。
C17: 賦金（労働保険）控除
K18: 建設工事現場におきましては、元請業者が全ての下請業者の労災補償を
K19: することが労働基準法で義務付けられております。
K20: その労働保険料として請求金額（税込）の0.2％を控除させて頂きます。
C22: 請 求 時 指 定 事 項
E23: 1 | F23: . | G23: 当社指定請求書で請求のこと
G24: 弊社ホームページよりＰＣ入力用の請求書（Excel形式）がダウンロード出来ますので
G25: 下記よりダウンロードしてご使用下さい。
J26: https://www.sanei-prefab.co.jp/download/
G27: ※入力見本がございますのでご確認の上、作成をお願いいたします。
G29: ＰＣ入力用の請求書（Excel形式）の作成が難しい場合は、手書き用請求書をダウンロード
G30: してご使用ください。
G31: 手書き用請求書をダウンロードできない場合は、手書き用請求書の原紙をお送りしますので
G32: 営業所までご連絡ください。
E33: 2 | F33: ． | G33: 請求書締日 | N33: 毎月末日
E34: 3 | F34: ． | G34: 請求書必着日 | N34: 翌月３日（休日の場合は翌営業日）
N35: ※必着日を過ぎて届いた場合は処理の都合上、次月請求扱いとなります。
N36: ※決算の都合上、12月末締分は必着日を過ぎた場合お支払い致しかねます。
E37: 4 | F37: ． | G37: 支払日 | N37: 翌月末日 | S37: （午前１０時～午後５時） | AC37: 土日･祝祭日の場合は前日になります。
E38: 5 | F38: ． | G38: 工事完了月の翌月も請求書が提出されない場合は、お支払い致しかねます。
E39: 6 | F39: ． | G39: 請求書は該当する営業所に送付して下さい。
G40: 総支払に関しては本社へお問い合わせ下さい。
B45: 本社 | I45: 〒 | J45: 336 | L45: - | M45: 0022 | P45: さいたま市南区白幡５－１６－８ ３Ｆ | AH45: ☎ | AJ45: 048 865 4111
AH46: FAX | AJ46: 865 4811
B47: 川越営業所 | I47: 〒 | J47: 350 | L47: - | M47: 1124 | P47: 川越市新宿町３－１７－３３ | AH47: ☎ | AJ47: 049 246 4111
AH48: FAX | AJ48: 240 2744
B49: 浦和営業所 | I49: 〒 | J49: 336 | L49: - | M49: 0022 | P49: さいたま市南区白幡５－１６－８ ２Ｆ | AH49: ☎ | AJ49: 048 865 4511
AH50: FAX | AJ50: 865 4911
B51: 千葉営業所 | I51: 〒 | J51: 262 | L51: - | M51: 0033 | P51: 千葉市花見川区幕張本郷１－１１－２６ | AH51: ☎ | AJ51: 043 272 0700
P52: リビエール本郷２０４号 | AH52: FAX | AJ52: 272 0704
B53: 相模原営業所 | I53: 〒 | J53: 252 | L53: - | M53: 0302 | P53: 相模原市南区上鶴間１－１７－１５ | AH53: ☎ | AJ53: 042 748 6106
AH54: FAX | AJ54: 748 6107
B55: 茨城営業所 | I55: 〒 | J55: 300 | L55: - | M55: 4115 | P55: 土浦市藤沢３４９０－１ | AH55: ☎ | AJ55: 029 862 4445
AH56: FAX | AJ56: 862 4447
B57: 立川営業所 | I57: 〒 | J57: 190 | L57: - | M57: 0022 | P57: 立川市錦町３－６－５ | AH57: ☎ | AJ57: 042 524 2971
AH58: FAX | AJ58: 527 3376
B59: 横浜営業所 | I59: 〒 | J59: 221 | L59: - | M59: 0823 | P59: 横浜市神奈川区二ツ谷町１０－１０ | AH59: ☎ | AJ59: 045 324 5061
P60: 坂本ビル３Ｆ | AH60: FAX | AJ60: 324 5063
B61: 東京営業所 | I61: 〒 | J61: 162 | L61: - | M61: 0843 | P61: 新宿区市谷田町３－６ ザ ゲート市ヶ谷２Ｆ | AH61: ☎ | AJ61: 03 5261 1511
AH62: FAX | AJ62: 5261 7475
B63: 宇都宮営業所 | I63: 〒 | J63: 321 | L63: - | M63: 0962 | P63: 宇都宮市今泉町４４９－１ 明賀屋ビル４Ｆ | AH63: ☎ | AJ63: 028 612 7767
AH64: FAX | AJ64: 612 7787
A67: 提出先：-- 提出方法：-- 保存期間：設定なし | AE67: 2026-6-18 Excel 営業-031

Sheet 請求総括表
U1: =IF($U$6="","■■■■■■■■■■■■■■■","") -> ■■■■■■■■■■■■■■■
U2: 年 月 日
G3: 請求総括表
S4: 【レンタル用】(請求者控）
O6: 請求者 | R6: 登録番号：
O7: 住所
J8: 御中
O9: 会社名
A11: 川越 | B11: 浦和 | C11: 千葉 | D11: 相模原 | E11: 茨城 | F11: 立川 | G11: 横浜 | H11: 東京 | K11: 本社 | O11: ＴＥＬ
O12: ＦＡＸ
A14: 下記の通りご請求申し上げます。
B16: 担当者 | F16: 消費税10％分 | L16: 消費税 8％分 | R16: 非課税分 | U16: 摘要
F17: 小計 | I17: 消費税 | L17: 小計 | O17: 消費税 | R17: 小計
A18: 1 | B18: =納品・請求書_1!$B$7 -> 0 | F18: =納品・請求書_1!$J$43 -> 0 | I18: =納品・請求書_1!$O$43 -> 0 | L18: =納品・請求書_1!$J$44 -> 0 | O18: =納品・請求書_1!$O$44 -> 0 | R18: =納品・請求書_1!$J$45 -> 0
A19: 2 | B19: =納品・請求書_2!$B$7 -> 0 | F19: =納品・請求書_2!$J$43 -> 0 | I19: =納品・請求書_2!$O$43 -> 0 | L19: =納品・請求書_2!$J$44 -> 0 | O19: =納品・請求書_2!$O$44 -> 0 | R19: =納品・請求書_2!$J$45 -> 0
A20: 3 | B20: =納品・請求書_3!$B$7 -> 0 | F20: =納品・請求書_3!$J$43 -> 0 | I20: =納品・請求書_3!$O$43 -> 0 | L20: =納品・請求書_3!$J$44 -> 0 | O20: =納品・請求書_3!$O$44 -> 0 | R20: =納品・請求書_3!$J$45 -> 0
A21: 4 | B21: =納品・請求書_4!$B$7 -> 0 | F21: =納品・請求書_4!$J$43 -> 0 | I21: =納品・請求書_4!$O$43 -> 0 | L21: =納品・請求書_4!$J$44 -> 0 | O21: =納品・請求書_4!$O$44 -> 0 | R21: =納品・請求書_4!$J$45 -> 0
A22: 5 | B22: =納品・請求書_5!$B$7 -> 0 | F22: =納品・請求書_5!$J$43 -> 0 | I22: =納品・請求書_5!$O$43 -> 0 | L22: =納品・請求書_5!$J$44 -> 0 | O22: =納品・請求書_5!$O$44 -> 0 | R22: =納品・請求書_5!$J$45 -> 0
A23: 6 | B23: =納品・請求書_6!$B$7 -> 0 | F23: =納品・請求書_6!$J$43 -> 0 | I23: =納品・請求書_6!$O$43 -> 0 | L23: =納品・請求書_6!$J$44 -> 0 | O23: =納品・請求書_6!$O$44 -> 0 | R23: =納品・請求書_6!$J$45 -> 0
A24: 7 | B24: =納品・請求書_7!$B$7 -> 0 | F24: =納品・請求書_7!$J$43 -> 0 | I24: =納品・請求書_7!$O$43 -> 0 | L24: =納品・請求書_7!$J$44 -> 0 | O24: =納品・請求書_7!$O$44 -> 0 | R24: =納品・請求書_7!$J$45 -> 0
A25: 8 | B25: =納品・請求書_8!$B$7 -> 0 | F25: =納品・請求書_8!$J$43 -> 0 | I25: =納品・請求書_8!$O$43 -> 0 | L25: =納品・請求書_8!$J$44 -> 0 | O25: =納品・請求書_8!$O$44 -> 0 | R25: =納品・請求書_8!$J$45 -> 0
A26: 9 | B26: =納品・請求書_9!$B$7 -> 0 | F26: =納品・請求書_9!$J$43 -> 0 | I26: =納品・請求書_9!$O$43 -> 0 | L26: =納品・請求書_9!$J$44 -> 0 | O26: =納品・請求書_9!$O$44 -> 0 | R26: =納品・請求書_9!$J$45 -> 0
A27: 10 | B27: =納品・請求書_10!$B$7 -> 0 | F27: =納品・請求書_10!$J$43 -> 0 | I27: =納品・請求書_10!$O$43 -> 0 | L27: =納品・請求書_10!$J$44 -> 0 | O27: =納品・請求書_10!$O$44 -> 0 | R27: =納品・請求書_10!$J$45 -> 0
A28: 請求金額 計 | F28: =SUM($F$18:$H$27) -> 0 | I28: =SUM($I$18:$K$27) -> 0 | L28: =SUM($L$18:$N$27) -> 0 | O28: =SUM($O$18:$Q$27) -> 0 | R28: =SUM($R$18:$T$27) -> 0 | U28: =SUM($F$28:$T$28) -> 0
A30: 備考
U32: 総括表 | W32: 計 算 | Y32: 締 月
B33: 請求時指定事項
B34: ① | C34: 締日 | G34: 毎月末日
B35: ② | C35: 必着日 | G35: 翌月３日（休日の場合は翌営業日）
G36: ※必着日を過ぎて届いた場合は処理の都合上、次月請求扱いとなります。
G37: ※１２月決算月の為、未請求の場合にはお支払い致しかねます。
B38: ③ | C38: 支払日 | G38: 翌月末日 | J38: （午前１０時～午後５時）
B39: ④ | C39: 工事完了月の翌月も請求総括表および納品・請求書が提出されない場合は、お支払い致しかねます。
B40: ⑤ | C40: 請求総括表および納品・請求書は、該当する営業所に送付して下さい。
P42: 総支払に関してのお問合せ
P43: 本社 | S43: さいたま市南区白幡5-16-8 3F
P44: 電話番号 | S44: 048-865-4111
U45: =$U$1 -> ■■■■■■■■■■■■■■■
U46: =$U$2 -> 年 月 日
G47: 請求総括表
S48: 【レンタル用】(サンエイ送付用）
O50: 請求者 | R50: 登録番号： | U50: =$U$6 -> 0
O51: 住所 | R51: =$R$7 -> 0
J52: 御中
O53: 会社名 | R53: =$R$9 -> 0
A54: =$A$10 -> 0 | B54: =$B$10 -> 0 | C54: =$C$10 -> 0 | D54: =$D$10 -> 0 | E54: =$E$10 | F54: =$F$10 -> 0 | G54: =$G$10 -> 0 | H54: =$H$10 -> 0 | I54: =$I$10 -> 0 | J54: =$J$10 | K54: =$K$10 -> 0
A55: 川越 | B55: 浦和 | C55: 千葉 | D55: 相模原 | E55: 茨城 | F55: 立川 | G55: 横浜 | H55: 東京 | K55: 本社 | O55: ＴＥＬ | R55: =$R$11 -> 0
O56: ＦＡＸ | R56: =$R$12 -> 0
A58: 下記の通りご請求申し上げます。
B60: 担当者 | F60: 消費税10％分 | L60: 消費税 8％分 | R60: 非課税分 | U60: 摘要
F61: 小計 | I61: 消費税 | L61: 小計 | O61: 消費税 | R61: 小計
A62: 1 | B62: =$B$18 -> 0 | F62: =$F$18 -> 0 | I62: =$I$18 -> 0 | L62: =$L$18 -> 0 | O62: =$O$18 -> 0 | R62: =$R$18 -> 0 | U62: =$U$18 -> 0
A63: 2 | B63: =$B$19 -> 0 | F63: =$F$19 -> 0 | I63: =$I$19 -> 0 | L63: =$L$19 -> 0 | O63: =$O$19 -> 0 | R63: =$R$19 -> 0 | U63: =$U$19 -> 0
A64: 3 | B64: =$B$20 -> 0 | F64: =$F$20 -> 0 | I64: =$I$20 -> 0 | L64: =$L$20 -> 0 | O64: =$O$20 -> 0 | R64: =$R$20 -> 0 | U64: =$U$20 -> 0
A65: 4 | B65: =$B$21 -> 0 | F65: =$F$21 -> 0 | I65: =$I$21 -> 0 | L65: =$L$21 -> 0 | O65: =$O$21 -> 0 | R65: =$R$21 -> 0 | U65: =$U$21 -> 0
A66: 5 | B66: =$B$22 -> 0 | F66: =$F$22 -> 0 | I66: =$I$22 -> 0 | L66: =$L$22 -> 0 | O66: =$O$22 -> 0 | R66: =$R$22 -> 0 | U66: =$U$22 -> 0
A67: 6 | B67: =$B$23 -> 0 | F67: =$F$23 -> 0 | I67: =$I$23 -> 0 | L67: =$L$23 -> 0 | O67: =$O$23 -> 0 | R67: =$R$23 -> 0 | U67: =$U$23 -> 0
A68: 7 | B68: =$B$24 -> 0 | F68: =$F$24 -> 0 | I68: =$I$24 -> 0 | L68: =$L$24 -> 0 | O68: =$O$24 -> 0 | R68: =$R$24 -> 0 | U68: =$U$24 -> 0
A69: 8 | B69: =$B$25 -> 0 | F69: =$F$25 -> 0 | I69: =$I$25 -> 0 | L69: =$L$25 -> 0 | O69: =$O$25 -> 0 | R69: =$R$25 -> 0 | U69: =$U$25 -> 0
A70: 9 | B70: =$B$26 -> 0 | F70: =$F$26 -> 0 | I70: =$I$26 -> 0 | L70: =$L$26 -> 0 | O70: =$O$26 -> 0 | R70: =$R$26 -> 0 | U70: =$U$26 -> 0
A71: 10 | B71: =$B$27 -> 0 | F71: =$F$27 -> 0 | I71: =$I$27 -> 0 | L71: =$L$27 -> 0 | O71: =$O$27 -> 0 | R71: =$R$27 -> 0 | U71: =$U$27 -> 0
A72: 請求金額 計 | F72: =$F$28 -> 0 | I72: =$I$28 -> 0 | L72: =$L$28 -> 0 | O72: =$O$28 -> 0 | R72: =$R$28 -> 0 | U72: =$U$28 -> 0
A74: 備考 | F74: =$F$30 -> 0
U76: 総括表 | W76: 計 算 | Y76: 締 月
B77: 請求時指定事項
B78: ① | C78: 締日 | G78: 毎月末日
B79: ② | C79: 必着日 | G79: 翌月３日（休日の場合は翌営業日）
G80: ※必着日を過ぎて届いた場合は処理の都合上、次月請求扱いとなります。
G81: ※１２月決算月の為、未請求の場合にはお支払い致しかねます。
B82: ③ | C82: 支払日 | G82: 翌月末日 | J82: （午前１０時～午後５時）
B83: ④ | C83: 工事完了月の翌月も請求総括表および納品・請求書が提出されない場合は、お支払い致しかねます。
B84: ⑤ | C84: 請求総括表および納品・請求書は、該当する営業所に送付して下さい。
P86: 総支払に関してのお問合せ
P87: 本社 | S87: さいたま市南区白幡5-16-8 3F
P88: 電話番号 | S88: 048-865-4111
U89: =$U$1 -> ■■■■■■■■■■■■■■■
U90: =$U$2 -> 年 月 日
G91: 請求総括表
S92: 【レンタル用】(サンエイ送付用）
O94: 請求者 | R94: 登録番号： | U94: =$U$6 -> 0
O95: 住所 | R95: =$R$7 -> 0
J96: 御中
O97: 会社名 | R97: =$R$9 -> 0
A98: =$A$10 -> 0 | B98: =$B$10 -> 0 | C98: =$C$10 -> 0 | D98: =$D$10 -> 0 | E98: =$E$10 | F98: =$F$10 -> 0 | G98: =$G$10 -> 0 | H98: =$H$10 -> 0 | I98: =$I$10 -> 0 | J98: =$J$10 | K98: =$K$10 -> 0
A99: 川越 | B99: 浦和 | C99: 千葉 | D99: 相模原 | E99: 茨城 | F99: 立川 | G99: 横浜 | H99: 東京 | K99: 本社 | O99: ＴＥＬ | R99: =$R$11 -> 0
O100: ＦＡＸ | R100: =$R$12 -> 0
A102: 下記の通りご請求申し上げます。
B104: 担当者 | F104: 消費税10％分 | L104: 消費税 8％分 | R104: 非課税分 | U104: 摘要
F105: 小計 | I105: 消費税 | L105: 小計 | O105: 消費税 | R105: 小計
A106: 1 | B106: =$B$18 -> 0 | F106: =$F$18 -> 0 | I106: =$I$18 -> 0 | L106: =$L$18 -> 0 | O106: =$O$18 -> 0 | R106: =$R$18 -> 0 | U106: =$U$18 -> 0
A107: 2 | B107: =$B$19 -> 0 | F107: =$F$19 -> 0 | I107: =$I$19 -> 0 | L107: =$L$19 -> 0 | O107: =$O$19 -> 0 | R107: =$R$19 -> 0 | U107: =$U$19 -> 0
A108: 3 | B108: =$B$20 -> 0 | F108: =$F$20 -> 0 | I108: =$I$20 -> 0 | L108: =$L$20 -> 0 | O108: =$O$20 -> 0 | R108: =$R$20 -> 0 | U108: =$U$20 -> 0
A109: 4 | B109: =$B$21 -> 0 | F109: =$F$21 -> 0 | I109: =$I$21 -> 0 | L109: =$L$21 -> 0 | O109: =$O$21 -> 0 | R109: =$R$21 -> 0 | U109: =$U$21 -> 0
A110: 5 | B110: =$B$22 -> 0 | F110: =$F$22 -> 0 | I110: =$I$22 -> 0 | L110: =$L$22 -> 0 | O110: =$O$22 -> 0 | R110: =$R$22 -> 0 | U110: =$U$22 -> 0
A111: 6 | B111: =$B$23 -> 0 | F111: =$F$23 -> 0 | I111: =$I$23 -> 0 | L111: =$L$23 -> 0 | O111: =$O$23 -> 0 | R111: =$R$23 -> 0 | U111: =$U$23 -> 0
A112: 7 | B112: =$B$24 -> 0 | F112: =$F$24 -> 0 | I112: =$I$24 -> 0 | L112: =$L$24 -> 0 | O112: =$O$24 -> 0 | R112: =$R$24 -> 0 | U112: =$U$24 -> 0
A113: 8 | B113: =$B$25 -> 0 | F113: =$F$25 -> 0 | I113: =$I$25 -> 0 | L113: =$L$25 -> 0 | O113: =$O$25 -> 0 | R113: =$R$25 -> 0 | U113: =$U$25 -> 0
A114: 9 | B114: =$B$26 -> 0 | F114: =$F$26 -> 0 | I114: =$I$26 -> 0 | L114: =$L$26 -> 0 | O114: =$O$26 -> 0 | R114: =$R$26 -> 0 | U114: =$U$26 -> 0
A115: 10 | B115: =$B$27 -> 0 | F115: =$F$27 -> 0 | I115: =$I$27 -> 0 | L115: =$L$27 -> 0 | O115: =$O$27 -> 0 | R115: =$R$27 -> 0 | U115: =$U$27 -> 0
A116: 請求金額 計 | F116: =$F$28 -> 0 | I116: =$I$28 -> 0 | L116: =$L$28 -> 0 | O116: =$O$28 -> 0 | R116: =$R$28 -> 0 | U116: =$U$28 -> 0
...

Sheet 納品・請求書_1
M1: =請求総括表!$U$1 -> ■■■■■■■■■■■■■■■
E2: 納品・請求書 | M2: =請求総括表!$U$2 -> 年 月 日
E3: 【レンタル用】 | H3: (請求者控) | M3: No. | N3: 1
A5: 株式会社 | D5: 御中 | G5: 請求者 | H5: 登録番号： | J5: =請求総括表!$U$6 -> 0
A6: - 営業所を選択してください。- | G6: 住 所 | H6: =請求総括表!$R$7 -> 0
A7: 担当者
G8: 会社名 | H8: =請求総括表!$R$9 -> 0
G10: ＴＥＬ | H10: =ASC(請求総括表!$R$11) | L10: ＦＡＸ | N10: =ASC(請求総括表!$R$12)
A12: 受注番号 | B12: 客先 | E12: 住所 | F12: 品名 | H12: 期間 | K12: 数量 | L12: 税率 | M12: 金額(税抜) | P12: 撤去 日 | Q12: 検
B13: 工事先名
A43: 備考 | G43: 税率10% | H43: 小計 | J43: =SUMIFS($M$13:$M$40,$L$13:$L$40,"10%") -> 0 | M43: 消費税
G44: 税率 8% | H44: 小計 | J44: =SUMIFS($M$13:$M$40,$L$13:$L$40,"8%") -> 0 | M44: 消費税
G45: 非課税 | H45: 小計 | J45: =SUMIFS($M$13:$M$40,$L$13:$L$40,"非課税") -> 0
G47: 請求金額（税込） | J47: =SUM($J$43,$O$43,$J$44,$O$44,$J$45) -> 0 | P47: 決裁
M50: =$M$1 -> ■■■■■■■■■■■■■■■
E51: 納品・請求書 | M51: =$M$2 -> 年 月 日
E52: 【レンタル用】 | H52: (サンエイ送付用) | M52: No. | N52: =$N$3 -> 1
A54: 株式会社 | D54: 御中 | G54: 請求者 | H54: 登録番号： | J54: =$J$5 -> 0
A55: =$A$6 -> - 営業所を選択してください。- | G55: 住 所 | H55: =$H$6 -> 0
A56: 担当者 | B56: =$B$7 -> 0
G57: 会社名 | H57: =$H$8 -> 0
G59: ＴＥＬ | H59: =$H$10 | L59: ＦＡＸ | N59: =$N$10
A61: 受注番号 | B61: 客先 | E61: 住所 | F61: 品名 | H61: 期間 | K61: 数量 | L61: 税率 | M61: 金額(税抜) | P61: 撤去 日 | Q61: 検
B62: 工事先名
A63: =$A$14 -> 0 | B63: =$B$14 -> 0 | E63: =$E$14 -> 0 | F63: =$F$14 -> 0 | H63: =$H$14 -> 0 | I63: =$I$14 -> 0 | J63: =$J$14 -> 0 | K63: =$K$14 -> 0 | L63: =$L$14 -> 0 | M63: =$M$14 -> 0 | P63: =$P$14 -> 0
A64: =$A$15 -> 0 | B64: =$B$15 -> 0 | H64: =$H$15 -> 0 | I64: =$I$15 -> 0 | J64: =$J$15 -> 0
A65: =$A$16 -> 0 | B65: =$B$16 -> 0 | E65: =$E$16 -> 0 | F65: =$F$16 -> 0 | H65: =$H$16 -> 0 | I65: =$I$16 -> 0 | J65: =$J$16 -> 0 | K65: =$K$16 -> 0 | L65: =$L$16 -> 0 | M65: =$M$16 -> 0 | P65: =$P$16 -> 0
A66: =$A$17 -> 0 | B66: =$B$17 -> 0 | H66: =$H$17 -> 0 | I66: =$I$17 -> 0 | J66: =$J$17 -> 0
A67: =$A$18 -> 0 | B67: =$B$18 -> 0 | E67: =$E$18 -> 0 | F67: =$F$18 -> 0 | H67: =$H$18 -> 0 | I67: =$I$18 -> 0 | J67: =$J$18 -> 0 | K67: =$K$18 -> 0 | L67: =$L$18 -> 0 | M67: =$M$18 -> 0 | P67: =$P$18 -> 0
A68: =$A$19 -> 0 | B68: =$B$19 -> 0 | H68: =$H$19 -> 0 | I68: =$I$19 -> 0 | J68: =$J$19 -> 0
A69: =$A$20 -> 0 | B69: =$B$20 -> 0 | E69: =$E$20 -> 0 | F69: =$F$20 -> 0 | H69: =$H$20 -> 0 | I69: =$I$20 -> 0 | J69: =$J$20 -> 0 | K69: =$K$20 -> 0 | L69: =$L$20 -> 0 | M69: =$M$20 -> 0 | P69: =$P$20 -> 0
A70: =$A$21 -> 0 | B70: =$B$21 -> 0 | H70: =$H$21 -> 0 | I70: =$I$21 -> 0 | J70: =$J$21 -> 0
A71: =$A$22 -> 0 | B71: =$B$22 -> 0 | E71: =$E$22 -> 0 | F71: =$F$22 -> 0 | H71: =$H$22 -> 0 | I71: =$I$22 -> 0 | J71: =$J$22 -> 0 | K71: =$K$22 -> 0 | L71: =$L$22 -> 0 | M71: =$M$22 -> 0 | P71: =$P$22 -> 0
A72: =$A$23 -> 0 | B72: =$B$23 -> 0 | H72: =$H$23 -> 0 | I72: =$I$23 -> 0 | J72: =$J$23 -> 0
A73: =$A$24 -> 0 | B73: =$B$24 -> 0 | E73: =$E$24 -> 0 | F73: =$F$24 -> 0 | H73: =$H$24 -> 0 | I73: =$I$24 -> 0 | J73: =$J$24 -> 0 | K73: =$K$24 -> 0 | L73: =$L$24 -> 0 | M73: =$M$24 -> 0 | P73: =$P$24 -> 0
A74: =$A$25 -> 0 | B74: =$B$25 -> 0 | H74: =$H$25 -> 0 | I74: =$I$25 -> 0 | J74: =$J$25 -> 0
A75: =$A$26 -> 0 | B75: =$B$26 -> 0 | E75: =$E$26 -> 0 | F75: =$F$26 -> 0 | H75: =$H$26 -> 0 | I75: =$I$26 -> 0 | J75: =$J$26 -> 0 | K75: =$K$26 -> 0 | L75: =$L$26 -> 0 | M75: =$M$26 -> 0 | P75: =$P$26 -> 0
A76: =$A$27 -> 0 | B76: =$B$27 -> 0 | H76: =$H$27 -> 0 | I76: =$I$27 -> 0 | J76: =$J$27 -> 0
A77: =$A$28 -> 0 | B77: =$B$28 -> 0 | E77: =$E$28 -> 0 | F77: =$F$28 -> 0 | H77: =$H$28 -> 0 | I77: =$I$28 -> 0 | J77: =$J$28 -> 0 | K77: =$K$28 -> 0 | L77: =$L$28 -> 0 | M77: =$M$28 -> 0 | P77: =$P$28 -> 0
A78: =$A$29 -> 0 | B78: =$B$29 -> 0 | H78: =$H$29 -> 0 | I78: =$I$29 -> 0 | J78: =$J$29 -> 0
A79: =$A$30 -> 0 | B79: =$B$30 -> 0 | E79: =$E$30 -> 0 | F79: =$F$30 -> 0 | H79: =$H$30 -> 0 | I79: =$I$30 -> 0 | J79: =$J$30 -> 0 | K79: =$K$30 -> 0 | L79: =$L$30 -> 0 | M79: =$M$30 -> 0 | P79: =$P$30 -> 0
A80: =$A$31 -> 0 | B80: =$B$31 -> 0 | H80: =$H$31 -> 0 | I80: =$I$31 -> 0 | J80: =$J$31 -> 0
A81: =$A$32 -> 0 | B81: =$B$32 -> 0 | E81: =$E$32 -> 0 | F81: =$F$32 -> 0 | H81: =$H$32 -> 0 | I81: =$I$32 -> 0 | J81: =$J$32 -> 0 | K81: =$K$32 -> 0 | L81: =$L$32 -> 0 | M81: =$M$32 -> 0 | P81: =$P$32 -> 0
A82: =$A$33 -> 0 | B82: =$B$33 -> 0 | H82: =$H$33 -> 0 | I82: =$I$33 -> 0 | J82: =$J$33 -> 0
A83: =$A$34 -> 0 | B83: =$B$34 -> 0 | E83: =$E$34 -> 0 | F83: =$F$34 -> 0 | H83: =$H$34 -> 0 | I83: =$I$34 -> 0 | J83: =$J$34 -> 0 | K83: =$K$34 -> 0 | L83: =$L$34 -> 0 | M83: =$M$34 -> 0 | P83: =$P$34 -> 0
A84: =$A$35 -> 0 | B84: =$B$35 -> 0 | H84: =$H$35 -> 0 | I84: =$I$35 -> 0 | J84: =$J$35 -> 0
A85: =$A$36 -> 0 | B85: =$B$36 -> 0 | E85: =$E$36 -> 0 | F85: =$F$36 -> 0 | H85: =$H$36 -> 0 | I85: =$I$36 -> 0 | J85: =$J$36 -> 0 | K85: =$K$36 -> 0 | L85: =$L$36 -> 0 | M85: =$M$36 -> 0 | P85: =$P$36 -> 0
A86: =$A$37 -> 0 | B86: =$B$37 -> 0 | H86: =$H$37 -> 0 | I86: =$I$37 -> 0 | J86: =$J$37 -> 0
A87: =$A$38 -> 0 | B87: =$B$38 -> 0 | E87: =$E$38 -> 0 | F87: =$F$38 -> 0 | H87: =$H$38 -> 0 | I87: =$I$38 -> 0 | J87: =$J$38 -> 0 | K87: =$K$38 -> 0 | L87: =$L$38 -> 0 | M87: =$M$38 -> 0 | P87: =$P$38 -> 0
A88: =$A$39 -> 0 | B88: =$B$39 -> 0 | H88: =$H$39 -> 0 | I88: =$I$39 -> 0 | J88: =$J$39 -> 0
A89: =$A$40 -> 0 | B89: =$B$40 -> 0 | E89: =$E$40 -> 0 | F89: =$F$40 -> 0 | H89: =$H$40 -> 0 | I89: =$I$40 -> 0 | J89: =$J$40 -> 0 | K89: =$K$40 -> 0 | L89: =$L$40 -> 0 | M89: =$M$40 -> 0 | P89: =$P$40 -> 0
A90: =$A$41 -> 0 | B90: =$B$41 -> 0 | H90: =$H$41 -> 0 | I90: =$I$41 -> 0 | J90: =$J$41 -> 0
A92: 備考 | B92: =$B$43 -> 0 | G92: 税率10% | H92: 小計 | J92: =$J$43 -> 0 | M92: 消費税 | O92: =$O$43 -> 0
G93: 税率 8% | H93: 小計 | J93: =$J$44 -> 0 | M93: 消費税 | O93: =$O$44 -> 0
G94: 非課税 | H94: 小計 | J94: =$J$45 -> 0
G96: 請求金額（税込） | J96: =$J$47 -> 0 | P96: 決裁
M99: =$M$1 -> ■■■■■■■■■■■■■■■
E100: 納品・請求書 | M100: =$M$2 -> 年 月 日
E101: 【レンタル用】 | H101: (サンエイ送付用) | M101: No. | N101: =$N$3 -> 1
A103: 株式会社 | D103: 御中 | G103: 請求者 | H103: 登録番号： | J103: =$J$5 -> 0
A104: =$A$6 -> - 営業所を選択してください。- | G104: 住 所 | H104: =$H$6 -> 0
A105: 担当者 | B105: =$B$7 -> 0
G106: 会社名 | H106: =$H$8 -> 0
G108: ＴＥＬ | H108: =$H$10 | L108: ＦＡＸ | N108: =$N$10
A110: 受注番号 | B110: 客先 | E110: 住所 | F110: 品名 | H110: 期間 | K110: 数量 | L110: 税率 | M110: 金額(税抜) | P110: 撤去 日 | Q110: 検
B111: 工事先名
A112: =$A$14 -> 0 | B112: =$B$14 -> 0 | E112: =$E$14 -> 0 | F112: =$F$14 -> 0 | H112: =$H$14 -> 0 | I112: =$I$14 -> 0 | J112: =$J$14 -> 0 | K112: =$K$14 -> 0 | L112: =$L$14 -> 0 | M112: =$M$14 -> 0 | P112: =$P$14 -> 0
A113: =$A$15 -> 0 | B113: =$B$15 -> 0 | H113: =$H$15 -> 0 | I113: =$I$15 -> 0 | J113: =$J$15 -> 0
A114: =$A$16 -> 0 | B114: =$B$16 -> 0 | E114: =$E$16 -> 0 | F114: =$F$16 -> 0 | H114: =$H$16 -> 0 | I114: =$I$16 -> 0 | J114: =$J$16 -> 0 | K114: =$K$16 -> 0 | L114: =$L$16 -> 0 | M114: =$M$16 -> 0 | P114: =$P$16 -> 0
A115: =$A$17 -> 0 | B115: =$B$17 -> 0 | H115: =$H$17 -> 0 | I115: =$I$17 -> 0 | J115: =$J$17 -> 0
A116: =$A$18 -> 0 | B116: =$B$18 -> 0 | E116: =$E$18 -> 0 | F116: =$F$18 -> 0 | H116: =$H$18 -> 0 | I116: =$I$18 -> 0 | J116: =$J$18 -> 0 | K116: =$K$18 -> 0 | L116: =$L$18 -> 0 | M116: =$M$18 -> 0 | P116: =$P$18 -> 0
A117: =$A$19 -> 0 | B117: =$B$19 -> 0 | H117: =$H$19 -> 0 | I117: =$I$19 -> 0 | J117: =$J$19 -> 0
A118: =$A$20 -> 0 | B118: =$B$20 -> 0 | E118: =$E$20 -> 0 | F118: =$F$20 -> 0 | H118: =$H$20 -> 0 | I118: =$I$20 -> 0 | J118: =$J$20 -> 0 | K118: =$K$20 -> 0 | L118: =$L$20 -> 0 | M118: =$M$20 -> 0 | P118: =$P$20 -> 0
A119: =$A$21 -> 0 | B119: =$B$21 -> 0 | H119: =$H$21 -> 0 | I119: =$I$21 -> 0 | J119: =$J$21 -> 0
A120: =$A$22 -> 0 | B120: =$B$22 -> 0 | E120: =$E$22 -> 0 | F120: =$F$22 -> 0 | H120: =$H$22 -> 0 | I120: =$I$22 -> 0 | J120: =$J$22 -> 0 | K120: =$K$22 -> 0 | L120: =$L$22 -> 0 | M120: =$M$22 -> 0 | P120: =$P$22 -> 0
A121: =$A$23 -> 0 | B121: =$B$23 -> 0 | H121: =$H$23 -> 0 | I121: =$I$23 -> 0 | J121: =$J$23 -> 0
A122: =$A$24 -> 0 | B122: =$B$24 -> 0 | E122: =$E$24 -> 0 | F122: =$F$24 -> 0 | H122: =$H$24 -> 0 | I122: =$I$24 -> 0 | J122: =$J$24 -> 0 | K122: =$K$24 -> 0 | L122: =$L$24 -> 0 | M122: =$M$24 -> 0 | P122: =$P$24 -> 0
A123: =$A$25 -> 0 | B123: =$B$25 -> 0 | H123: =$H$25 -> 0 | I123: =$I$25 -> 0 | J123: =$J$25 -> 0
A124: =$A$26 -> 0 | B124: =$B$26 -> 0 | E124: =$E$26 -> 0 | F124: =$F$26 -> 0 | H124: =$H$26 -> 0 | I124: =$I$26 -> 0 | J124: =$J$26 -> 0 | K124: =$K$26 -> 0 | L124: =$L$26 -> 0 | M124: =$M$26 -> 0 | P124: =$P$26 -> 0
A125: =$A$27 -> 0 | B125: =$B$27 -> 0 | H125: =$H$27 -> 0 | I125: =$I$27 -> 0 | J125: =$J$27 -> 0
A126: =$A$28 -> 0 | B126: =$B$28 -> 0 | E126: =$E$28 -> 0 | F126: =$F$28 -> 0 | H126: =$H$28 -> 0 | I126: =$I$28 -> 0 | J126: =$J$28 -> 0 | K126: =$K$28 -> 0 | L126: =$L$28 -> 0 | M126: =$M$28 -> 0 | P126: =$P$28 -> 0
A127: =$A$29 -> 0 | B127: =$B$29 -> 0 | H127: =$H$29 -> 0 | I127: =$I$29 -> 0 | J127: =$J$29 -> 0
A128: =$A$30 -> 0 | B128: =$B$30 -> 0 | E128: =$E$30 -> 0 | F128: =$F$30 -> 0 | H128: =$H$30 -> 0 | I128: =$I$30 -> 0 | J128: =$J$30 -> 0 | K128: =$K$30 -> 0 | L128: =$L$30 -> 0 | M128: =$M$30 -> 0 | P128: =$P$30 -> 0
A129: =$A$31 -> 0 | B129: =$B$31 -> 0 | H129: =$H$31 -> 0 | I129: =$I$31 -> 0 | J129: =$J$31 -> 0
A130: =$A$32 -> 0 | B130: =$B$32 -> 0 | E130: =$E$32 -> 0 | F130: =$F$32 -> 0 | H130: =$H$32 -> 0 | I130: =$I$32 -> 0 | J130: =$J$32 -> 0 | K130: =$K$32 -> 0 | L130: =$L$32 -> 0 | M130: =$M$32 -> 0 | P130: =$P$32 -> 0
A131: =$A$33 -> 0 | B131: =$B$33 -> 0 | H131: =$H$33 -> 0 | I131: =$I$33 -> 0 | J131: =$J$33 -> 0
A132: =$A$34 -> 0 | B132: =$B$34 -> 0 | E132: =$E$34 -> 0 | F132: =$F$34 -> 0 | H132: =$H$34 -> 0 | I132: =$I$34 -> 0 | J132: =$J$34 -> 0 | K132: =$K$34 -> 0 | L132: =$L$34 -> 0 | M132: =$M$34 -> 0 | P132: =$P$34 -> 0
A133: =$A$35 -> 0 | B133: =$B$35 -> 0 | H133: =$H$35 -> 0 | I133: =$I$35 -> 0 | J133: =$J$35 -> 0
A134: =$A$36 -> 0 | B134: =$B$36 -> 0 | E134: =$E$36 -> 0 | F134: =$F$36 -> 0 | H134: =$H$36 -> 0 | I134: =$I$36 -> 0 | J134: =$J$36 -> 0 | K134: =$K$36 -> 0 | L134: =$L$36 -> 0 | M134: =$M$36 -> 0 | P134: =$P$36 -> 0
A135: =$A$37 -> 0 | B135: =$B$37 -> 0 | H135: =$H$37 -> 0 | I135: =$I$37 -> 0 | J135: =$J$37 -> 0
A136: =$A$38 -> 0 | B136: =$B$38 -> 0 | E136: =$E$38 -> 0 | F136: =$F$38 -> 0 | H136: =$H$38 -> 0 | I136: =$I$38 -> 0 | J136: =$J$38 -> 0 | K136: =$K$38 -> 0 | L136: =$L$38 -> 0 | M136: =$M$38 -> 0 | P136: =$P$38 -> 0
A137: =$A$39 -> 0 | B137: =$B$39 -> 0 | H137: =$H$39 -> 0 | I137: =$I$39 -> 0 | J137: =$J$39 -> 0
A138: =$A$40 -> 0 | B138: =$B$40 -> 0 | E138: =$E$40 -> 0 | F138: =$F$40 -> 0 | H138: =$H$40 -> 0 | I138: =$I$40 -> 0 | J138: =$J$40 -> 0 | K138: =$K$40 -> 0 | L138: =$L$40 -> 0 | M138: =$M$40 -> 0 | P138: =$P$40 -> 0
A139: =$A$41 -> 0 | B139: =$B$41 -> 0 | H139: =$H$41 -> 0 | I139: =$I$41 -> 0 | J139: =$J$41 -> 0
A141: 備考 | B141: =$B$43 -> 0 | G141: 税率10% | H141: 小計 | J141: =$J$43 -> 0 | M141: 消費税 | O141: =$O$43 -> 0
G142: 税率 8% | H142: 小計 | J142: =$J$44 -> 0 | M142: 消費税 | O142: =$O$44 -> 0
G143: 非課税 | H143: 小計 | J143: =$J$45 -> 0
G145: 請求金額（税込） | J145: =$J$47 -> 0 | P145: 決裁

Sheet 納品・請求書_2
M1: =請求総括表!$U$1 -> ■■■■■■■■■■■■■■■
E2: 納品・請求書 | M2: =請求総括表!$U$2 -> 年 月 日
E3: 【レンタル用】 | H3: (請求者控) | M3: No. | N3: 2
A5: 株式会社 | D5: 御中 | G5: 請求者 | H5: 登録番号： | J5: =請求総括表!$U$6 -> 0
A6: - 営業所を選択してください。- | G6: 住 所 | H6: =請求総括表!$R$7 -> 0
A7: 担当者
G8: 会社名 | H8: =請求総括表!$R$9 -> 0
G10: ＴＥＬ | H10: =ASC(請求総括表!$R$11) | L10: ＦＡＸ | N10: =ASC(請求総括表!$R$12)
A12: 受注番号 | B12: 客先 | E12: 住所 | F12: 品名 | H12: 期間 | K12: 数量 | L12: 税率 | M12: 金額(税抜) | P12: 撤去 日 | Q12: 検
B13: 工事先名
A43: 備考 | G43: 税率10% | H43: 小計 | J43: =SUMIFS($M$13:$M$40,$L$13:$L$40,"10%") -> 0 | M43: 消費税
G44: 税率 8% | H44: 小計 | J44: =SUMIFS($M$13:$M$40,$L$13:$L$40,"8%") -> 0 | M44: 消費税
G45: 非課税 | H45: 小計 | J45: =SUMIFS($M$13:$M$40,$L$13:$L$40,"非課税") -> 0
G47: 請求金額（税込） | J47: =SUM($J$43,$O$43,$J$44,$O$44,$J$45) -> 0 | P47: 決裁
M50: =$M$1 -> ■■■■■■■■■■■■■■■
E51: 納品・請求書 | M51: =$M$2 -> 年 月 日
E52: 【レンタル用】 | H52: (サンエイ送付用) | M52: No. | N52: =$N$3 -> 2
A54: 株式会社 | D54: 御中 | G54: 請求者 | H54: 登録番号： | J54: =$J$5 -> 0
A55: =$A$6 -> - 営業所を選択してください。- | G55: 住 所 | H55: =$H$6 -> 0
A56: 担当者 | B56: =$B$7 -> 0
G57: 会社名 | H57: =$H$8 -> 0
G59: ＴＥＬ | H59: =$H$10 | L59: ＦＡＸ | N59: =$N$10
A61: 受注番号 | B61: 客先 | E61: 住所 | F61: 品名 | H61: 期間 | K61: 数量 | L61: 税率 | M61: 金額(税抜) | P61: 撤去 日 | Q61: 検
B62: 工事先名
A63: =$A$14 -> 0 | B63: =$B$14 -> 0 | E63: =$E$14 -> 0 | F63: =$F$14 -> 0 | H63: =$H$14 -> 0 | I63: =$I$14 -> 0 | J63: =$J$14 -> 0 | K63: =$K$14 -> 0 | L63: =$L$14 -> 0 | M63: =$M$14 -> 0 | P63: =$P$14 -> 0
A64: =$A$15 -> 0 | B64: =$B$15 -> 0 | H64: =$H$15 -> 0 | I64: =$I$15 -> 0 | J64: =$J$15 -> 0
A65: =$A$16 -> 0 | B65: =$B$16 -> 0 | E65: =$E$16 -> 0 | F65: =$F$16 -> 0 | H65: =$H$16 -> 0 | I65: =$I$16 -> 0 | J65: =$J$16 -> 0 | K65: =$K$16 -> 0 | L65: =$L$16 -> 0 | M65: =$M$16 -> 0 | P65: =$P$16 -> 0
A66: =$A$17 -> 0 | B66: =$B$17 -> 0 | H66: =$H$17 -> 0 | I66: =$I$17 -> 0 | J66: =$J$17 -> 0
A67: =$A$18 -> 0 | B67: =$B$18 -> 0 | E67: =$E$18 -> 0 | F67: =$F$18 -> 0 | H67: =$H$18 -> 0 | I67: =$I$18 -> 0 | J67: =$J$18 -> 0 | K67: =$K$18 -> 0 | L67: =$L$18 -> 0 | M67: =$M$18 -> 0 | P67: =$P$18 -> 0
A68: =$A$19 -> 0 | B68: =$B$19 -> 0 | H68: =$H$19 -> 0 | I68: =$I$19 -> 0 | J68: =$J$19 -> 0
A69: =$A$20 -> 0 | B69: =$B$20 -> 0 | E69: =$E$20 -> 0 | F69: =$F$20 -> 0 | H69: =$H$20 -> 0 | I69: =$I$20 -> 0 | J69: =$J$20 -> 0 | K69: =$K$20 -> 0 | L69: =$L$20 -> 0 | M69: =$M$20 -> 0 | P69: =$P$20 -> 0
A70: =$A$21 -> 0 | B70: =$B$21 -> 0 | H70: =$H$21 -> 0 | I70: =$I$21 -> 0 | J70: =$J$21 -> 0
A71: =$A$22 -> 0 | B71: =$B$22 -> 0 | E71: =$E$22 -> 0 | F71: =$F$22 -> 0 | H71: =$H$22 -> 0 | I71: =$I$22 -> 0 | J71: =$J$22 -> 0 | K71: =$K$22 -> 0 | L71: =$L$22 -> 0 | M71: =$M$22 -> 0 | P71: =$P$22 -> 0
A72: =$A$23 -> 0 | B72: =$B$23 -> 0 | H72: =$H$23 -> 0 | I72: =$I$23 -> 0 | J72: =$J$23 -> 0
A73: =$A$24 -> 0 | B73: =$B$24 -> 0 | E73: =$E$24 -> 0 | F73: =$F$24 -> 0 | H73: =$H$24 -> 0 | I73: =$I$24 -> 0 | J73: =$J$24 -> 0 | K73: =$K$24 -> 0 | L73: =$L$24 -> 0 | M73: =$M$24 -> 0 | P73: =$P$24 -> 0
A74: =$A$25 -> 0 | B74: =$B$25 -> 0 | H74: =$H$25 -> 0 | I74: =$I$25 -> 0 | J74: =$J$25 -> 0
A75: =$A$26 -> 0 | B75: =$B$26 -> 0 | E75: =$E$26 -> 0 | F75: =$F$26 -> 0 | H75: =$H$26 -> 0 | I75: =$I$26 -> 0 | J75: =$J$26 -> 0 | K75: =$K$26 -> 0 | L75: =$L$26 -> 0 | M75: =$M$26 -> 0 | P75: =$P$26 -> 0
A76: =$A$27 -> 0 | B76: =$B$27 -> 0 | H76: =$H$27 -> 0 | I76: =$I$27 -> 0 | J76: =$J$27 -> 0
A77: =$A$28 -> 0 | B77: =$B$28 -> 0 | E77: =$E$28 -> 0 | F77: =$F$28 -> 0 | H77: =$H$28 -> 0 | I77: =$I$28 -> 0 | J77: =$J$28 -> 0 | K77: =$K$28 -> 0 | L77: =$L$28 -> 0 | M77: =$M$28 -> 0 | P77: =$P$28 -> 0
A78: =$A$29 -> 0 | B78: =$B$29 -> 0 | H78: =$H$29 -> 0 | I78: =$I$29 -> 0 | J78: =$J$29 -> 0
A79: =$A$30 -> 0 | B79: =$B$30 -> 0 | E79: =$E$30 -> 0 | F79: =$F$30 -> 0 | H79: =$H$30 -> 0 | I79: =$I$30 -> 0 | J79: =$J$30 -> 0 | K79: =$K$30 -> 0 | L79: =$L$30 -> 0 | M79: =$M$30 -> 0 | P79: =$P$30 -> 0
A80: =$A$31 -> 0 | B80: =$B$31 -> 0 | H80: =$H$31 -> 0 | I80: =$I$31 -> 0 | J80: =$J$31 -> 0
A81: =$A$32 -> 0 | B81: =$B$32 -> 0 | E81: =$E$32 -> 0 | F81: =$F$32 -> 0 | H81: =$H$32 -> 0 | I81: =$I$32 -> 0 | J81: =$J$32 -> 0 | K81: =$K$32 -> 0 | L81: =$L$32 -> 0 | M81: =$M$32 -> 0 | P81: =$P$32 -> 0
A82: =$A$33 -> 0 | B82: =$B$33 -> 0 | H82: =$H$33 -> 0 | I82: =$I$33 -> 0 | J82: =$J$33 -> 0
A83: =$A$34 -> 0 | B83: =$B$34 -> 0 | E83: =$E$34 -> 0 | F83: =$F$34 -> 0 | H83: =$H$34 -> 0 | I83: =$I$34 -> 0 | J83: =$J$34 -> 0 | K83: =$K$34 -> 0 | L83: =$L$34 -> 0 | M83: =$M$34 -> 0 | P83: =$P$34 -> 0
A84: =$A$35 -> 0 | B84: =$B$35 -> 0 | H84: =$H$35 -> 0 | I84: =$I$35 -> 0 | J84: =$J$35 -> 0
A85: =$A$36 -> 0 | B85: =$B$36 -> 0 | E85: =$E$36 -> 0 | F85: =$F$36 -> 0 | H85: =$H$36 -> 0 | I85: =$I$36 -> 0 | J85: =$J$36 -> 0 | K85: =$K$36 -> 0 | L85: =$L$36 -> 0 | M85: =$M$36 -> 0 | P85: =$P$36 -> 0
A86: =$A$37 -> 0 | B86: =$B$37 -> 0 | H86: =$H$37 -> 0 | I86: =$I$37 -> 0 | J86: =$J$37 -> 0
A87: =$A$38 -> 0 | B87: =$B$38 -> 0 | E87: =$E$38 -> 0 | F87: =$F$38 -> 0 | H87: =$H$38 -> 0 | I87: =$I$38 -> 0 | J87: =$J$38 -> 0 | K87: =$K$38 -> 0 | L87: =$L$38 -> 0 | M87: =$M$38 -> 0 | P87: =$P$38 -> 0
A88: =$A$39 -> 0 | B88: =$B$39 -> 0 | H88: =$H$39 -> 0 | I88: =$I$39 -> 0 | J88: =$J$39 -> 0
A89: =$A$40 -> 0 | B89: =$B$40 -> 0 | E89: =$E$40 -> 0 | F89: =$F$40 -> 0 | H89: =$H$40 -> 0 | I89: =$I$40 -> 0 | J89: =$J$40 -> 0 | K89: =$K$40 -> 0 | L89: =$L$40 -> 0 | M89: =$M$40 -> 0 | P89: =$P$40 -> 0
A90: =$A$41 -> 0 | B90: =$B$41 -> 0 | H90: =$H$41 -> 0 | I90: =$I$41 -> 0 | J90: =$J$41 -> 0
A92: 備考 | B92: =$B$43 -> 0 | G92: 税率10% | H92: 小計 | J92: =$J$43 -> 0 | M92: 消費税 | O92: =$O$43 -> 0
G93: 税率 8% | H93: 小計 | J93: =$J$44 -> 0 | M93: 消費税 | O93: =$O$44 -> 0
G94: 非課税 | H94: 小計 | J94: =$J$45 -> 0
G96: 請求金額（税込） | J96: =$J$47 -> 0 | P96: 決裁
M99: =$M$1 -> ■■■■■■■■■■■■■■■
E100: 納品・請求書 | M100: =$M$2 -> 年 月 日
E101: 【レンタル用】 | H101: (サンエイ送付用) | M101: No. | N101: =$N$3 -> 2
A103: 株式会社 | D103: 御中 | G103: 請求者 | H103: 登録番号： | J103: =$J$5 -> 0
A104: =$A$6 -> - 営業所を選択してください。- | G104: 住 所 | H104: =$H$6 -> 0
A105: 担当者 | B105: =$B$7 -> 0
G106: 会社名 | H106: =$H$8 -> 0
G108: ＴＥＬ | H108: =$H$10 | L108: ＦＡＸ | N108: =$N$10
A110: 受注番号 | B110: 客先 | E110: 住所 | F110: 品名 | H110: 期間 | K110: 数量 | L110: 税率 | M110: 金額(税抜) | P110: 撤去 日 | Q110: 検
B111: 工事先名
A112: =$A$14 -> 0 | B112: =$B$14 -> 0 | E112: =$E$14 -> 0 | F112: =$F$14 -> 0 | H112: =$H$14 -> 0 | I112: =$I$14 -> 0 | J112: =$J$14 -> 0 | K112: =$K$14 -> 0 | L112: =$L$14 -> 0 | M112: =$M$14 -> 0 | P112: =$P$14 -> 0
A113: =$A$15 -> 0 | B113: =$B$15 -> 0 | H113: =$H$15 -> 0 | I113: =$I$15 -> 0 | J113: =$J$15 -> 0
A114: =$A$16 -> 0 | B114: =$B$16 -> 0 | E114: =$E$16 -> 0 | F114: =$F$16 -> 0 | H114: =$H$16 -> 0 | I114: =$I$16 -> 0 | J114: =$J$16 -> 0 | K114: =$K$16 -> 0 | L114: =$L$16 -> 0 | M114: =$M$16 -> 0 | P114: =$P$16 -> 0
A115: =$A$17 -> 0 | B115: =$B$17 -> 0 | H115: =$H$17 -> 0 | I115: =$I$17 -> 0 | J115: =$J$17 -> 0
A116: =$A$18 -> 0 | B116: =$B$18 -> 0 | E116: =$E$18 -> 0 | F116: =$F$18 -> 0 | H116: =$H$18 -> 0 | I116: =$I$18 -> 0 | J116: =$J$18 -> 0 | K116: =$K$18 -> 0 | L116: =$L$18 -> 0 | M116: =$M$18 -> 0 | P116: =$P$18 -> 0
A117: =$A$19 -> 0 | B117: =$B$19 -> 0 | H117: =$H$19 -> 0 | I117: =$I$19 -> 0 | J117: =$J$19 -> 0
A118: =$A$20 -> 0 | B118: =$B$20 -> 0 | E118: =$E$20 -> 0 | F118: =$F$20 -> 0 | H118: =$H$20 -> 0 | I118: =$I$20 -> 0 | J118: =$J$20 -> 0 | K118: =$K$20 -> 0 | L118: =$L$20 -> 0 | M118: =$M$20 -> 0 | P118: =$P$20 -> 0
A119: =$A$21 -> 0 | B119: =$B$21 -> 0 | H119: =$H$21 -> 0 | I119: =$I$21 -> 0 | J119: =$J$21 -> 0
A120: =$A$22 -> 0 | B120: =$B$22 -> 0 | E120: =$E$22 -> 0 | F120: =$F$22 -> 0 | H120: =$H$22 -> 0 | I120: =$I$22 -> 0 | J120: =$J$22 -> 0 | K120: =$K$22 -> 0 | L120: =$L$22 -> 0 | M120: =$M$22 -> 0 | P120: =$P$22 -> 0
A121: =$A$23 -> 0 | B121: =$B$23 -> 0 | H121: =$H$23 -> 0 | I121: =$I$23 -> 0 | J121: =$J$23 -> 0
A122: =$A$24 -> 0 | B122: =$B$24 -> 0 | E122: =$E$24 -> 0 | F122: =$F$24 -> 0 | H122: =$H$24 -> 0 | I122: =$I$24 -> 0 | J122: =$J$24 -> 0 | K122: =$K$24 -> 0 | L122: =$L$24 -> 0 | M122: =$M$24 -> 0 | P122: =$P$24 -> 0
A123: =$A$25 -> 0 | B123: =$B$25 -> 0 | H123: =$H$25 -> 0 | I123: =$I$25 -> 0 | J123: =$J$25 -> 0
A124: =$A$26 -> 0 | B124: =$B$26 -> 0 | E124: =$E$26 -> 0 | F124: =$F$26 -> 0 | H124: =$H$26 -> 0 | I124: =$I$26 -> 0 | J124: =$J$26 -> 0 | K124: =$K$26 -> 0 | L124: =$L$26 -> 0 | M124: =$M$26 -> 0 | P124: =$P$26 -> 0
A125: =$A$27 -> 0 | B125: =$B$27 -> 0 | H125: =$H$27 -> 0 | I125: =$I$27 -> 0 | J125: =$J$27 -> 0
A126: =$A$28 -> 0 | B126: =$B$28 -> 0 | E126: =$E$28 -> 0 | F126: =$F$28 -> 0 | H126: =$H$28 -> 0 | I126: =$I$28 -> 0 | J126: =$J$28 -> 0 | K126: =$K$28 -> 0 | L126: =$L$28 -> 0 | M126: =$M$28 -> 0 | P126: =$P$28 -> 0
A127: =$A$29 -> 0 | B127: =$B$29 -> 0 | H127: =$H$29 -> 0 | I127: =$I$29 -> 0 | J127: =$J$29 -> 0
A128: =$A$30 -> 0 | B128: =$B$30 -> 0 | E128: =$E$30 -> 0 | F128: =$F$30 -> 0 | H128: =$H$30 -> 0 | I128: =$I$30 -> 0 | J128: =$J$30 -> 0 | K128: =$K$30 -> 0 | L128: =$L$30 -> 0 | M128: =$M$30 -> 0 | P128: =$P$30 -> 0
A129: =$A$31 -> 0 | B129: =$B$31 -> 0 | H129: =$H$31 -> 0 | I129: =$I$31 -> 0 | J129: =$J$31 -> 0
A130: =$A$32 -> 0 | B130: =$B$32 -> 0 | E130: =$E$32 -> 0 | F130: =$F$32 -> 0 | H130: =$H$32 -> 0 | I130: =$I$32 -> 0 | J130: =$J$32 -> 0 | K130: =$K$32 -> 0 | L130: =$L$32 -> 0 | M130: =$M$32 -> 0 | P130: =$P$32 -> 0
A131: =$A$33 -> 0 | B131: =$B$33 -> 0 | H131: =$H$33 -> 0 | I131: =$I$33 -> 0 | J131: =$J$33 -> 0
A132: =$A$34 -> 0 | B132: =$B$34 -> 0 | E132: =$E$34 -> 0 | F132: =$F$34 -> 0 | H132: =$H$34 -> 0 | I132: =$I$34 -> 0 | J132: =$J$34 -> 0 | K132: =$K$34 -> 0 | L132: =$L$34 -> 0 | M132: =$M$34 -> 0 | P132: =$P$34 -> 0
A133: =$A$35 -> 0 | B133: =$B$35 -> 0 | H133: =$H$35 -> 0 | I133: =$I$35 -> 0 | J133: =$J$35 -> 0
A134: =$A$36 -> 0 | B134: =$B$36 -> 0 | E134: =$E$36 -> 0 | F134: =$F$36 -> 0 | H134: =$H$36 -> 0 | I134: =$I$36 -> 0 | J134: =$J$36 -> 0 | K134: =$K$36 -> 0 | L134: =$L$36 -> 0 | M134: =$M$36 -> 0 | P134: =$P$36 -> 0
A135: =$A$37 -> 0 | B135: =$B$37 -> 0 | H135: =$H$37 -> 0 | I135: =$I$37 -> 0 | J135: =$J$37 -> 0
A136: =$A$38 -> 0 | B136: =$B$38 -> 0 | E136: =$E$38 -> 0 | F136: =$F$38 -> 0 | H136: =$H$38 -> 0 | I136: =$I$38 -> 0 | J136: =$J$38 -> 0 | K136: =$K$38 -> 0 | L136: =$L$38 -> 0 | M136: =$M$38 -> 0 | P136: =$P$38 -> 0
A137: =$A$39 -> 0 | B137: =$B$39 -> 0 | H137: =$H$39 -> 0 | I137: =$I$39 -> 0 | J137: =$J$39 -> 0
A138: =$A$40 -> 0 | B138: =$B$40 -> 0 | E138: =$E$40 -> 0 | F138: =$F$40 -> 0 | H138: =$H$40 -> 0 | I138: =$I$40 -> 0 | J138: =$J$40 -> 0 | K138: =$K$40 -> 0 | L138: =$L$40 -> 0 | M138: =$M$40 -> 0 | P138: =$P$40 -> 0
A139: =$A$41 -> 0 | B139: =$B$41 -> 0 | H139: =$H$41 -> 0 | I139: =$I$41 -> 0 | J139: =$J$41 -> 0
A141: 備考 | B141: =$B$43 -> 0 | G141: 税率10% | H141: 小計 | J141: =$J$43 -> 0 | M141: 消費税 | O141: =$O$43 -> 0
G142: 税率 8% | H142: 小計 | J142: =$J$44 -> 0 | M142: 消費税 | O142: =$O$44 -> 0
G143: 非課税 | H143: 小計 | J143: =$J$45 -> 0
G145: 請求金額（税込） | J145: =$J$47 -> 0 | P145: 決裁

Sheet 納品・請求書_3
M1: =請求総括表!$U$1 -> ■■■■■■■■■■■■■■■
E2: 納品・請求書 | M2: =請求総括表!$U$2 -> 年 月 日
E3: 【レンタル用】 | H3: (請求者控) | M3: No. | N3: 3
A5: 株式会社 | D5: 御中 | G5: 請求者 | H5: 登録番号： | J5: =請求総括表!$U$6 -> 0
A6: - 営業所を選択してください。- | G6: 住 所 | H6: =請求総括表!$R$7 -> 0
A7: 担当者
G8: 会社名 | H8: =請求総括表!$R$9 -> 0
G10: ＴＥＬ | H10: =ASC(請求総括表!$R$11) | L10: ＦＡＸ | N10: =ASC(請求総括表!$R$12)
A12: 受注番号 | B12: 客先 | E12: 住所 | F12: 品名 | H12: 期間 | K12: 数量 | L12: 税率 | M12: 金額(税抜) | P12: 撤去 日 | Q12: 検
B13: 工事先名
A43: 備考 | G43: 税率10% | H43: 小計 | J43: =SUMIFS($M$13:$M$40,$L$13:$L$40,"10%") -> 0 | M43: 消費税
G44: 税率 8% | H44: 小計 | J44: =SUMIFS($M$13:$M$40,$L$13:$L$40,"8%") -> 0 | M44: 消費税
G45: 非課税 | H45: 小計 | J45: =SUMIFS($M$13:$M$40,$L$13:$L$40,"非課税") -> 0
G47: 請求金額（税込） | J47: =SUM($J$43,$O$43,$J$44,$O$44,$J$45) -> 0 | P47: 決裁
M50: =$M$1 -> ■■■■■■■■■■■■■■■
E51: 納品・請求書 | M51: =$M$2 -> 年 月 日
E52: 【レンタル用】 | H52: (サンエイ送付用) | M52: No. | N52: =$N$3 -> 3
A54: 株式会社 | D54: 御中 | G54: 請求者 | H54: 登録番号： | J54: =$J$5 -> 0
A55: =$A$6 -> - 営業所を選択してください。- | G55: 住 所 | H55: =$H$6 -> 0
A56: 担当者 | B56: =$B$7 -> 0
G57: 会社名 | H57: =$H$8 -> 0
G59: ＴＥＬ | H59: =$H$10 | L59: ＦＡＸ | N59: =$N$10
A61: 受注番号 | B61: 客先 | E61: 住所 | F61: 品名 | H61: 期間 | K61: 数量 | L61: 税率 | M61: 金額(税抜) | P61: 撤去 日 | Q61: 検
B62: 工事先名
A63: =$A$14 -> 0 | B63: =$B$14 -> 0 | E63: =$E$14 -> 0 | F63: =$F$14 -> 0 | H63: =$H$14 -> 0 | I63: =$I$14 -> 0 | J63: =$J$14 -> 0 | K63: =$K$14 -> 0 | L63: =$L$14 -> 0 | M63: =$M$14 -> 0 | P63: =$P$14 -> 0
A64: =$A$15 -> 0 | B64: =$B$15 -> 0 | H64: =$H$15 -> 0 | I64: =$I$15 -> 0 | J64: =$J$15 -> 0
A65: =$A$16 -> 0 | B65: =$B$16 -> 0 | E65: =$E$16 -> 0 | F65: =$F$16 -> 0 | H65: =$H$16 -> 0 | I65: =$I$16 -> 0 | J65: =$J$16 -> 0 | K65: =$K$16 -> 0 | L65: =$L$16 -> 0 | M65: =$M$16 -> 0 | P65: =$P$16 -> 0
A66: =$A$17 -> 0 | B66: =$B$17 -> 0 | H66: =$H$17 -> 0 | I66: =$I$17 -> 0 | J66: =$J$17 -> 0
A67: =$A$18 -> 0 | B67: =$B$18 -> 0 | E67: =$E$18 -> 0 | F67: =$F$18 -> 0 | H67: =$H$18 -> 0 | I67: =$I$18 -> 0 | J67: =$J$18 -> 0 | K67: =$K$18 -> 0 | L67: =$L$18 -> 0 | M67: =$M$18 -> 0 | P67: =$P$18 -> 0
A68: =$A$19 -> 0 | B68: =$B$19 -> 0 | H68: =$H$19 -> 0 | I68: =$I$19 -> 0 | J68: =$J$19 -> 0
A69: =$A$20 -> 0 | B69: =$B$20 -> 0 | E69: =$E$20 -> 0 | F69: =$F$20 -> 0 | H69: =$H$20 -> 0 | I69: =$I$20 -> 0 | J69: =$J$20 -> 0 | K69: =$K$20 -> 0 | L69: =$L$20 -> 0 | M69: =$M$20 -> 0 | P69: =$P$20 -> 0
A70: =$A$21 -> 0 | B70: =$B$21 -> 0 | H70: =$H$21 -> 0 | I70: =$I$21 -> 0 | J70: =$J$21 -> 0
A71: =$A$22 -> 0 | B71: =$B$22 -> 0 | E71: =$E$22 -> 0 | F71: =$F$22 -> 0 | H71: =$H$22 -> 0 | I71: =$I$22 -> 0 | J71: =$J$22 -> 0 | K71: =$K$22 -> 0 | L71: =$L$22 -> 0 | M71: =$M$22 -> 0 | P71: =$P$22 -> 0
A72: =$A$23 -> 0 | B72: =$B$23 -> 0 | H72: =$H$23 -> 0 | I72: =$I$23 -> 0 | J72: =$J$23 -> 0
A73: =$A$24 -> 0 | B73: =$B$24 -> 0 | E73: =$E$24 -> 0 | F73: =$F$24 -> 0 | H73: =$H$24 -> 0 | I73: =$I$24 -> 0 | J73: =$J$24 -> 0 | K73: =$K$24 -> 0 | L73: =$L$24 -> 0 | M73: =$M$24 -> 0 | P73: =$P$24 -> 0
A74: =$A$25 -> 0 | B74: =$B$25 -> 0 | H74: =$H$25 -> 0 | I74: =$I$25 -> 0 | J74: =$J$25 -> 0
A75: =$A$26 -> 0 | B75: =$B$26 -> 0 | E75: =$E$26 -> 0 | F75: =$F$26 -> 0 | H75: =$H$26 -> 0 | I75: =$I$26 -> 0 | J75: =$J$26 -> 0 | K75: =$K$26 -> 0 | L75: =$L$26 -> 0 | M75: =$M$26 -> 0 | P75: =$P$26 -> 0
A76: =$A$27 -> 0 | B76: =$B$27 -> 0 | H76: =$H$27 -> 0 | I76: =$I$27 -> 0 | J76: =$J$27 -> 0
A77: =$A$28 -> 0 | B77: =$B$28 -> 0 | E77: =$E$28 -> 0 | F77: =$F$28 -> 0 | H77: =$H$28 -> 0 | I77: =$I$28 -> 0 | J77: =$J$28 -> 0 | K77: =$K$28 -> 0 | L77: =$L$28 -> 0 | M77: =$M$28 -> 0 | P77: =$P$28 -> 0
A78: =$A$29 -> 0 | B78: =$B$29 -> 0 | H78: =$H$29 -> 0 | I78: =$I$29 -> 0 | J78: =$J$29 -> 0
A79: =$A$30 -> 0 | B79: =$B$30 -> 0 | E79: =$E$30 -> 0 | F79: =$F$30 -> 0 | H79: =$H$30 -> 0 | I79: =$I$30 -> 0 | J79: =$J$30 -> 0 | K79: =$K$30 -> 0 | L79: =$L$30 -> 0 | M79: =$M$30 -> 0 | P79: =$P$30 -> 0
A80: =$A$31 -> 0 | B80: =$B$31 -> 0 | H80: =$H$31 -> 0 | I80: =$I$31 -> 0 | J80: =$J$31 -> 0
A81: =$A$32 -> 0 | B81: =$B$32 -> 0 | E81: =$E$32 -> 0 | F81: =$F$32 -> 0 | H81: =$H$32 -> 0 | I81: =$I$32 -> 0 | J81: =$J$32 -> 0 | K81: =$K$32 -> 0 | L81: =$L$32 -> 0 | M81: =$M$32 -> 0 | P81: =$P$32 -> 0
A82: =$A$33 -> 0 | B82: =$B$33 -> 0 | H82: =$H$33 -> 0 | I82: =$I$33 -> 0 | J82: =$J$33 -> 0
A83: =$A$34 -> 0 | B83: =$B$34 -> 0 | E83: =$E$34 -> 0 | F83: =$F$34 -> 0 | H83: =$H$34 -> 0 | I83: =$I$34 -> 0 | J83: =$J$34 -> 0 | K83: =$K$34 -> 0 | L83: =$L$34 -> 0 | M83: =$M$34 -> 0 | P83: =$P$34 -> 0
A84: =$A$35 -> 0 | B84: =$B$35 -> 0 | H84: =$H$35 -> 0 | I84: =$I$35 -> 0 | J84: =$J$35 -> 0
A85: =$A$36 -> 0 | B85: =$B$36 -> 0 | E85: =$E$36 -> 0 | F85: =$F$36 -> 0 | H85: =$H$36 -> 0 | I85: =$I$36 -> 0 | J85: =$J$36 -> 0 | K85: =$K$36 -> 0 | L85: =$L$36 -> 0 | M85: =$M$36 -> 0 | P85: =$P$36 -> 0
A86: =$A$37 -> 0 | B86: =$B$37 -> 0 | H86: =$H$37 -> 0 | I86: =$I$37 -> 0 | J86: =$J$37 -> 0
A87: =$A$38 -> 0 | B87: =$B$38 -> 0 | E87: =$E$38 -> 0 | F87: =$F$38 -> 0 | H87: =$H$38 -> 0 | I87: =$I$38 -> 0 | J87: =$J$38 -> 0 | K87: =$K$38 -> 0 | L87: =$L$38 -> 0 | M87: =$M$38 -> 0 | P87: =$P$38 -> 0
A88: =$A$39 -> 0 | B88: =$B$39 -> 0 | H88: =$H$39 -> 0 | I88: =$I$39 -> 0 | J88: =$J$39 -> 0
A89: =$A$40 -> 0 | B89: =$B$40 -> 0 | E89: =$E$40 -> 0 | F89: =$F$40 -> 0 | H89: =$H$40 -> 0 | I89: =$I$40 -> 0 | J89: =$J$40 -> 0 | K89: =$K$40 -> 0 | L89: =$L$40 -> 0 | M89: =$M$40 -> 0 | P89: =$P$40 -> 0
A90: =$A$41 -> 0 | B90: =$B$41 -> 0 | H90: =$H$41 -> 0 | I90: =$I$41 -> 0 | J90: =$J$41 -> 0
A92: 備考 | B92: =$B$43 -> 0 | G92: 税率10% | H92: 小計 | J92: =$J$43 -> 0 | M92: 消費税 | O92: =$O$43 -> 0
G93: 税率 8% | H93: 小計 | J93: =$J$44 -> 0 | M93: 消費税 | O93: =$O$44 -> 0
G94: 非課税 | H94: 小計 | J94: =$J$45 -> 0
G96: 請求金額（税込） | J96: =$J$47 -> 0 | P96: 決裁
M99: =$M$1 -> ■■■■■■■■■■■■■■■
E100: 納品・請求書 | M100: =$M$2 -> 年 月 日
E101: 【レンタル用】 | H101: (サンエイ送付用) | M101: No. | N101: =$N$3 -> 3
A103: 株式会社 | D103: 御中 | G103: 請求者 | H103: 登録番号： | J103: =$J$5 -> 0
A104: =$A$6 -> - 営業所を選択してください。- | G104: 住 所 | H104: =$H$6 -> 0
A105: 担当者 | B105: =$B$7 -> 0
G106: 会社名 | H106: =$H$8 -> 0
G108: ＴＥＬ | H108: =$H$10 | L108: ＦＡＸ | N108: =$N$10
A110: 受注番号 | B110: 客先 | E110: 住所 | F110: 品名 | H110: 期間 | K110: 数量 | L110: 税率 | M110: 金額(税抜) | P110: 撤去 日 | Q110: 検
B111: 工事先名
A112: =$A$14 -> 0 | B112: =$B$14 -> 0 | E112: =$E$14 -> 0 | F112: =$F$14 -> 0 | H112: =$H$14 -> 0 | I112: =$I$14 -> 0 | J112: =$J$14 -> 0 | K112: =$K$14 -> 0 | L112: =$L$14 -> 0 | M112: =$M$14 -> 0 | P112: =$P$14 -> 0
A113: =$A$15 -> 0 | B113: =$B$15 -> 0 | H113: =$H$15 -> 0 | I113: =$I$15 -> 0 | J113: =$J$15 -> 0
A114: =$A$16 -> 0 | B114: =$B$16 -> 0 | E114: =$E$16 -> 0 | F114: =$F$16 -> 0 | H114: =$H$16 -> 0 | I114: =$I$16 -> 0 | J114: =$J$16 -> 0 | K114: =$K$16 -> 0 | L114: =$L$16 -> 0 | M114: =$M$16 -> 0 | P114: =$P$16 -> 0
A115: =$A$17 -> 0 | B115: =$B$17 -> 0 | H115: =$H$17 -> 0 | I115: =$I$17 -> 0 | J115: =$J$17 -> 0
A116: =$A$18 -> 0 | B116: =$B$18 -> 0 | E116: =$E$18 -> 0 | F116: =$F$18 -> 0 | H116: =$H$18 -> 0 | I116: =$I$18 -> 0 | J116: =$J$18 -> 0 | K116: =$K$18 -> 0 | L116: =$L$18 -> 0 | M116: =$M$18 -> 0 | P116: =$P$18 -> 0
A117: =$A$19 -> 0 | B117: =$B$19 -> 0 | H117: =$H$19 -> 0 | I117: =$I$19 -> 0 | J117: =$J$19 -> 0
A118: =$A$20 -> 0 | B118: =$B$20 -> 0 | E118: =$E$20 -> 0 | F118: =$F$20 -> 0 | H118: =$H$20 -> 0 | I118: =$I$20 -> 0 | J118: =$J$20 -> 0 | K118: =$K$20 -> 0 | L118: =$L$20 -> 0 | M118: =$M$20 -> 0 | P118: =$P$20 -> 0
A119: =$A$21 -> 0 | B119: =$B$21 -> 0 | H119: =$H$21 -> 0 | I119: =$I$21 -> 0 | J119: =$J$21 -> 0
A120: =$A$22 -> 0 | B120: =$B$22 -> 0 | E120: =$E$22 -> 0 | F120: =$F$22 -> 0 | H120: =$H$22 -> 0 | I120: =$I$22 -> 0 | J120: =$J$22 -> 0 | K120: =$K$22 -> 0 | L120: =$L$22 -> 0 | M120: =$M$22 -> 0 | P120: =$P$22 -> 0
A121: =$A$23 -> 0 | B121: =$B$23 -> 0 | H121: =$H$23 -> 0 | I121: =$I$23 -> 0 | J121: =$J$23 -> 0
A122: =$A$24 -> 0 | B122: =$B$24 -> 0 | E122: =$E$24 -> 0 | F122: =$F$24 -> 0 | H122: =$H$24 -> 0 | I122: =$I$24 -> 0 | J122: =$J$24 -> 0 | K122: =$K$24 -> 0 | L122: =$L$24 -> 0 | M122: =$M$24 -> 0 | P122: =$P$24 -> 0
A123: =$A$25 -> 0 | B123: =$B$25 -> 0 | H123: =$H$25 -> 0 | I123: =$I$25 -> 0 | J123: =$J$25 -> 0
A124: =$A$26 -> 0 | B124: =$B$26 -> 0 | E124: =$E$26 -> 0 | F124: =$F$26 -> 0 | H124: =$H$26 -> 0 | I124: =$I$26 -> 0 | J124: =$J$26 -> 0 | K124: =$K$26 -> 0 | L124: =$L$26 -> 0 | M124: =$M$26 -> 0 | P124: =$P$26 -> 0
A125: =$A$27 -> 0 | B125: =$B$27 -> 0 | H125: =$H$27 -> 0 | I125: =$I$27 -> 0 | J125: =$J$27 -> 0
A126: =$A$28 -> 0 | B126: =$B$28 -> 0 | E126: =$E$28 -> 0 | F126: =$F$28 -> 0 | H126: =$H$28 -> 0 | I126: =$I$28 -> 0 | J126: =$J$28 -> 0 | K126: =$K$28 -> 0 | L126: =$L$28 -> 0 | M126: =$M$28 -> 0 | P126: =$P$28 -> 0
A127: =$A$29 -> 0 | B127: =$B$29 -> 0 | H127: =$H$29 -> 0 | I127: =$I$29 -> 0 | J127: =$J$29 -> 0
A128: =$A$30 -> 0 | B128: =$B$30 -> 0 | E128: =$E$30 -> 0 | F128: =$F$30 -> 0 | H128: =$H$30 -> 0 | I128: =$I$30 -> 0 | J128: =$J$30 -> 0 | K128: =$K$30 -> 0 | L128: =$L$30 -> 0 | M128: =$M$30 -> 0 | P128: =$P$30 -> 0
A129: =$A$31 -> 0 | B129: =$B$31 -> 0 | H129: =$H$31 -> 0 | I129: =$I$31 -> 0 | J129: =$J$31 -> 0
A130: =$A$32 -> 0 | B130: =$B$32 -> 0 | E130: =$E$32 -> 0 | F130: =$F$32 -> 0 | H130: =$H$32 -> 0 | I130: =$I$32 -> 0 | J130: =$J$32 -> 0 | K130: =$K$32 -> 0 | L130: =$L$32 -> 0 | M130: =$M$32 -> 0 | P130: =$P$32 -> 0
A131: =$A$33 -> 0 | B131: =$B$33 -> 0 | H131: =$H$33 -> 0 | I131: =$I$33 -> 0 | J131: =$J$33 -> 0
A132: =$A$34 -> 0 | B132: =$B$34 -> 0 | E132: =$E$34 -> 0 | F132: =$F$34 -> 0 | H132: =$H$34 -> 0 | I132: =$I$34 -> 0 | J132: =$J$34 -> 0 | K132: =$K$34 -> 0 | L132: =$L$34 -> 0 | M132: =$M$34 -> 0 | P132: =$P$34 -> 0
A133: =$A$35 -> 0 | B133: =$B$35 -> 0 | H133: =$H$35 -> 0 | I133: =$I$35 -> 0 | J133: =$J$35 -> 0
A134: =$A$36 -> 0 | B134: =$B$36 -> 0 | E134: =$E$36 -> 0 | F134: =$F$36 -> 0 | H134: =$H$36 -> 0 | I134: =$I$36 -> 0 | J134: =$J$36 -> 0 | K134: =$K$36 -> 0 | L134: =$L$36 -> 0 | M134: =$M$36 -> 0 | P134: =$P$36 -> 0
A135: =$A$37 -> 0 | B135: =$B$37 -> 0 | H135: =$H$37 -> 0 | I135: =$I$37 -> 0 | J135: =$J$37 -> 0
A136: =$A$38 -> 0 | B136: =$B$38 -> 0 | E136: =$E$38 -> 0 | F136: =$F$38 -> 0 | H136: =$H$38 -> 0 | I136: =$I$38 -> 0 | J136: =$J$38 -> 0 | K136: =$K$38 -> 0 | L136: =$L$38 -> 0 | M136: =$M$38 -> 0 | P136: =$P$38 -> 0
A137: =$A$39 -> 0 | B137: =$B$39 -> 0 | H137: =$H$39 -> 0 | I137: =$I$39 -> 0 | J137: =$J$39 -> 0
A138: =$A$40 -> 0 | B138: =$B$40 -> 0 | E138: =$E$40 -> 0 | F138: =$F$40 -> 0 | H138: =$H$40 -> 0 | I138: =$I$40 -> 0 | J138: =$J$40 -> 0 | K138: =$K$40 -> 0 | L138: =$L$40 -> 0 | M138: =$M$40 -> 0 | P138: =$P$40 -> 0
A139: =$A$41 -> 0 | B139: =$B$41 -> 0 | H139: =$H$41 -> 0 | I139: =$I$41 -> 0 | J139: =$J$41 -> 0
A141: 備考 | B141: =$B$43 -> 0 | G141: 税率10% | H141: 小計 | J141: =$J$43 -> 0 | M141: 消費税 | O141: =$O$43 -> 0
G142: 税率 8% | H142: 小計 | J142: =$J$44 -> 0 | M142: 消費税 | O142: =$O$44 -> 0
G143: 非課税 | H143: 小計 | J143: =$J$45 -> 0
G145: 請求金額（税込） | J145: =$J$47 -> 0 | P145: 決裁

Sheet 納品・請求書_4
M1: =請求総括表!$U$1 -> ■■■■■■■■■■■■■■■
E2: 納品・請求書 | M2: =請求総括表!$U$2 -> 年 月 日
E3: 【レンタル用】 | H3: (請求者控) | M3: No. | N3: 4
A5: 株式会社 | D5: 御中 | G5: 請求者 | H5: 登録番号： | J5: =請求総括表!$U$6 -> 0
A6: - 営業所を選択してください。- | G6: 住 所 | H6: =請求総括表!$R$7 -> 0
A7: 担当者
G8: 会社名 | H8: =請求総括表!$R$9 -> 0
G10: ＴＥＬ | H10: =ASC(請求総括表!$R$11) | L10: ＦＡＸ | N10: =ASC(請求総括表!$R$12)
A12: 受注番号 | B12: 客先 | E12: 住所 | F12: 品名 | H12: 期間 | K12: 数量 | L12: 税率 | M12: 金額(税抜) | P12: 撤去 日 | Q12: 検
B13: 工事先名
A43: 備考 | G43: 税率10% | H43: 小計 | J43: =SUMIFS($M$13:$M$40,$L$13:$L$40,"10%") -> 0 | M43: 消費税
G44: 税率 8% | H44: 小計 | J44: =SUMIFS($M$13:$M$40,$L$13:$L$40,"8%") -> 0 | M44: 消費税
G45: 非課税 | H45: 小計 | J45: =SUMIFS($M$13:$M$40,$L$13:$L$40,"非課税") -> 0
G47: 請求金額（税込） | J47: =SUM($J$43,$O$43,$J$44,$O$44,$J$45) -> 0 | P47: 決裁
M50: =$M$1 -> ■■■■■■■■■■■■■■■
E51: 納品・請求書 | M51: =$M$2 -> 年 月 日
E52: 【レンタル用】 | H52: (サンエイ送付用) | M52: No. | N52: =$N$3 -> 4
A54: 株式会社 | D54: 御中 | G54: 請求者 | H54: 登録番号： | J54: =$J$5 -> 0
A55: =$A$6 -> - 営業所を選択してください。- | G55: 住 所 | H55: =$H$6 -> 0
A56: 担当者 | B56: =$B$7 -> 0
G57: 会社名 | H57: =$H$8 -> 0
G59: ＴＥＬ | H59: =$H$10 | L59: ＦＡＸ | N59: =$N$10
A61: 受注番号 | B61: 客先 | E61: 住所 | F61: 品名 | H61: 期間 | K61: 数量 | L61: 税率 | M61: 金額(税抜) | P61: 撤去 日 | Q61: 検
B62: 工事先名
A63: =$A$14 -> 0 | B63: =$B$14 -> 0 | E63: =$E$14 -> 0 | F63: =$F$14 -> 0 | H63: =$H$14 -> 0 | I63: =$I$14 -> 0 | J63: =$J$14 -> 0 | K63: =$K$14 -> 0 | L63: =$L$14 -> 0 | M63: =$M$14 -> 0 | P63: =$P$14 -> 0
A64: =$A$15 -> 0 | B64: =$B$15 -> 0 | H64: =$H$15 -> 0 | I64: =$I$15 -> 0 | J64: =$J$15 -> 0
A65: =$A$16 -> 0 | B65: =$B$16 -> 0 | E65: =$E$16 -> 0 | F65: =$F$16 -> 0 | H65: =$H$16 -> 0 | I65: =$I$16 -> 0 | J65: =$J$16 -> 0 | K65: =$K$16 -> 0 | L65: =$L$16 -> 0 | M65: =$M$16 -> 0 | P65: =$P$16 -> 0
A66: =$A$17 -> 0 | B66: =$B$17 -> 0 | H66: =$H$17 -> 0 | I66: =$I$17 -> 0 | J66: =$J$17 -> 0
A67: =$A$18 -> 0 | B67: =$B$18 -> 0 | E67: =$E$18 -> 0 | F67: =$F$18 -> 0 | H67: =$H$18 -> 0 | I67: =$I$18 -> 0 | J67: =$J$18 -> 0 | K67: =$K$18 -> 0 | L67: =$L$18 -> 0 | M67: =$M$18 -> 0 | P67: =$P$18 -> 0
A68: =$A$19 -> 0 | B68: =$B$19 -> 0 | H68: =$H$19 -> 0 | I68: =$I$19 -> 0 | J68: =$J$19 -> 0
A69: =$A$20 -> 0 | B69: =$B$20 -> 0 | E69: =$E$20 -> 0 | F69: =$F$20 -> 0 | H69: =$H$20 -> 0 | I69: =$I$20 -> 0 | J69: =$J$20 -> 0 | K69: =$K$20 -> 0 | L69: =$L$20 -> 0 | M69: =$M$20 -> 0 | P69: =$P$20 -> 0
A70: =$A$21 -> 0 | B70: =$B$21 -> 0 | H70: =$H$21 -> 0 | I70: =$I$21 -> 0 | J70: =$J$21 -> 0
A71: =$A$22 -> 0 | B71: =$B$22 -> 0 | E71: =$E$22 -> 0 | F71: =$F$22 -> 0 | H71: =$H$22 -> 0 | I71: =$I$22 -> 0 | J71: =$J$22 -> 0 | K71: =$K$22 -> 0 | L71: =$L$22 -> 0 | M71: =$M$22 -> 0 | P71: =$P$22 -> 0
A72: =$A$23 -> 0 | B72: =$B$23 -> 0 | H72: =$H$23 -> 0 | I72: =$I$23 -> 0 | J72: =$J$23 -> 0
A73: =$A$24 -> 0 | B73: =$B$24 -> 0 | E73: =$E$24 -> 0 | F73: =$F$24 -> 0 | H73: =$H$24 -> 0 | I73: =$I$24 -> 0 | J73: =$J$24 -> 0 | K73: =$K$24 -> 0 | L73: =$L$24 -> 0 | M73: =$M$24 -> 0 | P73: =$P$24 -> 0
A74: =$A$25 -> 0 | B74: =$B$25 -> 0 | H74: =$H$25 -> 0 | I74: =$I$25 -> 0 | J74: =$J$25 -> 0
A75: =$A$26 -> 0 | B75: =$B$26 -> 0 | E75: =$E$26 -> 0 | F75: =$F$26 -> 0 | H75: =$H$26 -> 0 | I75: =$I$26 -> 0 | J75: =$J$26 -> 0 | K75: =$K$26 -> 0 | L75: =$L$26 -> 0 | M75: =$M$26 -> 0 | P75: =$P$26 -> 0
A76: =$A$27 -> 0 | B76: =$B$27 -> 0 | H76: =$H$27 -> 0 | I76: =$I$27 -> 0 | J76: =$J$27 -> 0
A77: =$A$28 -> 0 | B77: =$B$28 -> 0 | E77: =$E$28 -> 0 | F77: =$F$28 -> 0 | H77: =$H$28 -> 0 | I77: =$I$28 -> 0 | J77: =$J$28 -> 0 | K77: =$K$28 -> 0 | L77: =$L$28 -> 0 | M77: =$M$28 -> 0 | P77: =$P$28 -> 0
A78: =$A$29 -> 0 | B78: =$B$29 -> 0 | H78: =$H$29 -> 0 | I78: =$I$29 -> 0 | J78: =$J$29 -> 0
A79: =$A$30 -> 0 | B79: =$B$30 -> 0 | E79: =$E$30 -> 0 | F79: =$F$30 -> 0 | H79: =$H$30 -> 0 | I79: =$I$30 -> 0 | J79: =$J$30 -> 0 | K79: =$K$30 -> 0 | L79: =$L$30 -> 0 | M79: =$M$30 -> 0 | P79: =$P$30 -> 0
A80: =$A$31 -> 0 | B80: =$B$31 -> 0 | H80: =$H$31 -> 0 | I80: =$I$31 -> 0 | J80: =$J$31 -> 0
A81: =$A$32 -> 0 | B81: =$B$32 -> 0 | E81: =$E$32 -> 0 | F81: =$F$32 -> 0 | H81: =$H$32 -> 0 | I81: =$I$32 -> 0 | J81: =$J$32 -> 0 | K81: =$K$32 -> 0 | L81: =$L$32 -> 0 | M81: =$M$32 -> 0 | P81: =$P$32 -> 0
A82: =$A$33 -> 0 | B82: =$B$33 -> 0 | H82: =$H$33 -> 0 | I82: =$I$33 -> 0 | J82: =$J$33 -> 0
A83: =$A$34 -> 0 | B83: =$B$34 -> 0 | E83: =$E$34 -> 0 | F83: =$F$34 -> 0 | H83: =$H$34 -> 0 | I83: =$I$34 -> 0 | J83: =$J$34 -> 0 | K83: =$K$34 -> 0 | L83: =$L$34 -> 0 | M83: =$M$34 -> 0 | P83: =$P$34 -> 0
A84: =$A$35 -> 0 | B84: =$B$35 -> 0 | H84: =$H$35 -> 0 | I84: =$I$35 -> 0 | J84: =$J$35 -> 0
A85: =$A$36 -> 0 | B85: =$B$36 -> 0 | E85: =$E$36 -> 0 | F85: =$F$36 -> 0 | H85: =$H$36 -> 0 | I85: =$I$36 -> 0 | J85: =$J$36 -> 0 | K85: =$K$36 -> 0 | L85: =$L$36 -> 0 | M85: =$M$36 -> 0 | P85: =$P$36 -> 0
A86: =$A$37 -> 0 | B86: =$B$37 -> 0 | H86: =$H$37 -> 0 | I86: =$I$37 -> 0 | J86: =$J$37 -> 0
A87: =$A$38 -> 0 | B87: =$B$38 -> 0 | E87: =$E$38 -> 0 | F87: =$F$38 -> 0 | H87: =$H$38 -> 0 | I87: =$I$38 -> 0 | J87: =$J$38 -> 0 | K87: =$K$38 -> 0 | L87: =$L$38 -> 0 | M87: =$M$38 -> 0 | P87: =$P$38 -> 0
A88: =$A$39 -> 0 | B88: =$B$39 -> 0 | H88: =$H$39 -> 0 | I88: =$I$39 -> 0 | J88: =$J$39 -> 0
A89: =$A$40 -> 0 | B89: =$B$40 -> 0 | E89: =$E$40 -> 0 | F89: =$F$40 -> 0 | H89: =$H$40 -> 0 | I89: =$I$40 -> 0 | J89: =$J$40 -> 0 | K89: =$K$40 -> 0 | L89: =$L$40 -> 0 | M89: =$M$40 -> 0 | P89: =$P$40 -> 0
A90: =$A$41 -> 0 | B90: =$B$41 -> 0 | H90: =$H$41 -> 0 | I90: =$I$41 -> 0 | J90: =$J$41 -> 0
A92: 備考 | B92: =$B$43 -> 0 | G92: 税率10% | H92: 小計 | J92: =$J$43 -> 0 | M92: 消費税 | O92: =$O$43 -> 0
G93: 税率 8% | H93: 小計 | J93: =$J$44 -> 0 | M93: 消費税 | O93: =$O$44 -> 0
G94: 非課税 | H94: 小計 | J94: =$J$45 -> 0
G96: 請求金額（税込） | J96: =$J$47 -> 0 | P96: 決裁
M99: =$M$1 -> ■■■■■■■■■■■■■■■
E100: 納品・請求書 | M100: =$M$2 -> 年 月 日
E101: 【レンタル用】 | H101: (サンエイ送付用) | M101: No. | N101: =$N$3 -> 4
A103: 株式会社 | D103: 御中 | G103: 請求者 | H103: 登録番号： | J103: =$J$5 -> 0
A104: =$A$6 -> - 営業所を選択してください。- | G104: 住 所 | H104: =$H$6 -> 0
A105: 担当者 | B105: =$B$7 -> 0
G106: 会社名 | H106: =$H$8 -> 0
G108: ＴＥＬ | H108: =$H$10 | L108: ＦＡＸ | N108: =$N$10
A110: 受注番号 | B110: 客先 | E110: 住所 | F110: 品名 | H110: 期間 | K110: 数量 | L110: 税率 | M110: 金額(税抜) | P110: 撤去 日 | Q110: 検
B111: 工事先名
A112: =$A$14 -> 0 | B112: =$B$14 -> 0 | E112: =$E$14 -> 0 | F112: =$F$14 -> 0 | H112: =$H$14 -> 0 | I112: =$I$14 -> 0 | J112: =$J$14 -> 0 | K112: =$K$14 -> 0 | L112: =$L$14 -> 0 | M112: =$M$14 -> 0 | P112: =$P$14 -> 0
A113: =$A$15 -> 0 | B113: =$B$15 -> 0 | H113: =$H$15 -> 0 | I113: =$I$15 -> 0 | J113: =$J$15 -> 0
A114: =$A$16 -> 0 | B114: =$B$16 -> 0 | E114: =$E$16 -> 0 | F114: =$F$16 -> 0 | H114: =$H$16 -> 0 | I114: =$I$16 -> 0 | J114: =$J$16 -> 0 | K114: =$K$16 -> 0 | L114: =$L$16 -> 0 | M114: =$M$16 -> 0 | P114: =$P$16 -> 0
A115: =$A$17 -> 0 | B115: =$B$17 -> 0 | H115: =$H$17 -> 0 | I115: =$I$17 -> 0 | J115: =$J$17 -> 0
A116: =$A$18 -> 0 | B116: =$B$18 -> 0 | E116: =$E$18 -> 0 | F116: =$F$18 -> 0 | H116: =$H$18 -> 0 | I116: =$I$18 -> 0 | J116: =$J$18 -> 0 | K116: =$K$18 -> 0 | L116: =$L$18 -> 0 | M116: =$M$18 -> 0 | P116: =$P$18 -> 0
A117: =$A$19 -> 0 | B117: =$B$19 -> 0 | H117: =$H$19 -> 0 | I117: =$I$19 -> 0 | J117: =$J$19 -> 0
A118: =$A$20 -> 0 | B118: =$B$20 -> 0 | E118: =$E$20 -> 0 | F118: =$F$20 -> 0 | H118: =$H$20 -> 0 | I118: =$I$20 -> 0 | J118: =$J$20 -> 0 | K118: =$K$20 -> 0 | L118: =$L$20 -> 0 | M118: =$M$20 -> 0 | P118: =$P$20 -> 0
A119: =$A$21 -> 0 | B119: =$B$21 -> 0 | H119: =$H$21 -> 0 | I119: =$I$21 -> 0 | J119: =$J$21 -> 0
A120: =$A$22 -> 0 | B120: =$B$22 -> 0 | E120: =$E$22 -> 0 | F120: =$F$22 -> 0 | H120: =$H$22 -> 0 | I120: =$I$22 -> 0 | J120: =$J$22 -> 0 | K120: =$K$22 -> 0 | L120: =$L$22 -> 0 | M120: =$M$22 -> 0 | P120: =$P$22 -> 0
A121: =$A$23 -> 0 | B121: =$B$23 -> 0 | H121: =$H$23 -> 0 | I121: =$I$23 -> 0 | J121: =$J$23 -> 0
A122: =$A$24 -> 0 | B122: =$B$24 -> 0 | E122: =$E$24 -> 0 | F122: =$F$24 -> 0 | H122: =$H$24 -> 0 | I122: =$I$24 -> 0 | J122: =$J$24 -> 0 | K122: =$K$24 -> 0 | L122: =$L$24 -> 0 | M122: =$M$24 -> 0 | P122: =$P$24 -> 0
A123: =$A$25 -> 0 | B123: =$B$25 -> 0 | H123: =$H$25 -> 0 | I123: =$I$25 -> 0 | J123: =$J$25 -> 0
A124: =$A$26 -> 0 | B124: =$B$26 -> 0 | E124: =$E$26 -> 0 | F124: =$F$26 -> 0 | H124: =$H$26 -> 0 | I124: =$I$26 -> 0 | J124: =$J$26 -> 0 | K124: =$K$26 -> 0 | L124: =$L$26 -> 0 | M124: =$M$26 -> 0 | P124: =$P$26 -> 0
A125: =$A$27 -> 0 | B125: =$B$27 -> 0 | H125: =$H$27 -> 0 | I125: =$I$27 -> 0 | J125: =$J$27 -> 0
A126: =$A$28 -> 0 | B126: =$B$28 -> 0 | E126: =$E$28 -> 0 | F126: =$F$28 -> 0 | H126: =$H$28 -> 0 | I126: =$I$28 -> 0 | J126: =$J$28 -> 0 | K126: =$K$28 -> 0 | L126: =$L$28 -> 0 | M126: =$M$28 -> 0 | P126: =$P$28 -> 0
A127: =$A$29 -> 0 | B127: =$B$29 -> 0 | H127: =$H$29 -> 0 | I127: =$I$29 -> 0 | J127: =$J$29 -> 0
A128: =$A$30 -> 0 | B128: =$B$30 -> 0 | E128: =$E$30 -> 0 | F128: =$F$30 -> 0 | H128: =$H$30 -> 0 | I128: =$I$30 -> 0 | J128: =$J$30 -> 0 | K128: =$K$30 -> 0 | L128: =$L$30 -> 0 | M128: =$M$30 -> 0 | P128: =$P$30 -> 0
A129: =$A$31 -> 0 | B129: =$B$31 -> 0 | H129: =$H$31 -> 0 | I129: =$I$31 -> 0 | J129: =$J$31 -> 0
A130: =$A$32 -> 0 | B130: =$B$32 -> 0 | E130: =$E$32 -> 0 | F130: =$F$32 -> 0 | H130: =$H$32 -> 0 | I130: =$I$32 -> 0 | J130: =$J$32 -> 0 | K130: =$K$32 -> 0 | L130: =$L$32 -> 0 | M130: =$M$32 -> 0 | P130: =$P$32 -> 0
A131: =$A$33 -> 0 | B131: =$B$33 -> 0 | H131: =$H$33 -> 0 | I131: =$I$33 -> 0 | J131: =$J$33 -> 0
A132: =$A$34 -> 0 | B132: =$B$34 -> 0 | E132: =$E$34 -> 0 | F132: =$F$34 -> 0 | H132: =$H$34 -> 0 | I132: =$I$34 -> 0 | J132: =$J$34 -> 0 | K132: =$K$34 -> 0 | L132: =$L$34 -> 0 | M132: =$M$34 -> 0 | P132: =$P$34 -> 0
A133: =$A$35 -> 0 | B133: =$B$35 -> 0 | H133: =$H$35 -> 0 | I133: =$I$35 -> 0 | J133: =$J$35 -> 0
A134: =$A$36 -> 0 | B134: =$B$36 -> 0 | E134: =$E$36 -> 0 | F134: =$F$36 -> 0 | H134: =$H$36 -> 0 | I134: =$I$36 -> 0 | J134: =$J$36 -> 0 | K134: =$K$36 -> 0 | L134: =$L$36 -> 0 | M134: =$M$36 -> 0 | P134: =$P$36 -> 0
A135: =$A$37 -> 0 | B135: =$B$37 -> 0 | H135: =$H$37 -> 0 | I135: =$I$37 -> 0 | J135: =$J$37 -> 0
A136: =$A$38 -> 0 | B136: =$B$38 -> 0 | E136: =$E$38 -> 0 | F136: =$F$38 -> 0 | H136: =$H$38 -> 0 | I136: =$I$38 -> 0 | J136: =$J$38 -> 0 | K136: =$K$38 -> 0 | L136: =$L$38 -> 0 | M136: =$M$38 -> 0 | P136: =$P$38 -> 0
A137: =$A$39 -> 0 | B137: =$B$39 -> 0 | H137: =$H$39 -> 0 | I137: =$I$39 -> 0 | J137: =$J$39 -> 0
A138: =$A$40 -> 0 | B138: =$B$40 -> 0 | E138: =$E$40 -> 0 | F138: =$F$40 -> 0 | H138: =$H$40 -> 0 | I138: =$I$40 -> 0 | J138: =$J$40 -> 0 | K138: =$K$40 -> 0 | L138: =$L$40 -> 0 | M138: =$M$40 -> 0 | P138: =$P$40 -> 0
A139: =$A$41 -> 0 | B139: =$B$41 -> 0 | H139: =$H$41 -> 0 | I139: =$I$41 -> 0 | J139: =$J$41 -> 0
A141: 備考 | B141: =$B$43 -> 0 | G141: 税率10% | H141: 小計 | J141: =$J$43 -> 0 | M141: 消費税 | O141: =$O$43 -> 0
G142: 税率 8% | H142: 小計 | J142: =$J$44 -> 0 | M142: 消費税 | O142: =$O$44 -> 0
G143: 非課税 | H143: 小計 | J143: =$J$45 -> 0
G145: 請求金額（税込） | J145: =$J$47 -> 0 | P145: 決裁

Sheet 納品・請求書_5
M1: =請求総括表!$U$1 -> ■■■■■■■■■■■■■■■
E2: 納品・請求書 | M2: =請求総括表!$U$2 -> 年 月 日
E3: 【レンタル用】 | H3: (請求者控) | M3: No. | N3: 5
A5: 株式会社 | D5: 御中 | G5: 請求者 | H5: 登録番号： | J5: =請求総括表!$U$6 -> 0
A6: - 営業所を選択してください。- | G6: 住 所 | H6: =請求総括表!$R$7 -> 0
A7: 担当者
G8: 会社名 | H8: =請求総括表!$R$9 -> 0
G10: ＴＥＬ | H10: =ASC(請求総括表!$R$11) | L10: ＦＡＸ | N10: =ASC(請求総括表!$R$12)
A12: 受注番号 | B12: 客先 | E12: 住所 | F12: 品名 | H12: 期間 | K12: 数量 | L12: 税率 | M12: 金額(税抜) | P12: 撤去 日 | Q12: 検
B13: 工事先名
A43: 備考 | G43: 税率10% | H43: 小計 | J43: =SUMIFS($M$13:$M$40,$L$13:$L$40,"10%") -> 0 | M43: 消費税
G44: 税率 8% | H44: 小計 | J44: =SUMIFS($M$13:$M$40,$L$13:$L$40,"8%") -> 0 | M44: 消費税
G45: 非課税 | H45: 小計 | J45: =SUMIFS($M$13:$M$40,$L$13:$L$40,"非課税") -> 0
G47: 請求金額（税込） | J47: =SUM($J$43,$O$43,$J$44,$O$44,$J$45) -> 0 | P47: 決裁
M50: =$M$1 -> ■■■■■■■■■■■■■■■
E51: 納品・請求書 | M51: =$M$2 -> 年 月 日
E52: 【レンタル用】 | H52: (サンエイ送付用) | M52: No. | N52: =$N$3 -> 5
A54: 株式会社 | D54: 御中 | G54: 請求者 | H54: 登録番号： | J54: =$J$5 -> 0
A55: =$A$6 -> - 営業所を選択してください。- | G55: 住 所 | H55: =$H$6 -> 0
A56: 担当者 | B56: =$B$7 -> 0
G57: 会社名 | H57: =$H$8 -> 0
G59: ＴＥＬ | H59: =$H$10 | L59: ＦＡＸ | N59: =$N$10
A61: 受注番号 | B61: 客先 | E61: 住所 | F61: 品名 | H61: 期間 | K61: 数量 | L61: 税率 | M61: 金額(税抜) | P61: 撤去 日 | Q61: 検
B62: 工事先名
A63: =$A$14 -> 0 | B63: =$B$14 -> 0 | E63: =$E$14 -> 0 | F63: =$F$14 -> 0 | H63: =$H$14 -> 0 | I63: =$I$14 -> 0 | J63: =$J$14 -> 0 | K63: =$K$14 -> 0 | L63: =$L$14 -> 0 | M63: =$M$14 -> 0 | P63: =$P$14 -> 0
A64: =$A$15 -> 0 | B64: =$B$15 -> 0 | H64: =$H$15 -> 0 | I64: =$I$15 -> 0 | J64: =$J$15 -> 0
A65: =$A$16 -> 0 | B65: =$B$16 -> 0 | E65: =$E$16 -> 0 | F65: =$F$16 -> 0 | H65: =$H$16 -> 0 | I65: =$I$16 -> 0 | J65: =$J$16 -> 0 | K65: =$K$16 -> 0 | L65: =$L$16 -> 0 | M65: =$M$16 -> 0 | P65: =$P$16 -> 0
A66: =$A$17 -> 0 | B66: =$B$17 -> 0 | H66: =$H$17 -> 0 | I66: =$I$17 -> 0 | J66: =$J$17 -> 0
A67: =$A$18 -> 0 | B67: =$B$18 -> 0 | E67: =$E$18 -> 0 | F67: =$F$18 -> 0 | H67: =$H$18 -> 0 | I67: =$I$18 -> 0 | J67: =$J$18 -> 0 | K67: =$K$18 -> 0 | L67: =$L$18 -> 0 | M67: =$M$18 -> 0 | P67: =$P$18 -> 0
A68: =$A$19 -> 0 | B68: =$B$19 -> 0 | H68: =$H$19 -> 0 | I68: =$I$19 -> 0 | J68: =$J$19 -> 0
A69: =$A$20 -> 0 | B69: =$B$20 -> 0 | E69: =$E$20 -> 0 | F69: =$F$20 -> 0 | H69: =$H$20 -> 0 | I69: =$I$20 -> 0 | J69: =$J$20 -> 0 | K69: =$K$20 -> 0 | L69: =$L$20 -> 0 | M69: =$M$20 -> 0 | P69: =$P$20 -> 0
A70: =$A$21 -> 0 | B70: =$B$21 -> 0 | H70: =$H$21 -> 0 | I70: =$I$21 -> 0 | J70: =$J$21 -> 0
A71: =$A$22 -> 0 | B71: =$B$22 -> 0 | E71: =$E$22 -> 0 | F71: =$F$22 -> 0 | H71: =$H$22 -> 0 | I71: =$I$22 -> 0 | J71: =$J$22 -> 0 | K71: =$K$22 -> 0 | L71: =$L$22 -> 0 | M71: =$M$22 -> 0 | P71: =$P$22 -> 0
A72: =$A$23 -> 0 | B72: =$B$23 -> 0 | H72: =$H$23 -> 0 | I72: =$I$23 -> 0 | J72: =$J$23 -> 0
A73: =$A$24 -> 0 | B73: =$B$24 -> 0 | E73: =$E$24 -> 0 | F73: =$F$24 -> 0 | H73: =$H$24 -> 0 | I73: =$I$24 -> 0 | J73: =$J$24 -> 0 | K73: =$K$24 -> 0 | L73: =$L$24 -> 0 | M73: =$M$24 -> 0 | P73: =$P$24 -> 0
A74: =$A$25 -> 0 | B74: =$B$25 -> 0 | H74: =$H$25 -> 0 | I74: =$I$25 -> 0 | J74: =$J$25 -> 0
A75: =$A$26 -> 0 | B75: =$B$26 -> 0 | E75: =$E$26 -> 0 | F75: =$F$26 -> 0 | H75: =$H$26 -> 0 | I75: =$I$26 -> 0 | J75: =$J$26 -> 0 | K75: =$K$26 -> 0 | L75: =$L$26 -> 0 | M75: =$M$26 -> 0 | P75: =$P$26 -> 0
A76: =$A$27 -> 0 | B76: =$B$27 -> 0 | H76: =$H$27 -> 0 | I76: =$I$27 -> 0 | J76: =$J$27 -> 0
A77: =$A$28 -> 0 | B77: =$B$28 -> 0 | E77: =$E$28 -> 0 | F77: =$F$28 -> 0 | H77: =$H$28 -> 0 | I77: =$I$28 -> 0 | J77: =$J$28 -> 0 | K77: =$K$28 -> 0 | L77: =$L$28 -> 0 | M77: =$M$28 -> 0 | P77: =$P$28 -> 0
A78: =$A$29 -> 0 | B78: =$B$29 -> 0 | H78: =$H$29 -> 0 | I78: =$I$29 -> 0 | J78: =$J$29 -> 0
A79: =$A$30 -> 0 | B79: =$B$30 -> 0 | E79: =$E$30 -> 0 | F79: =$F$30 -> 0 | H79: =$H$30 -> 0 | I79: =$I$30 -> 0 | J79: =$J$30 -> 0 | K79: =$K$30 -> 0 | L79: =$L$30 -> 0 | M79: =$M$30 -> 0 | P79: =$P$30 -> 0
A80: =$A$31 -> 0 | B80: =$B$31 -> 0 | H80: =$H$31 -> 0 | I80: =$I$31 -> 0 | J80: =$J$31 -> 0
A81: =$A$32 -> 0 | B81: =$B$32 -> 0 | E81: =$E$32 -> 0 | F81: =$F$32 -> 0 | H81: =$H$32 -> 0 | I81: =$I$32 -> 0 | J81: =$J$32 -> 0 | K81: =$K$32 -> 0 | L81: =$L$32 -> 0 | M81: =$M$32 -> 0 | P81: =$P$32 -> 0
A82: =$A$33 -> 0 | B82: =$B$33 -> 0 | H82: =$H$33 -> 0 | I82: =$I$33 -> 0 | J82: =$J$33 -> 0
A83: =$A$34 -> 0 | B83: =$B$34 -> 0 | E83: =$E$34 -> 0 | F83: =$F$34 -> 0 | H83: =$H$34 -> 0 | I83: =$I$34 -> 0 | J83: =$J$34 -> 0 | K83: =$K$34 -> 0 | L83: =$L$34 -> 0 | M83: =$M$34 -> 0 | P83: =$P$34 -> 0
A84: =$A$35 -> 0 | B84: =$B$35 -> 0 | H84: =$H$35 -> 0 | I84: =$I$35 -> 0 | J84: =$J$35 -> 0
A85: =$A$36 -> 0 | B85: =$B$36 -> 0 | E85: =$E$36 -> 0 | F85: =$F$36 -> 0 | H85: =$H$36 -> 0 | I85: =$I$36 -> 0 | J85: =$J$36 -> 0 | K85: =$K$36 -> 0 | L85: =$L$36 -> 0 | M85: =$M$36 -> 0 | P85: =$P$36 -> 0
A86: =$A$37 -> 0 | B86: =$B$37 -> 0 | H86: =$H$37 -> 0 | I86: =$I$37 -> 0 | J86: =$J$37 -> 0
A87: =$A$38 -> 0 | B87: =$B$38 -> 0 | E87: =$E$38 -> 0 | F87: =$F$38 -> 0 | H87: =$H$38 -> 0 | I87: =$I$38 -> 0 | J87: =$J$38 -> 0 | K87: =$K$38 -> 0 | L87: =$L$38 -> 0 | M87: =$M$38 -> 0 | P87: =$P$38 -> 0
A88: =$A$39 -> 0 | B88: =$B$39 -> 0 | H88: =$H$39 -> 0 | I88: =$I$39 -> 0 | J88: =$J$39 -> 0
A89: =$A$40 -> 0 | B89: =$B$40 -> 0 | E89: =$E$40 -> 0 | F89: =$F$40 -> 0 | H89: =$H$40 -> 0 | I89: =$I$40 -> 0 | J89: =$J$40 -> 0 | K89: =$K$40 -> 0 | L89: =$L$40 -> 0 | M89: =$M$40 -> 0 | P89: =$P$40 -> 0
A90: =$A$41 -> 0 | B90: =$B$41 -> 0 | H90: =$H$41 -> 0 | I90: =$I$41 -> 0 | J90: =$J$41 -> 0
A92: 備考 | B92: =$B$43 -> 0 | G92: 税率10% | H92: 小計 | J92: =$J$43 -> 0 | M92: 消費税 | O92: =$O$43 -> 0
G93: 税率 8% | H93: 小計 | J93: =$J$44 -> 0 | M93: 消費税 | O93: =$O$44 -> 0
G94: 非課税 | H94: 小計 | J94: =$J$45 -> 0
G96: 請求金額（税込） | J96: =$J$47 -> 0 | P96: 決裁
M99: =$M$1 -> ■■■■■■■■■■■■■■■
E100: 納品・請求書 | M100: =$M$2 -> 年 月 日
E101: 【レンタル用】 | H101: (サンエイ送付用) | M101: No. | N101: =$N$3 -> 5
A103: 株式会社 | D103: 御中 | G103: 請求者 | H103: 登録番号： | J103: =$J$5 -> 0
A104: =$A$6 -> - 営業所を選択してください。- | G104: 住 所 | H104: =$H$6 -> 0
A105: 担当者 | B105: =$B$7 -> 0
G106: 会社名 | H106: =$H$8 -> 0
G108: ＴＥＬ | H108: =$H$10 | L108: ＦＡＸ | N108: =$N$10
A110: 受注番号 | B110: 客先 | E110: 住所 | F110: 品名 | H110: 期間 | K110: 数量 | L110: 税率 | M110: 金額(税抜) | P110: 撤去 日 | Q110: 検
B111: 工事先名
A112: =$A$14 -> 0 | B112: =$B$14 -> 0 | E112: =$E$14 -> 0 | F112: =$F$14 -> 0 | H112: =$H$14 -> 0 | I112: =$I$14 -> 0 | J112: =$J$14 -> 0 | K112: =$K$14 -> 0 | L112: =$L$14 -> 0 | M112: =$M$14 -> 0 | P112: =$P$14 -> 0
A113: =$A$15 -> 0 | B113: =$B$15 -> 0 | H113: =$H$15 -> 0 | I113: =$I$15 -> 0 | J113: =$J$15 -> 0
A114: =$A$16 -> 0 | B114: =$B$16 -> 0 | E114: =$E$16 -> 0 | F114: =$F$16 -> 0 | H114: =$H$16 -> 0 | I114: =$I$16 -> 0 | J114: =$J$16 -> 0 | K114: =$K$16 -> 0 | L114: =$L$16 -> 0 | M114: =$M$16 -> 0 | P114: =$P$16 -> 0
A115: =$A$17 -> 0 | B115: =$B$17 -> 0 | H115: =$H$17 -> 0 | I115: =$I$17 -> 0 | J115: =$J$17 -> 0
A116: =$A$18 -> 0 | B116: =$B$18 -> 0 | E116: =$E$18 -> 0 | F116: =$F$18 -> 0 | H116: =$H$18 -> 0 | I116: =$I$18 -> 0 | J116: =$J$18 -> 0 | K116: =$K$18 -> 0 | L116: =$L$18 -> 0 | M116: =$M$18 -> 0 | P116: =$P$18 -> 0
A117: =$A$19 -> 0 | B117: =$B$19 -> 0 | H117: =$H$19 -> 0 | I117: =$I$19 -> 0 | J117: =$J$19 -> 0
A118: =$A$20 -> 0 | B118: =$B$20 -> 0 | E118: =$E$20 -> 0 | F118: =$F$20 -> 0 | H118: =$H$20 -> 0 | I118: =$I$20 -> 0 | J118: =$J$20 -> 0 | K118: =$K$20 -> 0 | L118: =$L$20 -> 0 | M118: =$M$20 -> 0 | P118: =$P$20 -> 0
A119: =$A$21 -> 0 | B119: =$B$21 -> 0 | H119: =$H$21 -> 0 | I119: =$I$21 -> 0 | J119: =$J$21 -> 0
A120: =$A$22 -> 0 | B120: =$B$22 -> 0 | E120: =$E$22 -> 0 | F120: =$F$22 -> 0 | H120: =$H$22 -> 0 | I120: =$I$22 -> 0 | J120: =$J$22 -> 0 | K120: =$K$22 -> 0 | L120: =$L$22 -> 0 | M120: =$M$22 -> 0 | P120: =$P$22 -> 0
A121: =$A$23 -> 0 | B121: =$B$23 -> 0 | H121: =$H$23 -> 0 | I121: =$I$23 -> 0 | J121: =$J$23 -> 0
A122: =$A$24 -> 0 | B122: =$B$24 -> 0 | E122: =$E$24 -> 0 | F122: =$F$24 -> 0 | H122: =$H$24 -> 0 | I122: =$I$24 -> 0 | J122: =$J$24 -> 0 | K122: =$K$24 -> 0 | L122: =$L$24 -> 0 | M122: =$M$24 -> 0 | P122: =$P$24 -> 0
A123: =$A$25 -> 0 | B123: =$B$25 -> 0 | H123: =$H$25 -> 0 | I123: =$I$25 -> 0 | J123: =$J$25 -> 0
A124: =$A$26 -> 0 | B124: =$B$26 -> 0 | E124: =$E$26 -> 0 | F124: =$F$26 -> 0 | H124: =$H$26 -> 0 | I124: =$I$26 -> 0 | J124: =$J$26 -> 0 | K124: =$K$26 -> 0 | L124: =$L$26 -> 0 | M124: =$M$26 -> 0 | P124: =$P$26 -> 0
A125: =$A$27 -> 0 | B125: =$B$27 -> 0 | H125: =$H$27 -> 0 | I125: =$I$27 -> 0 | J125: =$J$27 -> 0
A126: =$A$28 -> 0 | B126: =$B$28 -> 0 | E126: =$E$28 -> 0 | F126: =$F$28 -> 0 | H126: =$H$28 -> 0 | I126: =$I$28 -> 0 | J126: =$J$28 -> 0 | K126: =$K$28 -> 0 | L126: =$L$28 -> 0 | M126: =$M$28 -> 0 | P126: =$P$28 -> 0
A127: =$A$29 -> 0 | B127: =$B$29 -> 0 | H127: =$H$29 -> 0 | I127: =$I$29 -> 0 | J127: =$J$29 -> 0
A128: =$A$30 -> 0 | B128: =$B$30 -> 0 | E128: =$E$30 -> 0 | F128: =$F$30 -> 0 | H128: =$H$30 -> 0 | I128: =$I$30 -> 0 | J128: =$J$30 -> 0 | K128: =$K$30 -> 0 | L128: =$L$30 -> 0 | M128: =$M$30 -> 0 | P128: =$P$30 -> 0
A129: =$A$31 -> 0 | B129: =$B$31 -> 0 | H129: =$H$31 -> 0 | I129: =$I$31 -> 0 | J129: =$J$31 -> 0
A130: =$A$32 -> 0 | B130: =$B$32 -> 0 | E130: =$E$32 -> 0 | F130: =$F$32 -> 0 | H130: =$H$32 -> 0 | I130: =$I$32 -> 0 | J130: =$J$32 -> 0 | K130: =$K$32 -> 0 | L130: =$L$32 -> 0 | M130: =$M$32 -> 0 | P130: =$P$32 -> 0
A131: =$A$33 -> 0 | B131: =$B$33 -> 0 | H131: =$H$33 -> 0 | I131: =$I$33 -> 0 | J131: =$J$33 -> 0
A132: =$A$34 -> 0 | B132: =$B$34 -> 0 | E132: =$E$34 -> 0 | F132: =$F$34 -> 0 | H132: =$H$34 -> 0 | I132: =$I$34 -> 0 | J132: =$J$34 -> 0 | K132: =$K$34 -> 0 | L132: =$L$34 -> 0 | M132: =$M$34 -> 0 | P132: =$P$34 -> 0
A133: =$A$35 -> 0 | B133: =$B$35 -> 0 | H133: =$H$35 -> 0 | I133: =$I$35 -> 0 | J133: =$J$35 -> 0
A134: =$A$36 -> 0 | B134: =$B$36 -> 0 | E134: =$E$36 -> 0 | F134: =$F$36 -> 0 | H134: =$H$36 -> 0 | I134: =$I$36 -> 0 | J134: =$J$36 -> 0 | K134: =$K$36 -> 0 | L134: =$L$36 -> 0 | M134: =$M$36 -> 0 | P134: =$P$36 -> 0
A135: =$A$37 -> 0 | B135: =$B$37 -> 0 | H135: =$H$37 -> 0 | I135: =$I$37 -> 0 | J135: =$J$37 -> 0
A136: =$A$38 -> 0 | B136: =$B$38 -> 0 | E136: =$E$38 -> 0 | F136: =$F$38 -> 0 | H136: =$H$38 -> 0 | I136: =$I$38 -> 0 | J136: =$J$38 -> 0 | K136: =$K$38 -> 0 | L136: =$L$38 -> 0 | M136: =$M$38 -> 0 | P136: =$P$38 -> 0
A137: =$A$39 -> 0 | B137: =$B$39 -> 0 | H137: =$H$39 -> 0 | I137: =$I$39 -> 0 | J137: =$J$39 -> 0
A138: =$A$40 -> 0 | B138: =$B$40 -> 0 | E138: =$E$40 -> 0 | F138: =$F$40 -> 0 | H138: =$H$40 -> 0 | I138: =$I$40 -> 0 | J138: =$J$40 -> 0 | K138: =$K$40 -> 0 | L138: =$L$40 -> 0 | M138: =$M$40 -> 0 | P138: =$P$40 -> 0
A139: =$A$41 -> 0 | B139: =$B$41 -> 0 | H139: =$H$41 -> 0 | I139: =$I$41 -> 0 | J139: =$J$41 -> 0
A141: 備考 | B141: =$B$43 -> 0 | G141: 税率10% | H141: 小計 | J141: =$J$43 -> 0 | M141: 消費税 | O141: =$O$43 -> 0
G142: 税率 8% | H142: 小計 | J142: =$J$44 -> 0 | M142: 消費税 | O142: =$O$44 -> 0
G143: 非課税 | H143: 小計 | J143: =$J$45 -> 0
G145: 請求金額（税込） | J145: =$J$47 -> 0 | P145: 決裁

Sheet 納品・請求書_6
M1: =請求総括表!$U$1 -> ■■■■■■■■■■■■■■■
E2: 納品・請求書 | M2: =請求総括表!$U$2 -> 年 月 日
E3: 【レンタル用】 | H3: (請求者控) | M3: No. | N3: 6
A5: 株式会社 | D5: 御中 | G5: 請求者 | H5: 登録番号： | J5: =請求総括表!$U$6 -> 0
A6: - 営業所を選択してください。- | G6: 住 所 | H6: =請求総括表!$R$7 -> 0
A7: 担当者
G8: 会社名 | H8: =請求総括表!$R$9 -> 0
G10: ＴＥＬ | H10: =ASC(請求総括表!$R$11) | L10: ＦＡＸ | N10: =ASC(請求総括表!$R$12)
A12: 受注番号 | B12: 客先 | E12: 住所 | F12: 品名 | H12: 期間 | K12: 数量 | L12: 税率 | M12: 金額(税抜) | P12: 撤去 日 | Q12: 検
B13: 工事先名
A43: 備考 | G43: 税率10% | H43: 小計 | J43: =SUMIFS($M$13:$M$40,$L$13:$L$40,"10%") -> 0 | M43: 消費税
G44: 税率 8% | H44: 小計 | J44: =SUMIFS($M$13:$M$40,$L$13:$L$40,"8%") -> 0 | M44: 消費税
G45: 非課税 | H45: 小計 | J45: =SUMIFS($M$13:$M$40,$L$13:$L$40,"非課税") -> 0
G47: 請求金額（税込） | J47: =SUM($J$43,$O$43,$J$44,$O$44,$J$45) -> 0 | P47: 決裁
M50: =$M$1 -> ■■■■■■■■■■■■■■■
E51: 納品・請求書 | M51: =$M$2 -> 年 月 日
E52: 【レンタル用】 | H52: (サンエイ送付用) | M52: No. | N52: =$N$3 -> 6
A54: 株式会社 | D54: 御中 | G54: 請求者 | H54: 登録番号： | J54: =$J$5 -> 0
A55: =$A$6 -> - 営業所を選択してください。- | G55: 住 所 | H55: =$H$6 -> 0
A56: 担当者 | B56: =$B$7 -> 0
G57: 会社名 | H57: =$H$8 -> 0
G59: ＴＥＬ | H59: =$H$10 | L59: ＦＡＸ | N59: =$N$10
A61: 受注番号 | B61: 客先 | E61: 住所 | F61: 品名 | H61: 期間 | K61: 数量 | L61: 税率 | M61: 金額(税抜) | P61: 撤去 日 | Q61: 検
B62: 工事先名
A63: =$A$14 -> 0 | B63: =$B$14 -> 0 | E63: =$E$14 -> 0 | F63: =$F$14 -> 0 | H63: =$H$14 -> 0 | I63: =$I$14 -> 0 | J63: =$J$14 -> 0 | K63: =$K$14 -> 0 | L63: =$L$14 -> 0 | M63: =$M$14 -> 0 | P63: =$P$14 -> 0
A64: =$A$15 -> 0 | B64: =$B$15 -> 0 | H64: =$H$15 -> 0 | I64: =$I$15 -> 0 | J64: =$J$15 -> 0
A65: =$A$16 -> 0 | B65: =$B$16 -> 0 | E65: =$E$16 -> 0 | F65: =$F$16 -> 0 | H65: =$H$16 -> 0 | I65: =$I$16 -> 0 | J65: =$J$16 -> 0 | K65: =$K$16 -> 0 | L65: =$L$16 -> 0 | M65: =$M$16 -> 0 | P65: =$P$16 -> 0
A66: =$A$17 -> 0 | B66: =$B$17 -> 0 | H66: =$H$17 -> 0 | I66: =$I$17 -> 0 | J66: =$J$17 -> 0
A67: =$A$18 -> 0 | B67: =$B$18 -> 0 | E67: =$E$18 -> 0 | F67: =$F$18 -> 0 | H67: =$H$18 -> 0 | I67: =$I$18 -> 0 | J67: =$J$18 -> 0 | K67: =$K$18 -> 0 | L67: =$L$18 -> 0 | M67: =$M$18 -> 0 | P67: =$P$18 -> 0
A68: =$A$19 -> 0 | B68: =$B$19 -> 0 | H68: =$H$19 -> 0 | I68: =$I$19 -> 0 | J68: =$J$19 -> 0
A69: =$A$20 -> 0 | B69: =$B$20 -> 0 | E69: =$E$20 -> 0 | F69: =$F$20 -> 0 | H69: =$H$20 -> 0 | I69: =$I$20 -> 0 | J69: =$J$20 -> 0 | K69: =$K$20 -> 0 | L69: =$L$20 -> 0 | M69: =$M$20 -> 0 | P69: =$P$20 -> 0
A70: =$A$21 -> 0 | B70: =$B$21 -> 0 | H70: =$H$21 -> 0 | I70: =$I$21 -> 0 | J70: =$J$21 -> 0
A71: =$A$22 -> 0 | B71: =$B$22 -> 0 | E71: =$E$22 -> 0 | F71: =$F$22 -> 0 | H71: =$H$22 -> 0 | I71: =$I$22 -> 0 | J71: =$J$22 -> 0 | K71: =$K$22 -> 0 | L71: =$L$22 -> 0 | M71: =$M$22 -> 0 | P71: =$P$22 -> 0
A72: =$A$23 -> 0 | B72: =$B$23 -> 0 | H72: =$H$23 -> 0 | I72: =$I$23 -> 0 | J72: =$J$23 -> 0
A73: =$A$24 -> 0 | B73: =$B$24 -> 0 | E73: =$E$24 -> 0 | F73: =$F$24 -> 0 | H73: =$H$24 -> 0 | I73: =$I$24 -> 0 | J73: =$J$24 -> 0 | K73: =$K$24 -> 0 | L73: =$L$24 -> 0 | M73: =$M$24 -> 0 | P73: =$P$24 -> 0
A74: =$A$25 -> 0 | B74: =$B$25 -> 0 | H74: =$H$25 -> 0 | I74: =$I$25 -> 0 | J74: =$J$25 -> 0
A75: =$A$26 -> 0 | B75: =$B$26 -> 0 | E75: =$E$26 -> 0 | F75: =$F$26 -> 0 | H75: =$H$26 -> 0 | I75: =$I$26 -> 0 | J75: =$J$26 -> 0 | K75: =$K$26 -> 0 | L75: =$L$26 -> 0 | M75: =$M$26 -> 0 | P75: =$P$26 -> 0
A76: =$A$27 -> 0 | B76: =$B$27 -> 0 | H76: =$H$27 -> 0 | I76: =$I$27 -> 0 | J76: =$J$27 -> 0
A77: =$A$28 -> 0 | B77: =$B$28 -> 0 | E77: =$E$28 -> 0 | F77: =$F$28 -> 0 | H77: =$H$28 -> 0 | I77: =$I$28 -> 0 | J77: =$J$28 -> 0 | K77: =$K$28 -> 0 | L77: =$L$28 -> 0 | M77: =$M$28 -> 0 | P77: =$P$28 -> 0
A78: =$A$29 -> 0 | B78: =$B$29 -> 0 | H78: =$H$29 -> 0 | I78: =$I$29 -> 0 | J78: =$J$29 -> 0
A79: =$A$30 -> 0 | B79: =$B$30 -> 0 | E79: =$E$30 -> 0 | F79: =$F$30 -> 0 | H79: =$H$30 -> 0 | I79: =$I$30 -> 0 | J79: =$J$30 -> 0 | K79: =$K$30 -> 0 | L79: =$L$30 -> 0 | M79: =$M$30 -> 0 | P79: =$P$30 -> 0
A80: =$A$31 -> 0 | B80: =$B$31 -> 0 | H80: =$H$31 -> 0 | I80: =$I$31 -> 0 | J80: =$J$31 -> 0
A81: =$A$32 -> 0 | B81: =$B$32 -> 0 | E81: =$E$32 -> 0 | F81: =$F$32 -> 0 | H81: =$H$32 -> 0 | I81: =$I$32 -> 0 | J81: =$J$32 -> 0 | K81: =$K$32 -> 0 | L81: =$L$32 -> 0 | M81: =$M$32 -> 0 | P81: =$P$32 -> 0
A82: =$A$33 -> 0 | B82: =$B$33 -> 0 | H82: =$H$33 -> 0 | I82: =$I$33 -> 0 | J82: =$J$33 -> 0
A83: =$A$34 -> 0 | B83: =$B$34 -> 0 | E83: =$E$34 -> 0 | F83: =$F$34 -> 0 | H83: =$H$34 -> 0 | I83: =$I$34 -> 0 | J83: =$J$34 -> 0 | K83: =$K$34 -> 0 | L83: =$L$34 -> 0 | M83: =$M$34 -> 0 | P83: =$P$34 -> 0
A84: =$A$35 -> 0 | B84: =$B$35 -> 0 | H84: =$H$35 -> 0 | I84: =$I$35 -> 0 | J84: =$J$35 -> 0
A85: =$A$36 -> 0 | B85: =$B$36 -> 0 | E85: =$E$36 -> 0 | F85: =$F$36 -> 0 | H85: =$H$36 -> 0 | I85: =$I$36 -> 0 | J85: =$J$36 -> 0 | K85: =$K$36 -> 0 | L85: =$L$36 -> 0 | M85: =$M$36 -> 0 | P85: =$P$36 -> 0
A86: =$A$37 -> 0 | B86: =$B$37 -> 0 | H86: =$H$37 -> 0 | I86: =$I$37 -> 0 | J86: =$J$37 -> 0
A87: =$A$38 -> 0 | B87: =$B$38 -> 0 | E87: =$E$38 -> 0 | F87: =$F$38 -> 0 | H87: =$H$38 -> 0 | I87: =$I$38 -> 0 | J87: =$J$38 -> 0 | K87: =$K$38 -> 0 | L87: =$L$38 -> 0 | M87: =$M$38 -> 0 | P87: =$P$38 -> 0
A88: =$A$39 -> 0 | B88: =$B$39 -> 0 | H88: =$H$39 -> 0 | I88: =$I$39 -> 0 | J88: =$J$39 -> 0
A89: =$A$40 -> 0 | B89: =$B$40 -> 0 | E89: =$E$40 -> 0 | F89: =$F$40 -> 0 | H89: =$H$40 -> 0 | I89: =$I$40 -> 0 | J89: =$J$40 -> 0 | K89: =$K$40 -> 0 | L89: =$L$40 -> 0 | M89: =$M$40 -> 0 | P89: =$P$40 -> 0
A90: =$A$41 -> 0 | B90: =$B$41 -> 0 | H90: =$H$41 -> 0 | I90: =$I$41 -> 0 | J90: =$J$41 -> 0
A92: 備考 | B92: =$B$43 -> 0 | G92: 税率10% | H92: 小計 | J92: =$J$43 -> 0 | M92: 消費税 | O92: =$O$43 -> 0
G93: 税率 8% | H93: 小計 | J93: =$J$44 -> 0 | M93: 消費税 | O93: =$O$44 -> 0
G94: 非課税 | H94: 小計 | J94: =$J$45 -> 0
G96: 請求金額（税込） | J96: =$J$47 -> 0 | P96: 決裁
M99: =$M$1 -> ■■■■■■■■■■■■■■■
E100: 納品・請求書 | M100: =$M$2 -> 年 月 日
E101: 【レンタル用】 | H101: (サンエイ送付用) | M101: No. | N101: =$N$3 -> 6
A103: 株式会社 | D103: 御中 | G103: 請求者 | H103: 登録番号： | J103: =$J$5 -> 0
A104: =$A$6 -> - 営業所を選択してください。- | G104: 住 所 | H104: =$H$6 -> 0
A105: 担当者 | B105: =$B$7 -> 0
G106: 会社名 | H106: =$H$8 -> 0
G108: ＴＥＬ | H108: =$H$10 | L108: ＦＡＸ | N108: =$N$10
A110: 受注番号 | B110: 客先 | E110: 住所 | F110: 品名 | H110: 期間 | K110: 数量 | L110: 税率 | M110: 金額(税抜) | P110: 撤去 日 | Q110: 検
B111: 工事先名
A112: =$A$14 -> 0 | B112: =$B$14 -> 0 | E112: =$E$14 -> 0 | F112: =$F$14 -> 0 | H112: =$H$14 -> 0 | I112: =$I$14 -> 0 | J112: =$J$14 -> 0 | K112: =$K$14 -> 0 | L112: =$L$14 -> 0 | M112: =$M$14 -> 0 | P112: =$P$14 -> 0
A113: =$A$15 -> 0 | B113: =$B$15 -> 0 | H113: =$H$15 -> 0 | I113: =$I$15 -> 0 | J113: =$J$15 -> 0
A114: =$A$16 -> 0 | B114: =$B$16 -> 0 | E114: =$E$16 -> 0 | F114: =$F$16 -> 0 | H114: =$H$16 -> 0 | I114: =$I$16 -> 0 | J114: =$J$16 -> 0 | K114: =$K$16 -> 0 | L114: =$L$16 -> 0 | M114: =$M$16 -> 0 | P114: =$P$16 -> 0
A115: =$A$17 -> 0 | B115: =$B$17 -> 0 | H115: =$H$17 -> 0 | I115: =$I$17 -> 0 | J115: =$J$17 -> 0
A116: =$A$18 -> 0 | B116: =$B$18 -> 0 | E116: =$E$18 -> 0 | F116: =$F$18 -> 0 | H116: =$H$18 -> 0 | I116: =$I$18 -> 0 | J116: =$J$18 -> 0 | K116: =$K$18 -> 0 | L116: =$L$18 -> 0 | M116: =$M$18 -> 0 | P116: =$P$18 -> 0
A117: =$A$19 -> 0 | B117: =$B$19 -> 0 | H117: =$H$19 -> 0 | I117: =$I$19 -> 0 | J117: =$J$19 -> 0
A118: =$A$20 -> 0 | B118: =$B$20 -> 0 | E118: =$E$20 -> 0 | F118: =$F$20 -> 0 | H118: =$H$20 -> 0 | I118: =$I$20 -> 0 | J118: =$J$20 -> 0 | K118: =$K$20 -> 0 | L118: =$L$20 -> 0 | M118: =$M$20 -> 0 | P118: =$P$20 -> 0
A119: =$A$21 -> 0 | B119: =$B$21 -> 0 | H119: =$H$21 -> 0 | I119: =$I$21 -> 0 | J119: =$J$21 -> 0
A120: =$A$22 -> 0 | B120: =$B$22 -> 0 | E120: =$E$22 -> 0 | F120: =$F$22 -> 0 | H120: =$H$22 -> 0 | I120: =$I$22 -> 0 | J120: =$J$22 -> 0 | K120: =$K$22 -> 0 | L120: =$L$22 -> 0 | M120: =$M$22 -> 0 | P120: =$P$22 -> 0
A121: =$A$23 -> 0 | B121: =$B$23 -> 0 | H121: =$H$23 -> 0 | I121: =$I$23 -> 0 | J121: =$J$23 -> 0
A122: =$A$24 -> 0 | B122: =$B$24 -> 0 | E122: =$E$24 -> 0 | F122: =$F$24 -> 0 | H122: =$H$24 -> 0 | I122: =$I$24 -> 0 | J122: =$J$24 -> 0 | K122: =$K$24 -> 0 | L122: =$L$24 -> 0 | M122: =$M$24 -> 0 | P122: =$P$24 -> 0
A123: =$A$25 -> 0 | B123: =$B$25 -> 0 | H123: =$H$25 -> 0 | I123: =$I$25 -> 0 | J123: =$J$25 -> 0
A124: =$A$26 -> 0 | B124: =$B$26 -> 0 | E124: =$E$26 -> 0 | F124: =$F$26 -> 0 | H124: =$H$26 -> 0 | I124: =$I$26 -> 0 | J124: =$J$26 -> 0 | K124: =$K$26 -> 0 | L124: =$L$26 -> 0 | M124: =$M$26 -> 0 | P124: =$P$26 -> 0
A125: =$A$27 -> 0 | B125: =$B$27 -> 0 | H125: =$H$27 -> 0 | I125: =$I$27 -> 0 | J125: =$J$27 -> 0
A126: =$A$28 -> 0 | B126: =$B$28 -> 0 | E126: =$E$28 -> 0 | F126: =$F$28 -> 0 | H126: =$H$28 -> 0 | I126: =$I$28 -> 0 | J126: =$J$28 -> 0 | K126: =$K$28 -> 0 | L126: =$L$28 -> 0 | M126: =$M$28 -> 0 | P126: =$P$28 -> 0
A127: =$A$29 -> 0 | B127: =$B$29 -> 0 | H127: =$H$29 -> 0 | I127: =$I$29 -> 0 | J127: =$J$29 -> 0
A128: =$A$30 -> 0 | B128: =$B$30 -> 0 | E128: =$E$30 -> 0 | F128: =$F$30 -> 0 | H128: =$H$30 -> 0 | I128: =$I$30 -> 0 | J128: =$J$30 -> 0 | K128: =$K$30 -> 0 | L128: =$L$30 -> 0 | M128: =$M$30 -> 0 | P128: =$P$30 -> 0
A129: =$A$31 -> 0 | B129: =$B$31 -> 0 | H129: =$H$31 -> 0 | I129: =$I$31 -> 0 | J129: =$J$31 -> 0
A130: =$A$32 -> 0 | B130: =$B$32 -> 0 | E130: =$E$32 -> 0 | F130: =$F$32 -> 0 | H130: =$H$32 -> 0 | I130: =$I$32 -> 0 | J130: =$J$32 -> 0 | K130: =$K$32 -> 0 | L130: =$L$32 -> 0 | M130: =$M$32 -> 0 | P130: =$P$32 -> 0
A131: =$A$33 -> 0 | B131: =$B$33 -> 0 | H131: =$H$33 -> 0 | I131: =$I$33 -> 0 | J131: =$J$33 -> 0
A132: =$A$34 -> 0 | B132: =$B$34 -> 0 | E132: =$E$34 -> 0 | F132: =$F$34 -> 0 | H132: =$H$34 -> 0 | I132: =$I$34 -> 0 | J132: =$J$34 -> 0 | K132: =$K$34 -> 0 | L132: =$L$34 -> 0 | M132: =$M$34 -> 0 | P132: =$P$34 -> 0
A133: =$A$35 -> 0 | B133: =$B$35 -> 0 | H133: =$H$35 -> 0 | I133: =$I$35 -> 0 | J133: =$J$35 -> 0
A134: =$A$36 -> 0 | B134: =$B$36 -> 0 | E134: =$E$36 -> 0 | F134: =$F$36 -> 0 | H134: =$H$36 -> 0 | I134: =$I$36 -> 0 | J134: =$J$36 -> 0 | K134: =$K$36 -> 0 | L134: =$L$36 -> 0 | M134: =$M$36 -> 0 | P134: =$P$36 -> 0
A135: =$A$37 -> 0 | B135: =$B$37 -> 0 | H135: =$H$37 -> 0 | I135: =$I$37 -> 0 | J135: =$J$37 -> 0
A136: =$A$38 -> 0 | B136: =$B$38 -> 0 | E136: =$E$38 -> 0 | F136: =$F$38 -> 0 | H136: =$H$38 -> 0 | I136: =$I$38 -> 0 | J136: =$J$38 -> 0 | K136: =$K$38 -> 0 | L136: =$L$38 -> 0 | M136: =$M$38 -> 0 | P136: =$P$38 -> 0
A137: =$A$39 -> 0 | B137: =$B$39 -> 0 | H137: =$H$39 -> 0 | I137: =$I$39 -> 0 | J137: =$J$39 -> 0
A138: =$A$40 -> 0 | B138: =$B$40 -> 0 | E138: =$E$40 -> 0 | F138: =$F$40 -> 0 | H138: =$H$40 -> 0 | I138: =$I$40 -> 0 | J138: =$J$40 -> 0 | K138: =$K$40 -> 0 | L138: =$L$40 -> 0 | M138: =$M$40 -> 0 | P138: =$P$40 -> 0
A139: =$A$41 -> 0 | B139: =$B$41 -> 0 | H139: =$H$41 -> 0 | I139: =$I$41 -> 0 | J139: =$J$41 -> 0
A141: 備考 | B141: =$B$43 -> 0 | G141: 税率10% | H141: 小計 | J141: =$J$43 -> 0 | M141: 消費税 | O141: =$O$43 -> 0
G142: 税率 8% | H142: 小計 | J142: =$J$44 -> 0 | M142: 消費税 | O142: =$O$44 -> 0
G143: 非課税 | H143: 小計 | J143: =$J$45 -> 0
G145: 請求金額（税込） | J145: =$J$47 -> 0 | P145: 決裁

Sheet 納品・請求書_7
M1: =請求総括表!$U$1 -> ■■■■■■■■■■■■■■■
E2: 納品・請求書 | M2: =請求総括表!$U$2 -> 年 月 日
E3: 【レンタル用】 | H3: (請求者控) | M3: No. | N3: 7
A5: 株式会社 | D5: 御中 | G5: 請求者 | H5: 登録番号： | J5: =請求総括表!$U$6 -> 0
A6: - 営業所を選択してください。- | G6: 住 所 | H6: =請求総括表!$R$7 -> 0
A7: 担当者
G8: 会社名 | H8: =請求総括表!$R$9 -> 0
G10: ＴＥＬ | H10: =ASC(請求総括表!$R$11) | L10: ＦＡＸ | N10: =ASC(請求総括表!$R$12)
A12: 受注番号 | B12: 客先 | E12: 住所 | F12: 品名 | H12: 期間 | K12: 数量 | L12: 税率 | M12: 金額(税抜) | P12: 撤去 日 | Q12: 検
B13: 工事先名
A43: 備考 | G43: 税率10% | H43: 小計 | J43: =SUMIFS($M$13:$M$40,$L$13:$L$40,"10%") -> 0 | M43: 消費税
G44: 税率 8% | H44: 小計 | J44: =SUMIFS($M$13:$M$40,$L$13:$L$40,"8%") -> 0 | M44: 消費税
G45: 非課税 | H45: 小計 | J45: =SUMIFS($M$13:$M$40,$L$13:$L$40,"非課税") -> 0
G47: 請求金額（税込） | J47: =SUM($J$43,$O$43,$J$44,$O$44,$J$45) -> 0 | P47: 決裁
M50: =$M$1 -> ■■■■■■■■■■■■■■■
E51: 納品・請求書 | M51: =$M$2 -> 年 月 日
E52: 【レンタル用】 | H52: (サンエイ送付用) | M52: No. | N52: =$N$3 -> 7
A54: 株式会社 | D54: 御中 | G54: 請求者 | H54: 登録番号： | J54: =$J$5 -> 0
A55: =$A$6 -> - 営業所を選択してください。- | G55: 住 所 | H55: =$H$6 -> 0
A56: 担当者 | B56: =$B$7 -> 0
G57: 会社名 | H57: =$H$8 -> 0
G59: ＴＥＬ | H59: =$H$10 | L59: ＦＡＸ | N59: =$N$10
A61: 受注番号 | B61: 客先 | E61: 住所 | F61: 品名 | H61: 期間 | K61: 数量 | L61: 税率 | M61: 金額(税抜) | P61: 撤去 日 | Q61: 検
B62: 工事先名
A63: =$A$14 -> 0 | B63: =$B$14 -> 0 | E63: =$E$14 -> 0 | F63: =$F$14 -> 0 | H63: =$H$14 -> 0 | I63: =$I$14 -> 0 | J63: =$J$14 -> 0 | K63: =$K$14 -> 0 | L63: =$L$14 -> 0 | M63: =$M$14 -> 0 | P63: =$P$14 -> 0
A64: =$A$15 -> 0 | B64: =$B$15 -> 0 | H64: =$H$15 -> 0 | I64: =$I$15 -> 0 | J64: =$J$15 -> 0
A65: =$A$16 -> 0 | B65: =$B$16 -> 0 | E65: =$E$16 -> 0 | F65: =$F$16 -> 0 | H65: =$H$16 -> 0 | I65: =$I$16 -> 0 | J65: =$J$16 -> 0 | K65: =$K$16 -> 0 | L65: =$L$16 -> 0 | M65: =$M$16 -> 0 | P65: =$P$16 -> 0
A66: =$A$17 -> 0 | B66: =$B$17 -> 0 | H66: =$H$17 -> 0 | I66: =$I$17 -> 0 | J66: =$J$17 -> 0
A67: =$A$18 -> 0 | B67: =$B$18 -> 0 | E67: =$E$18 -> 0 | F67: =$F$18 -> 0 | H67: =$H$18 -> 0 | I67: =$I$18 -> 0 | J67: =$J$18 -> 0 | K67: =$K$18 -> 0 | L67: =$L$18 -> 0 | M67: =$M$18 -> 0 | P67: =$P$18 -> 0
A68: =$A$19 -> 0 | B68: =$B$19 -> 0 | H68: =$H$19 -> 0 | I68: =$I$19 -> 0 | J68: =$J$19 -> 0
A69: =$A$20 -> 0 | B69: =$B$20 -> 0 | E69: =$E$20 -> 0 | F69: =$F$20 -> 0 | H69: =$H$20 -> 0 | I69: =$I$20 -> 0 | J69: =$J$20 -> 0 | K69: =$K$20 -> 0 | L69: =$L$20 -> 0 | M69: =$M$20 -> 0 | P69: =$P$20 -> 0
A70: =$A$21 -> 0 | B70: =$B$21 -> 0 | H70: =$H$21 -> 0 | I70: =$I$21 -> 0 | J70: =$J$21 -> 0
A71: =$A$22 -> 0 | B71: =$B$22 -> 0 | E71: =$E$22 -> 0 | F71: =$F$22 -> 0 | H71: =$H$22 -> 0 | I71: =$I$22 -> 0 | J71: =$J$22 -> 0 | K71: =$K$22 -> 0 | L71: =$L$22 -> 0 | M71: =$M$22 -> 0 | P71: =$P$22 -> 0
A72: =$A$23 -> 0 | B72: =$B$23 -> 0 | H72: =$H$23 -> 0 | I72: =$I$23 -> 0 | J72: =$J$23 -> 0
A73: =$A$24 -> 0 | B73: =$B$24 -> 0 | E73: =$E$24 -> 0 | F73: =$F$24 -> 0 | H73: =$H$24 -> 0 | I73: =$I$24 -> 0 | J73: =$J$24 -> 0 | K73: =$K$24 -> 0 | L73: =$L$24 -> 0 | M73: =$M$24 -> 0 | P73: =$P$24 -> 0
A74: =$A$25 -> 0 | B74: =$B$25 -> 0 | H74: =$H$25 -> 0 | I74: =$I$25 -> 0 | J74: =$J$25 -> 0
A75: =$A$26 -> 0 | B75: =$B$26 -> 0 | E75: =$E$26 -> 0 | F75: =$F$26 -> 0 | H75: =$H$26 -> 0 | I75: =$I$26 -> 0 | J75: =$J$26 -> 0 | K75: =$K$26 -> 0 | L75: =$L$26 -> 0 | M75: =$M$26 -> 0 | P75: =$P$26 -> 0
A76: =$A$27 -> 0 | B76: =$B$27 -> 0 | H76: =$H$27 -> 0 | I76: =$I$27 -> 0 | J76: =$J$27 -> 0
A77: =$A$28 -> 0 | B77: =$B$28 -> 0 | E77: =$E$28 -> 0 | F77: =$F$28 -> 0 | H77: =$H$28 -> 0 | I77: =$I$28 -> 0 | J77: =$J$28 -> 0 | K77: =$K$28 -> 0 | L77: =$L$28 -> 0 | M77: =$M$28 -> 0 | P77: =$P$28 -> 0
A78: =$A$29 -> 0 | B78: =$B$29 -> 0 | H78: =$H$29 -> 0 | I78: =$I$29 -> 0 | J78: =$J$29 -> 0
A79: =$A$30 -> 0 | B79: =$B$30 -> 0 | E79: =$E$30 -> 0 | F79: =$F$30 -> 0 | H79: =$H$30 -> 0 | I79: =$I$30 -> 0 | J79: =$J$30 -> 0 | K79: =$K$30 -> 0 | L79: =$L$30 -> 0 | M79: =$M$30 -> 0 | P79: =$P$30 -> 0
A80: =$A$31 -> 0 | B80: =$B$31 -> 0 | H80: =$H$31 -> 0 | I80: =$I$31 -> 0 | J80: =$J$31 -> 0
A81: =$A$32 -> 0 | B81: =$B$32 -> 0 | E81: =$E$32 -> 0 | F81: =$F$32 -> 0 | H81: =$H$32 -> 0 | I81: =$I$32 -> 0 | J81: =$J$32 -> 0 | K81: =$K$32 -> 0 | L81: =$L$32 -> 0 | M81: =$M$32 -> 0 | P81: =$P$32 -> 0
A82: =$A$33 -> 0 | B82: =$B$33 -> 0 | H82: =$H$33 -> 0 | I82: =$I$33 -> 0 | J82: =$J$33 -> 0
A83: =$A$34 -> 0 | B83: =$B$34 -> 0 | E83: =$E$34 -> 0 | F83: =$F$34 -> 0 | H83: =$H$34 -> 0 | I83: =$I$34 -> 0 | J83: =$J$34 -> 0 | K83: =$K$34 -> 0 | L83: =$L$34 -> 0 | M83: =$M$34 -> 0 | P83: =$P$34 -> 0
A84: =$A$35 -> 0 | B84: =$B$35 -> 0 | H84: =$H$35 -> 0 | I84: =$I$35 -> 0 | J84: =$J$35 -> 0
A85: =$A$36 -> 0 | B85: =$B$36 -> 0 | E85: =$E$36 -> 0 | F85: =$F$36 -> 0 | H85: =$H$36 -> 0 | I85: =$I$36 -> 0 | J85: =$J$36 -> 0 | K85: =$K$36 -> 0 | L85: =$L$36 -> 0 | M85: =$M$36 -> 0 | P85: =$P$36 -> 0
A86: =$A$37 -> 0 | B86: =$B$37 -> 0 | H86: =$H$37 -> 0 | I86: =$I$37 -> 0 | J86: =$J$37 -> 0
A87: =$A$38 -> 0 | B87: =$B$38 -> 0 | E87: =$E$38 -> 0 | F87: =$F$38 -> 0 | H87: =$H$38 -> 0 | I87: =$I$38 -> 0 | J87: =$J$38 -> 0 | K87: =$K$38 -> 0 | L87: =$L$38 -> 0 | M87: =$M$38 -> 0 | P87: =$P$38 -> 0
A88: =$A$39 -> 0 | B88: =$B$39 -> 0 | H88: =$H$39 -> 0 | I88: =$I$39 -> 0 | J88: =$J$39 -> 0
A89: =$A$40 -> 0 | B89: =$B$40 -> 0 | E89: =$E$40 -> 0 | F89: =$F$40 -> 0 | H89: =$H$40 -> 0 | I89: =$I$40 -> 0 | J89: =$J$40 -> 0 | K89: =$K$40 -> 0 | L89: =$L$40 -> 0 | M89: =$M$40 -> 0 | P89: =$P$40 -> 0
A90: =$A$41 -> 0 | B90: =$B$41 -> 0 | H90: =$H$41 -> 0 | I90: =$I$41 -> 0 | J90: =$J$41 -> 0
A92: 備考 | B92: =$B$43 -> 0 | G92: 税率10% | H92: 小計 | J92: =$J$43 -> 0 | M92: 消費税 | O92: =$O$43 -> 0
G93: 税率 8% | H93: 小計 | J93: =$J$44 -> 0 | M93: 消費税 | O93: =$O$44 -> 0
G94: 非課税 | H94: 小計 | J94: =$J$45 -> 0
G96: 請求金額（税込） | J96: =$J$47 -> 0 | P96: 決裁
M99: =$M$1 -> ■■■■■■■■■■■■■■■
E100: 納品・請求書 | M100: =$M$2 -> 年 月 日
E101: 【レンタル用】 | H101: (サンエイ送付用) | M101: No. | N101: =$N$3 -> 7
A103: 株式会社 | D103: 御中 | G103: 請求者 | H103: 登録番号： | J103: =$J$5 -> 0
A104: =$A$6 -> - 営業所を選択してください。- | G104: 住 所 | H104: =$H$6 -> 0
A105: 担当者 | B105: =$B$7 -> 0
G106: 会社名 | H106: =$H$8 -> 0
G108: ＴＥＬ | H108: =$H$10 | L108: ＦＡＸ | N108: =$N$10
A110: 受注番号 | B110: 客先 | E110: 住所 | F110: 品名 | H110: 期間 | K110: 数量 | L110: 税率 | M110: 金額(税抜) | P110: 撤去 日 | Q110: 検
B111: 工事先名
A112: =$A$14 -> 0 | B112: =$B$14 -> 0 | E112: =$E$14 -> 0 | F112: =$F$14 -> 0 | H112: =$H$14 -> 0 | I112: =$I$14 -> 0 | J112: =$J$14 -> 0 | K112: =$K$14 -> 0 | L112: =$L$14 -> 0 | M112: =$M$14 -> 0 | P112: =$P$14 -> 0
A113: =$A$15 -> 0 | B113: =$B$15 -> 0 | H113: =$H$15 -> 0 | I113: =$I$15 -> 0 | J113: =$J$15 -> 0
A114: =$A$16 -> 0 | B114: =$B$16 -> 0 | E114: =$E$16 -> 0 | F114: =$F$16 -> 0 | H114: =$H$16 -> 0 | I114: =$I$16 -> 0 | J114: =$J$16 -> 0 | K114: =$K$16 -> 0 | L114: =$L$16 -> 0 | M114: =$M$16 -> 0 | P114: =$P$16 -> 0
A115: =$A$17 -> 0 | B115: =$B$17 -> 0 | H115: =$H$17 -> 0 | I115: =$I$17 -> 0 | J115: =$J$17 -> 0
A116: =$A$18 -> 0 | B116: =$B$18 -> 0 | E116: =$E$18 -> 0 | F116: =$F$18 -> 0 | H116: =$H$18 -> 0 | I116: =$I$18 -> 0 | J116: =$J$18 -> 0 | K116: =$K$18 -> 0 | L116: =$L$18 -> 0 | M116: =$M$18 -> 0 | P116: =$P$18 -> 0
A117: =$A$19 -> 0 | B117: =$B$19 -> 0 | H117: =$H$19 -> 0 | I117: =$I$19 -> 0 | J117: =$J$19 -> 0
A118: =$A$20 -> 0 | B118: =$B$20 -> 0 | E118: =$E$20 -> 0 | F118: =$F$20 -> 0 | H118: =$H$20 -> 0 | I118: =$I$20 -> 0 | J118: =$J$20 -> 0 | K118: =$K$20 -> 0 | L118: =$L$20 -> 0 | M118: =$M$20 -> 0 | P118: =$P$20 -> 0
A119: =$A$21 -> 0 | B119: =$B$21 -> 0 | H119: =$H$21 -> 0 | I119: =$I$21 -> 0 | J119: =$J$21 -> 0
A120: =$A$22 -> 0 | B120: =$B$22 -> 0 | E120: =$E$22 -> 0 | F120: =$F$22 -> 0 | H120: =$H$22 -> 0 | I120: =$I$22 -> 0 | J120: =$J$22 -> 0 | K120: =$K$22 -> 0 | L120: =$L$22 -> 0 | M120: =$M$22 -> 0 | P120: =$P$22 -> 0
A121: =$A$23 -> 0 | B121: =$B$23 -> 0 | H121: =$H$23 -> 0 | I121: =$I$23 -> 0 | J121: =$J$23 -> 0
A122: =$A$24 -> 0 | B122: =$B$24 -> 0 | E122: =$E$24 -> 0 | F122: =$F$24 -> 0 | H122: =$H$24 -> 0 | I122: =$I$24 -> 0 | J122: =$J$24 -> 0 | K122: =$K$24 -> 0 | L122: =$L$24 -> 0 | M122: =$M$24 -> 0 | P122: =$P$24 -> 0
A123: =$A$25 -> 0 | B123: =$B$25 -> 0 | H123: =$H$25 -> 0 | I123: =$I$25 -> 0 | J123: =$J$25 -> 0
A124: =$A$26 -> 0 | B124: =$B$26 -> 0 | E124: =$E$26 -> 0 | F124: =$F$26 -> 0 | H124: =$H$26 -> 0 | I124: =$I$26 -> 0 | J124: =$J$26 -> 0 | K124: =$K$26 -> 0 | L124: =$L$26 -> 0 | M124: =$M$26 -> 0 | P124: =$P$26 -> 0
A125: =$A$27 -> 0 | B125: =$B$27 -> 0 | H125: =$H$27 -> 0 | I125: =$I$27 -> 0 | J125: =$J$27 -> 0
A126: =$A$28 -> 0 | B126: =$B$28 -> 0 | E126: =$E$28 -> 0 | F126: =$F$28 -> 0 | H126: =$H$28 -> 0 | I126: =$I$28 -> 0 | J126: =$J$28 -> 0 | K126: =$K$28 -> 0 | L126: =$L$28 -> 0 | M126: =$M$28 -> 0 | P126: =$P$28 -> 0
A127: =$A$29 -> 0 | B127: =$B$29 -> 0 | H127: =$H$29 -> 0 | I127: =$I$29 -> 0 | J127: =$J$29 -> 0
A128: =$A$30 -> 0 | B128: =$B$30 -> 0 | E128: =$E$30 -> 0 | F128: =$F$30 -> 0 | H128: =$H$30 -> 0 | I128: =$I$30 -> 0 | J128: =$J$30 -> 0 | K128: =$K$30 -> 0 | L128: =$L$30 -> 0 | M128: =$M$30 -> 0 | P128: =$P$30 -> 0
A129: =$A$31 -> 0 | B129: =$B$31 -> 0 | H129: =$H$31 -> 0 | I129: =$I$31 -> 0 | J129: =$J$31 -> 0
A130: =$A$32 -> 0 | B130: =$B$32 -> 0 | E130: =$E$32 -> 0 | F130: =$F$32 -> 0 | H130: =$H$32 -> 0 | I130: =$I$32 -> 0 | J130: =$J$32 -> 0 | K130: =$K$32 -> 0 | L130: =$L$32 -> 0 | M130: =$M$32 -> 0 | P130: =$P$32 -> 0
A131: =$A$33 -> 0 | B131: =$B$33 -> 0 | H131: =$H$33 -> 0 | I131: =$I$33 -> 0 | J131: =$J$33 -> 0
A132: =$A$34 -> 0 | B132: =$B$34 -> 0 | E132: =$E$34 -> 0 | F132: =$F$34 -> 0 | H132: =$H$34 -> 0 | I132: =$I$34 -> 0 | J132: =$J$34 -> 0 | K132: =$K$34 -> 0 | L132: =$L$34 -> 0 | M132: =$M$34 -> 0 | P132: =$P$34 -> 0
A133: =$A$35 -> 0 | B133: =$B$35 -> 0 | H133: =$H$35 -> 0 | I133: =$I$35 -> 0 | J133: =$J$35 -> 0
A134: =$A$36 -> 0 | B134: =$B$36 -> 0 | E134: =$E$36 -> 0 | F134: =$F$36 -> 0 | H134: =$H$36 -> 0 | I134: =$I$36 -> 0 | J134: =$J$36 -> 0 | K134: =$K$36 -> 0 | L134: =$L$36 -> 0 | M134: =$M$36 -> 0 | P134: =$P$36 -> 0
A135: =$A$37 -> 0 | B135: =$B$37 -> 0 | H135: =$H$37 -> 0 | I135: =$I$37 -> 0 | J135: =$J$37 -> 0
A136: =$A$38 -> 0 | B136: =$B$38 -> 0 | E136: =$E$38 -> 0 | F136: =$F$38 -> 0 | H136: =$H$38 -> 0 | I136: =$I$38 -> 0 | J136: =$J$38 -> 0 | K136: =$K$38 -> 0 | L136: =$L$38 -> 0 | M136: =$M$38 -> 0 | P136: =$P$38 -> 0
A137: =$A$39 -> 0 | B137: =$B$39 -> 0 | H137: =$H$39 -> 0 | I137: =$I$39 -> 0 | J137: =$J$39 -> 0
A138: =$A$40 -> 0 | B138: =$B$40 -> 0 | E138: =$E$40 -> 0 | F138: =$F$40 -> 0 | H138: =$H$40 -> 0 | I138: =$I$40 -> 0 | J138: =$J$40 -> 0 | K138: =$K$40 -> 0 | L138: =$L$40 -> 0 | M138: =$M$40 -> 0 | P138: =$P$40 -> 0
A139: =$A$41 -> 0 | B139: =$B$41 -> 0 | H139: =$H$41 -> 0 | I139: =$I$41 -> 0 | J139: =$J$41 -> 0
A141: 備考 | B141: =$B$43 -> 0 | G141: 税率10% | H141: 小計 | J141: =$J$43 -> 0 | M141: 消費税 | O141: =$O$43 -> 0
G142: 税率 8% | H142: 小計 | J142: =$J$44 -> 0 | M142: 消費税 | O142: =$O$44 -> 0
G143: 非課税 | H143: 小計 | J143: =$J$45 -> 0
G145: 請求金額（税込） | J145: =$J$47 -> 0 | P145: 決裁

Sheet 納品・請求書_8
M1: =請求総括表!$U$1 -> ■■■■■■■■■■■■■■■
E2: 納品・請求書 | M2: =請求総括表!$U$2 -> 年 月 日
E3: 【レンタル用】 | H3: (請求者控) | M3: No. | N3: 8
A5: 株式会社 | D5: 御中 | G5: 請求者 | H5: 登録番号： | J5: =請求総括表!$U$6 -> 0
A6: - 営業所を選択してください。- | G6: 住 所 | H6: =請求総括表!$R$7 -> 0
A7: 担当者
G8: 会社名 | H8: =請求総括表!$R$9 -> 0
G10: ＴＥＬ | H10: =ASC(請求総括表!$R$11) | L10: ＦＡＸ | N10: =ASC(請求総括表!$R$12)
A12: 受注番号 | B12: 客先 | E12: 住所 | F12: 品名 | H12: 期間 | K12: 数量 | L12: 税率 | M12: 金額(税抜) | P12: 撤去 日 | Q12: 検
B13: 工事先名
A43: 備考 | G43: 税率10% | H43: 小計 | J43: =SUMIFS($M$13:$M$40,$L$13:$L$40,"10%") -> 0 | M43: 消費税
G44: 税率 8% | H44: 小計 | J44: =SUMIFS($M$13:$M$40,$L$13:$L$40,"8%") -> 0 | M44: 消費税
G45: 非課税 | H45: 小計 | J45: =SUMIFS($M$13:$M$40,$L$13:$L$40,"非課税") -> 0
G47: 請求金額（税込） | J47: =SUM($J$43,$O$43,$J$44,$O$44,$J$45) -> 0 | P47: 決裁
M50: =$M$1 -> ■■■■■■■■■■■■■■■
E51: 納品・請求書 | M51: =$M$2 -> 年 月 日
E52: 【レンタル用】 | H52: (サンエイ送付用) | M52: No. | N52: =$N$3 -> 8
A54: 株式会社 | D54: 御中 | G54: 請求者 | H54: 登録番号： | J54: =$J$5 -> 0
A55: =$A$6 -> - 営業所を選択してください。- | G55: 住 所 | H55: =$H$6 -> 0
A56: 担当者 | B56: =$B$7 -> 0
G57: 会社名 | H57: =$H$8 -> 0
G59: ＴＥＬ | H59: =$H$10 | L59: ＦＡＸ | N59: =$N$10
A61: 受注番号 | B61: 客先 | E61: 住所 | F61: 品名 | H61: 期間 | K61: 数量 | L61: 税率 | M61: 金額(税抜) | P61: 撤去 日 | Q61: 検
B62: 工事先名
A63: =$A$14 -> 0 | B63: =$B$14 -> 0 | E63: =$E$14 -> 0 | F63: =$F$14 -> 0 | H63: =$H$14 -> 0 | I63: =$I$14 -> 0 | J63: =$J$14 -> 0 | K63: =$K$14 -> 0 | L63: =$L$14 -> 0 | M63: =$M$14 -> 0 | P63: =$P$14 -> 0
A64: =$A$15 -> 0 | B64: =$B$15 -> 0 | H64: =$H$15 -> 0 | I64: =$I$15 -> 0 | J64: =$J$15 -> 0
A65: =$A$16 -> 0 | B65: =$B$16 -> 0 | E65: =$E$16 -> 0 | F65: =$F$16 -> 0 | H65: =$H$16 -> 0 | I65: =$I$16 -> 0 | J65: =$J$16 -> 0 | K65: =$K$16 -> 0 | L65: =$L$16 -> 0 | M65: =$M$16 -> 0 | P65: =$P$16 -> 0
A66: =$A$17 -> 0 | B66: =$B$17 -> 0 | H66: =$H$17 -> 0 | I66: =$I$17 -> 0 | J66: =$J$17 -> 0
A67: =$A$18 -> 0 | B67: =$B$18 -> 0 | E67: =$E$18 -> 0 | F67: =$F$18 -> 0 | H67: =$H$18 -> 0 | I67: =$I$18 -> 0 | J67: =$J$18 -> 0 | K67: =$K$18 -> 0 | L67: =$L$18 -> 0 | M67: =$M$18 -> 0 | P67: =$P$18 -> 0
A68: =$A$19 -> 0 | B68: =$B$19 -> 0 | H68: =$H$19 -> 0 | I68: =$I$19 -> 0 | J68: =$J$19 -> 0
A69: =$A$20 -> 0 | B69: =$B$20 -> 0 | E69: =$E$20 -> 0 | F69: =$F$20 -> 0 | H69: =$H$20 -> 0 | I69: =$I$20 -> 0 | J69: =$J$20 -> 0 | K69: =$K$20 -> 0 | L69: =$L$20 -> 0 | M69: =$M$20 -> 0 | P69: =$P$20 -> 0
A70: =$A$21 -> 0 | B70: =$B$21 -> 0 | H70: =$H$21 -> 0 | I70: =$I$21 -> 0 | J70: =$J$21 -> 0
A71: =$A$22 -> 0 | B71: =$B$22 -> 0 | E71: =$E$22 -> 0 | F71: =$F$22 -> 0 | H71: =$H$22 -> 0 | I71: =$I$22 -> 0 | J71: =$J$22 -> 0 | K71: =$K$22 -> 0 | L71: =$L$22 -> 0 | M71: =$M$22 -> 0 | P71: =$P$22 -> 0
A72: =$A$23 -> 0 | B72: =$B$23 -> 0 | H72: =$H$23 -> 0 | I72: =$I$23 -> 0 | J72: =$J$23 -> 0
A73: =$A$24 -> 0 | B73: =$B$24 -> 0 | E73: =$E$24 -> 0 | F73: =$F$24 -> 0 | H73: =$H$24 -> 0 | I73: =$I$24 -> 0 | J73: =$J$24 -> 0 | K73: =$K$24 -> 0 | L73: =$L$24 -> 0 | M73: =$M$24 -> 0 | P73: =$P$24 -> 0
A74: =$A$25 -> 0 | B74: =$B$25 -> 0 | H74: =$H$25 -> 0 | I74: =$I$25 -> 0 | J74: =$J$25 -> 0
A75: =$A$26 -> 0 | B75: =$B$26 -> 0 | E75: =$E$26 -> 0 | F75: =$F$26 -> 0 | H75: =$H$26 -> 0 | I75: =$I$26 -> 0 | J75: =$J$26 -> 0 | K75: =$K$26 -> 0 | L75: =$L$26 -> 0 | M75: =$M$26 -> 0 | P75: =$P$26 -> 0
A76: =$A$27 -> 0 | B76: =$B$27 -> 0 | H76: =$H$27 -> 0 | I76: =$I$27 -> 0 | J76: =$J$27 -> 0
A77: =$A$28 -> 0 | B77: =$B$28 -> 0 | E77: =$E$28 -> 0 | F77: =$F$28 -> 0 | H77: =$H$28 -> 0 | I77: =$I$28 -> 0 | J77: =$J$28 -> 0 | K77: =$K$28 -> 0 | L77: =$L$28 -> 0 | M77: =$M$28 -> 0 | P77: =$P$28 -> 0
A78: =$A$29 -> 0 | B78: =$B$29 -> 0 | H78: =$H$29 -> 0 | I78: =$I$29 -> 0 | J78: =$J$29 -> 0
A79: =$A$30 -> 0 | B79: =$B$30 -> 0 | E79: =$E$30 -> 0 | F79: =$F$30 -> 0 | H79: =$H$30 -> 0 | I79: =$I$30 -> 0 | J79: =$J$30 -> 0 | K79: =$K$30 -> 0 | L79: =$L$30 -> 0 | M79: =$M$30 -> 0 | P79: =$P$30 -> 0
A80: =$A$31 -> 0 | B80: =$B$31 -> 0 | H80: =$H$31 -> 0 | I80: =$I$31 -> 0 | J80: =$J$31 -> 0
A81: =$A$32 -> 0 | B81: =$B$32 -> 0 | E81: =$E$32 -> 0 | F81: =$F$32 -> 0 | H81: =$H$32 -> 0 | I81: =$I$32 -> 0 | J81: =$J$32 -> 0 | K81: =$K$32 -> 0 | L81: =$L$32 -> 0 | M81: =$M$32 -> 0 | P81: =$P$32 -> 0
A82: =$A$33 -> 0 | B82: =$B$33 -> 0 | H82: =$H$33 -> 0 | I82: =$I$33 -> 0 | J82: =$J$33 -> 0
A83: =$A$34 -> 0 | B83: =$B$34 -> 0 | E83: =$E$34 -> 0 | F83: =$F$34 -> 0 | H83: =$H$34 -> 0 | I83: =$I$34 -> 0 | J83: =$J$34 -> 0 | K83: =$K$34 -> 0 | L83: =$L$34 -> 0 | M83: =$M$34 -> 0 | P83: =$P$34 -> 0
A84: =$A$35 -> 0 | B84: =$B$35 -> 0 | H84: =$H$35 -> 0 | I84: =$I$35 -> 0 | J84: =$J$35 -> 0
A85: =$A$36 -> 0 | B85: =$B$36 -> 0 | E85: =$E$36 -> 0 | F85: =$F$36 -> 0 | H85: =$H$36 -> 0 | I85: =$I$36 -> 0 | J85: =$J$36 -> 0 | K85: =$K$36 -> 0 | L85: =$L$36 -> 0 | M85: =$M$36 -> 0 | P85: =$P$36 -> 0
A86: =$A$37 -> 0 | B86: =$B$37 -> 0 | H86: =$H$37 -> 0 | I86: =$I$37 -> 0 | J86: =$J$37 -> 0
A87: =$A$38 -> 0 | B87: =$B$38 -> 0 | E87: =$E$38 -> 0 | F87: =$F$38 -> 0 | H87: =$H$38 -> 0 | I87: =$I$38 -> 0 | J87: =$J$38 -> 0 | K87: =$K$38 -> 0 | L87: =$L$38 -> 0 | M87: =$M$38 -> 0 | P87: =$P$38 -> 0
A88: =$A$39 -> 0 | B88: =$B$39 -> 0 | H88: =$H$39 -> 0 | I88: =$I$39 -> 0 | J88: =$J$39 -> 0
A89: =$A$40 -> 0 | B89: =$B$40 -> 0 | E89: =$E$40 -> 0 | F89: =$F$40 -> 0 | H89: =$H$40 -> 0 | I89: =$I$40 -> 0 | J89: =$J$40 -> 0 | K89: =$K$40 -> 0 | L89: =$L$40 -> 0 | M89: =$M$40 -> 0 | P89: =$P$40 -> 0
A90: =$A$41 -> 0 | B90: =$B$41 -> 0 | H90: =$H$41 -> 0 | I90: =$I$41 -> 0 | J90: =$J$41 -> 0
A92: 備考 | B92: =$B$43 -> 0 | G92: 税率10% | H92: 小計 | J92: =$J$43 -> 0 | M92: 消費税 | O92: =$O$43 -> 0
G93: 税率 8% | H93: 小計 | J93: =$J$44 -> 0 | M93: 消費税 | O93: =$O$44 -> 0
G94: 非課税 | H94: 小計 | J94: =$J$45 -> 0
G96: 請求金額（税込） | J96: =$J$47 -> 0 | P96: 決裁
M99: =$M$1 -> ■■■■■■■■■■■■■■■
E100: 納品・請求書 | M100: =$M$2 -> 年 月 日
E101: 【レンタル用】 | H101: (サンエイ送付用) | M101: No. | N101: =$N$3 -> 8
A103: 株式会社 | D103: 御中 | G103: 請求者 | H103: 登録番号： | J103: =$J$5 -> 0
A104: =$A$6 -> - 営業所を選択してください。- | G104: 住 所 | H104: =$H$6 -> 0
A105: 担当者 | B105: =$B$7 -> 0
G106: 会社名 | H106: =$H$8 -> 0
G108: ＴＥＬ | H108: =$H$10 | L108: ＦＡＸ | N108: =$N$10
A110: 受注番号 | B110: 客先 | E110: 住所 | F110: 品名 | H110: 期間 | K110: 数量 | L110: 税率 | M110: 金額(税抜) | P110: 撤去 日 | Q110: 検
B111: 工事先名
A112: =$A$14 -> 0 | B112: =$B$14 -> 0 | E112: =$E$14 -> 0 | F112: =$F$14 -> 0 | H112: =$H$14 -> 0 | I112: =$I$14 -> 0 | J112: =$J$14 -> 0 | K112: =$K$14 -> 0 | L112: =$L$14 -> 0 | M112: =$M$14 -> 0 | P112: =$P$14 -> 0
A113: =$A$15 -> 0 | B113: =$B$15 -> 0 | H113: =$H$15 -> 0 | I113: =$I$15 -> 0 | J113: =$J$15 -> 0
A114: =$A$16 -> 0 | B114: =$B$16 -> 0 | E114: =$E$16 -> 0 | F114: =$F$16 -> 0 | H114: =$H$16 -> 0 | I114: =$I$16 -> 0 | J114: =$J$16 -> 0 | K114: =$K$16 -> 0 | L114: =$L$16 -> 0 | M114: =$M$16 -> 0 | P114: =$P$16 -> 0
A115: =$A$17 -> 0 | B115: =$B$17 -> 0 | H115: =$H$17 -> 0 | I115: =$I$17 -> 0 | J115: =$J$17 -> 0
A116: =$A$18 -> 0 | B116: =$B$18 -> 0 | E116: =$E$18 -> 0 | F116: =$F$18 -> 0 | H116: =$H$18 -> 0 | I116: =$I$18 -> 0 | J116: =$J$18 -> 0 | K116: =$K$18 -> 0 | L116: =$L$18 -> 0 | M116: =$M$18 -> 0 | P116: =$P$18 -> 0
A117: =$A$19 -> 0 | B117: =$B$19 -> 0 | H117: =$H$19 -> 0 | I117: =$I$19 -> 0 | J117: =$J$19 -> 0
A118: =$A$20 -> 0 | B118: =$B$20 -> 0 | E118: =$E$20 -> 0 | F118: =$F$20 -> 0 | H118: =$H$20 -> 0 | I118: =$I$20 -> 0 | J118: =$J$20 -> 0 | K118: =$K$20 -> 0 | L118: =$L$20 -> 0 | M118: =$M$20 -> 0 | P118: =$P$20 -> 0
A119: =$A$21 -> 0 | B119: =$B$21 -> 0 | H119: =$H$21 -> 0 | I119: =$I$21 -> 0 | J119: =$J$21 -> 0
A120: =$A$22 -> 0 | B120: =$B$22 -> 0 | E120: =$E$22 -> 0 | F120: =$F$22 -> 0 | H120: =$H$22 -> 0 | I120: =$I$22 -> 0 | J120: =$J$22 -> 0 | K120: =$K$22 -> 0 | L120: =$L$22 -> 0 | M120: =$M$22 -> 0 | P120: =$P$22 -> 0
A121: =$A$23 -> 0 | B121: =$B$23 -> 0 | H121: =$H$23 -> 0 | I121: =$I$23 -> 0 | J121: =$J$23 -> 0
A122: =$A$24 -> 0 | B122: =$B$24 -> 0 | E122: =$E$24 -> 0 | F122: =$F$24 -> 0 | H122: =$H$24 -> 0 | I122: =$I$24 -> 0 | J122: =$J$24 -> 0 | K122: =$K$24 -> 0 | L122: =$L$24 -> 0 | M122: =$M$24 -> 0 | P122: =$P$24 -> 0
A123: =$A$25 -> 0 | B123: =$B$25 -> 0 | H123: =$H$25 -> 0 | I123: =$I$25 -> 0 | J123: =$J$25 -> 0
A124: =$A$26 -> 0 | B124: =$B$26 -> 0 | E124: =$E$26 -> 0 | F124: =$F$26 -> 0 | H124: =$H$26 -> 0 | I124: =$I$26 -> 0 | J124: =$J$26 -> 0 | K124: =$K$26 -> 0 | L124: =$L$26 -> 0 | M124: =$M$26 -> 0 | P124: =$P$26 -> 0
A125: =$A$27 -> 0 | B125: =$B$27 -> 0 | H125: =$H$27 -> 0 | I125: =$I$27 -> 0 | J125: =$J$27 -> 0
A126: =$A$28 -> 0 | B126: =$B$28 -> 0 | E126: =$E$28 -> 0 | F126: =$F$28 -> 0 | H126: =$H$28 -> 0 | I126: =$I$28 -> 0 | J126: =$J$28 -> 0 | K126: =$K$28 -> 0 | L126: =$L$28 -> 0 | M126: =$M$28 -> 0 | P126: =$P$28 -> 0
A127: =$A$29 -> 0 | B127: =$B$29 -> 0 | H127: =$H$29 -> 0 | I127: =$I$29 -> 0 | J127: =$J$29 -> 0
A128: =$A$30 -> 0 | B128: =$B$30 -> 0 | E128: =$E$30 -> 0 | F128: =$F$30 -> 0 | H128: =$H$30 -> 0 | I128: =$I$30 -> 0 | J128: =$J$30 -> 0 | K128: =$K$30 -> 0 | L128: =$L$30 -> 0 | M128: =$M$30 -> 0 | P128: =$P$30 -> 0
A129: =$A$31 -> 0 | B129: =$B$31 -> 0 | H129: =$H$31 -> 0 | I129: =$I$31 -> 0 | J129: =$J$31 -> 0
A130: =$A$32 -> 0 | B130: =$B$32 -> 0 | E130: =$E$32 -> 0 | F130: =$F$32 -> 0 | H130: =$H$32 -> 0 | I130: =$I$32 -> 0 | J130: =$J$32 -> 0 | K130: =$K$32 -> 0 | L130: =$L$32 -> 0 | M130: =$M$32 -> 0 | P130: =$P$32 -> 0
A131: =$A$33 -> 0 | B131: =$B$33 -> 0 | H131: =$H$33 -> 0 | I131: =$I$33 -> 0 | J131: =$J$33 -> 0
A132: =$A$34 -> 0 | B132: =$B$34 -> 0 | E132: =$E$34 -> 0 | F132: =$F$34 -> 0 | H132: =$H$34 -> 0 | I132: =$I$34 -> 0 | J132: =$J$34 -> 0 | K132: =$K$34 -> 0 | L132: =$L$34 -> 0 | M132: =$M$34 -> 0 | P132: =$P$34 -> 0
A133: =$A$35 -> 0 | B133: =$B$35 -> 0 | H133: =$H$35 -> 0 | I133: =$I$35 -> 0 | J133: =$J$35 -> 0
A134: =$A$36 -> 0 | B134: =$B$36 -> 0 | E134: =$E$36 -> 0 | F134: =$F$36 -> 0 | H134: =$H$36 -> 0 | I134: =$I$36 -> 0 | J134: =$J$36 -> 0 | K134: =$K$36 -> 0 | L134: =$L$36 -> 0 | M134: =$M$36 -> 0 | P134: =$P$36 -> 0
A135: =$A$37 -> 0 | B135: =$B$37 -> 0 | H135: =$H$37 -> 0 | I135: =$I$37 -> 0 | J135: =$J$37 -> 0
A136: =$A$38 -> 0 | B136: =$B$38 -> 0 | E136: =$E$38 -> 0 | F136: =$F$38 -> 0 | H136: =$H$38 -> 0 | I136: =$I$38 -> 0 | J136: =$J$38 -> 0 | K136: =$K$38 -> 0 | L136: =$L$38 -> 0 | M136: =$M$38 -> 0 | P136: =$P$38 -> 0
A137: =$A$39 -> 0 | B137: =$B$39 -> 0 | H137: =$H$39 -> 0 | I137: =$I$39 -> 0 | J137: =$J$39 -> 0
A138: =$A$40 -> 0 | B138: =$B$40 -> 0 | E138: =$E$40 -> 0 | F138: =$F$40 -> 0 | H138: =$H$40 -> 0 | I138: =$I$40 -> 0 | J138: =$J$40 -> 0 | K138: =$K$40 -> 0 | L138: =$L$40 -> 0 | M138: =$M$40 -> 0 | P138: =$P$40 -> 0
A139: =$A$41 -> 0 | B139: =$B$41 -> 0 | H139: =$H$41 -> 0 | I139: =$I$41 -> 0 | J139: =$J$41 -> 0
A141: 備考 | B141: =$B$43 -> 0 | G141: 税率10% | H141: 小計 | J141: =$J$43 -> 0 | M141: 消費税 | O141: =$O$43 -> 0
G142: 税率 8% | H142: 小計 | J142: =$J$44 -> 0 | M142: 消費税 | O142: =$O$44 -> 0
G143: 非課税 | H143: 小計 | J143: =$J$45 -> 0
G145: 請求金額（税込） | J145: =$J$47 -> 0 | P145: 決裁

Sheet 納品・請求書_9
M1: =請求総括表!$U$1 -> ■■■■■■■■■■■■■■■
E2: 納品・請求書 | M2: =請求総括表!$U$2 -> 年 月 日
E3: 【レンタル用】 | H3: (請求者控) | M3: No. | N3: 9
A5: 株式会社 | D5: 御中 | G5: 請求者 | H5: 登録番号： | J5: =請求総括表!$U$6 -> 0
A6: - 営業所を選択してください。- | G6: 住 所 | H6: =請求総括表!$R$7 -> 0
A7: 担当者
G8: 会社名 | H8: =請求総括表!$R$9 -> 0
G10: ＴＥＬ | H10: =ASC(請求総括表!$R$11) | L10: ＦＡＸ | N10: =ASC(請求総括表!$R$12)
A12: 受注番号 | B12: 客先 | E12: 住所 | F12: 品名 | H12: 期間 | K12: 数量 | L12: 税率 | M12: 金額(税抜) | P12: 撤去 日 | Q12: 検
B13: 工事先名
A43: 備考 | G43: 税率10% | H43: 小計 | J43: =SUMIFS($M$13:$M$40,$L$13:$L$40,"10%") -> 0 | M43: 消費税
G44: 税率 8% | H44: 小計 | J44: =SUMIFS($M$13:$M$40,$L$13:$L$40,"8%") -> 0 | M44: 消費税
G45: 非課税 | H45: 小計 | J45: =SUMIFS($M$13:$M$40,$L$13:$L$40,"非課税") -> 0
G47: 請求金額（税込） | J47: =SUM($J$43,$O$43,$J$44,$O$44,$J$45) -> 0 | P47: 決裁
M50: =$M$1 -> ■■■■■■■■■■■■■■■
E51: 納品・請求書 | M51: =$M$2 -> 年 月 日
E52: 【レンタル用】 | H52: (サンエイ送付用) | M52: No. | N52: =$N$3 -> 9
A54: 株式会社 | D54: 御中 | G54: 請求者 | H54: 登録番号： | J54: =$J$5 -> 0
A55: =$A$6 -> - 営業所を選択してください。- | G55: 住 所 | H55: =$H$6 -> 0
A56: 担当者 | B56: =$B$7 -> 0
G57: 会社名 | H57: =$H$8 -> 0
G59: ＴＥＬ | H59: =$H$10 | L59: ＦＡＸ | N59: =$N$10
A61: 受注番号 | B61: 客先 | E61: 住所 | F61: 品名 | H61: 期間 | K61: 数量 | L61: 税率 | M61: 金額(税抜) | P61: 撤去 日 | Q61: 検
B62: 工事先名
A63: =$A$14 -> 0 | B63: =$B$14 -> 0 | E63: =$E$14 -> 0 | F63: =$F$14 -> 0 | H63: =$H$14 -> 0 | I63: =$I$14 -> 0 | J63: =$J$14 -> 0 | K63: =$K$14 -> 0 | L63: =$L$14 -> 0 | M63: =$M$14 -> 0 | P63: =$P$14 -> 0
A64: =$A$15 -> 0 | B64: =$B$15 -> 0 | H64: =$H$15 -> 0 | I64: =$I$15 -> 0 | J64: =$J$15 -> 0
A65: =$A$16 -> 0 | B65: =$B$16 -> 0 | E65: =$E$16 -> 0 | F65: =$F$16 -> 0 | H65: =$H$16 -> 0 | I65: =$I$16 -> 0 | J65: =$J$16 -> 0 | K65: =$K$16 -> 0 | L65: =$L$16 -> 0 | M65: =$M$16 -> 0 | P65: =$P$16 -> 0
A66: =$A$17 -> 0 | B66: =$B$17 -> 0 | H66: =$H$17 -> 0 | I66: =$I$17 -> 0 | J66: =$J$17 -> 0
A67: =$A$18 -> 0 | B67: =$B$18 -> 0 | E67: =$E$18 -> 0 | F67: =$F$18 -> 0 | H67: =$H$18 -> 0 | I67: =$I$18 -> 0 | J67: =$J$18 -> 0 | K67: =$K$18 -> 0 | L67: =$L$18 -> 0 | M67: =$M$18 -> 0 | P67: =$P$18 -> 0
A68: =$A$19 -> 0 | B68: =$B$19 -> 0 | H68: =$H$19 -> 0 | I68: =$I$19 -> 0 | J68: =$J$19 -> 0
A69: =$A$20 -> 0 | B69: =$B$20 -> 0 | E69: =$E$20 -> 0 | F69: =$F$20 -> 0 | H69: =$H$20 -> 0 | I69: =$I$20 -> 0 | J69: =$J$20 -> 0 | K69: =$K$20 -> 0 | L69: =$L$20 -> 0 | M69: =$M$20 -> 0 | P69: =$P$20 -> 0
A70: =$A$21 -> 0 | B70: =$B$21 -> 0 | H70: =$H$21 -> 0 | I70: =$I$21 -> 0 | J70: =$J$21 -> 0
A71: =$A$22 -> 0 | B71: =$B$22 -> 0 | E71: =$E$22 -> 0 | F71: =$F$22 -> 0 | H71: =$H$22 -> 0 | I71: =$I$22 -> 0 | J71: =$J$22 -> 0 | K71: =$K$22 -> 0 | L71: =$L$22 -> 0 | M71: =$M$22 -> 0 | P71: =$P$22 -> 0
A72: =$A$23 -> 0 | B72: =$B$23 -> 0 | H72: =$H$23 -> 0 | I72: =$I$23 -> 0 | J72: =$J$23 -> 0
A73: =$A$24 -> 0 | B73: =$B$24 -> 0 | E73: =$E$24 -> 0 | F73: =$F$24 -> 0 | H73: =$H$24 -> 0 | I73: =$I$24 -> 0 | J73: =$J$24 -> 0 | K73: =$K$24 -> 0 | L73: =$L$24 -> 0 | M73: =$M$24 -> 0 | P73: =$P$24 -> 0
A74: =$A$25 -> 0 | B74: =$B$25 -> 0 | H74: =$H$25 -> 0 | I74: =$I$25 -> 0 | J74: =$J$25 -> 0
A75: =$A$26 -> 0 | B75: =$B$26 -> 0 | E75: =$E$26 -> 0 | F75: =$F$26 -> 0 | H75: =$H$26 -> 0 | I75: =$I$26 -> 0 | J75: =$J$26 -> 0 | K75: =$K$26 -> 0 | L75: =$L$26 -> 0 | M75: =$M$26 -> 0 | P75: =$P$26 -> 0
A76: =$A$27 -> 0 | B76: =$B$27 -> 0 | H76: =$H$27 -> 0 | I76: =$I$27 -> 0 | J76: =$J$27 -> 0
A77: =$A$28 -> 0 | B77: =$B$28 -> 0 | E77: =$E$28 -> 0 | F77: =$F$28 -> 0 | H77: =$H$28 -> 0 | I77: =$I$28 -> 0 | J77: =$J$28 -> 0 | K77: =$K$28 -> 0 | L77: =$L$28 -> 0 | M77: =$M$28 -> 0 | P77: =$P$28 -> 0
A78: =$A$29 -> 0 | B78: =$B$29 -> 0 | H78: =$H$29 -> 0 | I78: =$I$29 -> 0 | J78: =$J$29 -> 0
A79: =$A$30 -> 0 | B79: =$B$30 -> 0 | E79: =$E$30 -> 0 | F79: =$F$30 -> 0 | H79: =$H$30 -> 0 | I79: =$I$30 -> 0 | J79: =$J$30 -> 0 | K79: =$K$30 -> 0 | L79: =$L$30 -> 0 | M79: =$M$30 -> 0 | P79: =$P$30 -> 0
A80: =$A$31 -> 0 | B80: =$B$31 -> 0 | H80: =$H$31 -> 0 | I80: =$I$31 -> 0 | J80: =$J$31 -> 0
A81: =$A$32 -> 0 | B81: =$B$32 -> 0 | E81: =$E$32 -> 0 | F81: =$F$32 -> 0 | H81: =$H$32 -> 0 | I81: =$I$32 -> 0 | J81: =$J$32 -> 0 | K81: =$K$32 -> 0 | L81: =$L$32 -> 0 | M81: =$M$32 -> 0 | P81: =$P$32 -> 0
A82: =$A$33 -> 0 | B82: =$B$33 -> 0 | H82: =$H$33 -> 0 | I82: =$I$33 -> 0 | J82: =$J$33 -> 0
A83: =$A$34 -> 0 | B83: =$B$34 -> 0 | E83: =$E$34 -> 0 | F83: =$F$34 -> 0 | H83: =$H$34 -> 0 | I83: =$I$34 -> 0 | J83: =$J$34 -> 0 | K83: =$K$34 -> 0 | L83: =$L$34 -> 0 | M83: =$M$34 -> 0 | P83: =$P$34 -> 0
A84: =$A$35 -> 0 | B84: =$B$35 -> 0 | H84: =$H$35 -> 0 | I84: =$I$35 -> 0 | J84: =$J$35 -> 0
A85: =$A$36 -> 0 | B85: =$B$36 -> 0 | E85: =$E$36 -> 0 | F85: =$F$36 -> 0 | H85: =$H$36 -> 0 | I85: =$I$36 -> 0 | J85: =$J$36 -> 0 | K85: =$K$36 -> 0 | L85: =$L$36 -> 0 | M85: =$M$36 -> 0 | P85: =$P$36 -> 0
A86: =$A$37 -> 0 | B86: =$B$37 -> 0 | H86: =$H$37 -> 0 | I86: =$I$37 -> 0 | J86: =$J$37 -> 0
A87: =$A$38 -> 0 | B87: =$B$38 -> 0 | E87: =$E$38 -> 0 | F87: =$F$38 -> 0 | H87: =$H$38 -> 0 | I87: =$I$38 -> 0 | J87: =$J$38 -> 0 | K87: =$K$38 -> 0 | L87: =$L$38 -> 0 | M87: =$M$38 -> 0 | P87: =$P$38 -> 0
A88: =$A$39 -> 0 | B88: =$B$39 -> 0 | H88: =$H$39 -> 0 | I88: =$I$39 -> 0 | J88: =$J$39 -> 0
A89: =$A$40 -> 0 | B89: =$B$40 -> 0 | E89: =$E$40 -> 0 | F89: =$F$40 -> 0 | H89: =$H$40 -> 0 | I89: =$I$40 -> 0 | J89: =$J$40 -> 0 | K89: =$K$40 -> 0 | L89: =$L$40 -> 0 | M89: =$M$40 -> 0 | P89: =$P$40 -> 0
A90: =$A$41 -> 0 | B90: =$B$41 -> 0 | H90: =$H$41 -> 0 | I90: =$I$41 -> 0 | J90: =$J$41 -> 0
A92: 備考 | B92: =$B$43 -> 0 | G92: 税率10% | H92: 小計 | J92: =$J$43 -> 0 | M92: 消費税 | O92: =$O$43 -> 0
G93: 税率 8% | H93: 小計 | J93: =$J$44 -> 0 | M93: 消費税 | O93: =$O$44 -> 0
G94: 非課税 | H94: 小計 | J94: =$J$45 -> 0
G96: 請求金額（税込） | J96: =$J$47 -> 0 | P96: 決裁
M99: =$M$1 -> ■■■■■■■■■■■■■■■
E100: 納品・請求書 | M100: =$M$2 -> 年 月 日
E101: 【レンタル用】 | H101: (サンエイ送付用) | M101: No. | N101: =$N$3 -> 9
A103: 株式会社 | D103: 御中 | G103: 請求者 | H103: 登録番号： | J103: =$J$5 -> 0
A104: =$A$6 -> - 営業所を選択してください。- | G104: 住 所 | H104: =$H$6 -> 0
A105: 担当者 | B105: =$B$7 -> 0
G106: 会社名 | H106: =$H$8 -> 0
G108: ＴＥＬ | H108: =$H$10 | L108: ＦＡＸ | N108: =$N$10
A110: 受注番号 | B110: 客先 | E110: 住所 | F110: 品名 | H110: 期間 | K110: 数量 | L110: 税率 | M110: 金額(税抜) | P110: 撤去 日 | Q110: 検
B111: 工事先名
A112: =$A$14 -> 0 | B112: =$B$14 -> 0 | E112: =$E$14 -> 0 | F112: =$F$14 -> 0 | H112: =$H$14 -> 0 | I112: =$I$14 -> 0 | J112: =$J$14 -> 0 | K112: =$K$14 -> 0 | L112: =$L$14 -> 0 | M112: =$M$14 -> 0 | P112: =$P$14 -> 0
A113: =$A$15 -> 0 | B113: =$B$15 -> 0 | H113: =$H$15 -> 0 | I113: =$I$15 -> 0 | J113: =$J$15 -> 0
A114: =$A$16 -> 0 | B114: =$B$16 -> 0 | E114: =$E$16 -> 0 | F114: =$F$16 -> 0 | H114: =$H$16 -> 0 | I114: =$I$16 -> 0 | J114: =$J$16 -> 0 | K114: =$K$16 -> 0 | L114: =$L$16 -> 0 | M114: =$M$16 -> 0 | P114: =$P$16 -> 0
A115: =$A$17 -> 0 | B115: =$B$17 -> 0 | H115: =$H$17 -> 0 | I115: =$I$17 -> 0 | J115: =$J$17 -> 0
A116: =$A$18 -> 0 | B116: =$B$18 -> 0 | E116: =$E$18 -> 0 | F116: =$F$18 -> 0 | H116: =$H$18 -> 0 | I116: =$I$18 -> 0 | J116: =$J$18 -> 0 | K116: =$K$18 -> 0 | L116: =$L$18 -> 0 | M116: =$M$18 -> 0 | P116: =$P$18 -> 0
A117: =$A$19 -> 0 | B117: =$B$19 -> 0 | H117: =$H$19 -> 0 | I117: =$I$19 -> 0 | J117: =$J$19 -> 0
A118: =$A$20 -> 0 | B118: =$B$20 -> 0 | E118: =$E$20 -> 0 | F118: =$F$20 -> 0 | H118: =$H$20 -> 0 | I118: =$I$20 -> 0 | J118: =$J$20 -> 0 | K118: =$K$20 -> 0 | L118: =$L$20 -> 0 | M118: =$M$20 -> 0 | P118: =$P$20 -> 0
A119: =$A$21 -> 0 | B119: =$B$21 -> 0 | H119: =$H$21 -> 0 | I119: =$I$21 -> 0 | J119: =$J$21 -> 0
A120: =$A$22 -> 0 | B120: =$B$22 -> 0 | E120: =$E$22 -> 0 | F120: =$F$22 -> 0 | H120: =$H$22 -> 0 | I120: =$I$22 -> 0 | J120: =$J$22 -> 0 | K120: =$K$22 -> 0 | L120: =$L$22 -> 0 | M120: =$M$22 -> 0 | P120: =$P$22 -> 0
A121: =$A$23 -> 0 | B121: =$B$23 -> 0 | H121: =$H$23 -> 0 | I121: =$I$23 -> 0 | J121: =$J$23 -> 0
A122: =$A$24 -> 0 | B122: =$B$24 -> 0 | E122: =$E$24 -> 0 | F122: =$F$24 -> 0 | H122: =$H$24 -> 0 | I122: =$I$24 -> 0 | J122: =$J$24 -> 0 | K122: =$K$24 -> 0 | L122: =$L$24 -> 0 | M122: =$M$24 -> 0 | P122: =$P$24 -> 0
A123: =$A$25 -> 0 | B123: =$B$25 -> 0 | H123: =$H$25 -> 0 | I123: =$I$25 -> 0 | J123: =$J$25 -> 0
A124: =$A$26 -> 0 | B124: =$B$26 -> 0 | E124: =$E$26 -> 0 | F124: =$F$26 -> 0 | H124: =$H$26 -> 0 | I124: =$I$26 -> 0 | J124: =$J$26 -> 0 | K124: =$K$26 -> 0 | L124: =$L$26 -> 0 | M124: =$M$26 -> 0 | P124: =$P$26 -> 0
A125: =$A$27 -> 0 | B125: =$B$27 -> 0 | H125: =$H$27 -> 0 | I125: =$I$27 -> 0 | J125: =$J$27 -> 0
A126: =$A$28 -> 0 | B126: =$B$28 -> 0 | E126: =$E$28 -> 0 | F126: =$F$28 -> 0 | H126: =$H$28 -> 0 | I126: =$I$28 -> 0 | J126: =$J$28 -> 0 | K126: =$K$28 -> 0 | L126: =$L$28 -> 0 | M126: =$M$28 -> 0 | P126: =$P$28 -> 0
A127: =$A$29 -> 0 | B127: =$B$29 -> 0 | H127: =$H$29 -> 0 | I127: =$I$29 -> 0 | J127: =$J$29 -> 0
A128: =$A$30 -> 0 | B128: =$B$30 -> 0 | E128: =$E$30 -> 0 | F128: =$F$30 -> 0 | H128: =$H$30 -> 0 | I128: =$I$30 -> 0 | J128: =$J$30 -> 0 | K128: =$K$30 -> 0 | L128: =$L$30 -> 0 | M128: =$M$30 -> 0 | P128: =$P$30 -> 0
A129: =$A$31 -> 0 | B129: =$B$31 -> 0 | H129: =$H$31 -> 0 | I129: =$I$31 -> 0 | J129: =$J$31 -> 0
A130: =$A$32 -> 0 | B130: =$B$32 -> 0 | E130: =$E$32 -> 0 | F130: =$F$32 -> 0 | H130: =$H$32 -> 0 | I130: =$I$32 -> 0 | J130: =$J$32 -> 0 | K130: =$K$32 -> 0 | L130: =$L$32 -> 0 | M130: =$M$32 -> 0 | P130: =$P$32 -> 0
A131: =$A$33 -> 0 | B131: =$B$33 -> 0 | H131: =$H$33 -> 0 | I131: =$I$33 -> 0 | J131: =$J$33 -> 0
A132: =$A$34 -> 0 | B132: =$B$34 -> 0 | E132: =$E$34 -> 0 | F132: =$F$34 -> 0 | H132: =$H$34 -> 0 | I132: =$I$34 -> 0 | J132: =$J$34 -> 0 | K132: =$K$34 -> 0 | L132: =$L$34 -> 0 | M132: =$M$34 -> 0 | P132: =$P$34 -> 0
A133: =$A$35 -> 0 | B133: =$B$35 -> 0 | H133: =$H$35 -> 0 | I133: =$I$35 -> 0 | J133: =$J$35 -> 0
A134: =$A$36 -> 0 | B134: =$B$36 -> 0 | E134: =$E$36 -> 0 | F134: =$F$36 -> 0 | H134: =$H$36 -> 0 | I134: =$I$36 -> 0 | J134: =$J$36 -> 0 | K134: =$K$36 -> 0 | L134: =$L$36 -> 0 | M134: =$M$36 -> 0 | P134: =$P$36 -> 0
A135: =$A$37 -> 0 | B135: =$B$37 -> 0 | H135: =$H$37 -> 0 | I135: =$I$37 -> 0 | J135: =$J$37 -> 0
A136: =$A$38 -> 0 | B136: =$B$38 -> 0 | E136: =$E$38 -> 0 | F136: =$F$38 -> 0 | H136: =$H$38 -> 0 | I136: =$I$38 -> 0 | J136: =$J$38 -> 0 | K136: =$K$38 -> 0 | L136: =$L$38 -> 0 | M136: =$M$38 -> 0 | P136: =$P$38 -> 0
A137: =$A$39 -> 0 | B137: =$B$39 -> 0 | H137: =$H$39 -> 0 | I137: =$I$39 -> 0 | J137: =$J$39 -> 0
A138: =$A$40 -> 0 | B138: =$B$40 -> 0 | E138: =$E$40 -> 0 | F138: =$F$40 -> 0 | H138: =$H$40 -> 0 | I138: =$I$40 -> 0 | J138: =$J$40 -> 0 | K138: =$K$40 -> 0 | L138: =$L$40 -> 0 | M138: =$M$40 -> 0 | P138: =$P$40 -> 0
A139: =$A$41 -> 0 | B139: =$B$41 -> 0 | H139: =$H$41 -> 0 | I139: =$I$41 -> 0 | J139: =$J$41 -> 0
A141: 備考 | B141: =$B$43 -> 0 | G141: 税率10% | H141: 小計 | J141: =$J$43 -> 0 | M141: 消費税 | O141: =$O$43 -> 0
G142: 税率 8% | H142: 小計 | J142: =$J$44 -> 0 | M142: 消費税 | O142: =$O$44 -> 0
G143: 非課税 | H143: 小計 | J143: =$J$45 -> 0
G145: 請求金額（税込） | J145: =$J$47 -> 0 | P145: 決裁

Sheet 納品・請求書_10
M1: =請求総括表!$U$1 -> ■■■■■■■■■■■■■■■
E2: 納品・請求書 | M2: =請求総括表!$U$2 -> 年 月 日
E3: 【レンタル用】 | H3: (請求者控) | M3: No. | N3: 10
A5: 株式会社 | D5: 御中 | G5: 請求者 | H5: 登録番号： | J5: =請求総括表!$U$6 -> 0
A6: - 営業所を選択してください。- | G6: 住 所 | H6: =請求総括表!$R$7 -> 0
A7: 担当者
G8: 会社名 | H8: =請求総括表!$R$9 -> 0
G10: ＴＥＬ | H10: =ASC(請求総括表!$R$11) | L10: ＦＡＸ | N10: =ASC(請求総括表!$R$12)
A12: 受注番号 | B12: 客先 | E12: 住所 | F12: 品名 | H12: 期間 | K12: 数量 | L12: 税率 | M12: 金額(税抜) | P12: 撤去 日 | Q12: 検
B13: 工事先名
A43: 備考 | G43: 税率10% | H43: 小計 | J43: =SUMIFS($M$13:$M$40,$L$13:$L$40,"10%") -> 0 | M43: 消費税
G44: 税率 8% | H44: 小計 | J44: =SUMIFS($M$13:$M$40,$L$13:$L$40,"8%") -> 0 | M44: 消費税
G45: 非課税 | H45: 小計 | J45: =SUMIFS($M$13:$M$40,$L$13:$L$40,"非課税") -> 0
G47: 請求金額（税込） | J47: =SUM($J$43,$O$43,$J$44,$O$44,$J$45) -> 0 | P47: 決裁
M50: =$M$1 -> ■■■■■■■■■■■■■■■
E51: 納品・請求書 | M51: =$M$2 -> 年 月 日
E52: 【レンタル用】 | H52: (サンエイ送付用) | M52: No. | N52: =$N$3 -> 10
A54: 株式会社 | D54: 御中 | G54: 請求者 | H54: 登録番号： | J54: =$J$5 -> 0
A55: =$A$6 -> - 営業所を選択してください。- | G55: 住 所 | H55: =$H$6 -> 0
A56: 担当者 | B56: =$B$7 -> 0
G57: 会社名 | H57: =$H$8 -> 0
G59: ＴＥＬ | H59: =$H$10 | L59: ＦＡＸ | N59: =$N$10
A61: 受注番号 | B61: 客先 | E61: 住所 | F61: 品名 | H61: 期間 | K61: 数量 | L61: 税率 | M61: 金額(税抜) | P61: 撤去 日 | Q61: 検
B62: 工事先名
A63: =$A$14 -> 0 | B63: =$B$14 -> 0 | E63: =$E$14 -> 0 | F63: =$F$14 -> 0 | H63: =$H$14 -> 0 | I63: =$I$14 -> 0 | J63: =$J$14 -> 0 | K63: =$K$14 -> 0 | L63: =$L$14 -> 0 | M63: =$M$14 -> 0 | P63: =$P$14 -> 0
A64: =$A$15 -> 0 | B64: =$B$15 -> 0 | H64: =$H$15 -> 0 | I64: =$I$15 -> 0 | J64: =$J$15 -> 0
A65: =$A$16 -> 0 | B65: =$B$16 -> 0 | E65: =$E$16 -> 0 | F65: =$F$16 -> 0 | H65: =$H$16 -> 0 | I65: =$I$16 -> 0 | J65: =$J$16 -> 0 | K65: =$K$16 -> 0 | L65: =$L$16 -> 0 | M65: =$M$16 -> 0 | P65: =$P$16 -> 0
A66: =$A$17 -> 0 | B66: =$B$17 -> 0 | H66: =$H$17 -> 0 | I66: =$I$17 -> 0 | J66: =$J$17 -> 0
A67: =$A$18 -> 0 | B67: =$B$18 -> 0 | E67: =$E$18 -> 0 | F67: =$F$18 -> 0 | H67: =$H$18 -> 0 | I67: =$I$18 -> 0 | J67: =$J$18 -> 0 | K67: =$K$18 -> 0 | L67: =$L$18 -> 0 | M67: =$M$18 -> 0 | P67: =$P$18 -> 0
A68: =$A$19 -> 0 | B68: =$B$19 -> 0 | H68: =$H$19 -> 0 | I68: =$I$19 -> 0 | J68: =$J$19 -> 0
A69: =$A$20 -> 0 | B69: =$B$20 -> 0 | E69: =$E$20 -> 0 | F69: =$F$20 -> 0 | H69: =$H$20 -> 0 | I69: =$I$20 -> 0 | J69: =$J$20 -> 0 | K69: =$K$20 -> 0 | L69: =$L$20 -> 0 | M69: =$M$20 -> 0 | P69: =$P$20 -> 0
A70: =$A$21 -> 0 | B70: =$B$21 -> 0 | H70: =$H$21 -> 0 | I70: =$I$21 -> 0 | J70: =$J$21 -> 0
A71: =$A$22 -> 0 | B71: =$B$22 -> 0 | E71: =$E$22 -> 0 | F71: =$F$22 -> 0 | H71: =$H$22 -> 0 | I71: =$I$22 -> 0 | J71: =$J$22 -> 0 | K71: =$K$22 -> 0 | L71: =$L$22 -> 0 | M71: =$M$22 -> 0 | P71: =$P$22 -> 0
A72: =$A$23 -> 0 | B72: =$B$23 -> 0 | H72: =$H$23 -> 0 | I72: =$I$23 -> 0 | J72: =$J$23 -> 0
A73: =$A$24 -> 0 | B73: =$B$24 -> 0 | E73: =$E$24 -> 0 | F73: =$F$24 -> 0 | H73: =$H$24 -> 0 | I73: =$I$24 -> 0 | J73: =$J$24 -> 0 | K73: =$K$24 -> 0 | L73: =$L$24 -> 0 | M73: =$M$24 -> 0 | P73: =$P$24 -> 0
A74: =$A$25 -> 0 | B74: =$B$25 -> 0 | H74: =$H$25 -> 0 | I74: =$I$25 -> 0 | J74: =$J$25 -> 0
A75: =$A$26 -> 0 | B75: =$B$26 -> 0 | E75: =$E$26 -> 0 | F75: =$F$26 -> 0 | H75: =$H$26 -> 0 | I75: =$I$26 -> 0 | J75: =$J$26 -> 0 | K75: =$K$26 -> 0 | L75: =$L$26 -> 0 | M75: =$M$26 -> 0 | P75: =$P$26 -> 0
A76: =$A$27 -> 0 | B76: =$B$27 -> 0 | H76: =$H$27 -> 0 | I76: =$I$27 -> 0 | J76: =$J$27 -> 0
A77: =$A$28 -> 0 | B77: =$B$28 -> 0 | E77: =$E$28 -> 0 | F77: =$F$28 -> 0 | H77: =$H$28 -> 0 | I77: =$I$28 -> 0 | J77: =$J$28 -> 0 | K77: =$K$28 -> 0 | L77: =$L$28 -> 0 | M77: =$M$28 -> 0 | P77: =$P$28 -> 0
A78: =$A$29 -> 0 | B78: =$B$29 -> 0 | H78: =$H$29 -> 0 | I78: =$I$29 -> 0 | J78: =$J$29 -> 0
A79: =$A$30 -> 0 | B79: =$B$30 -> 0 | E79: =$E$30 -> 0 | F79: =$F$30 -> 0 | H79: =$H$30 -> 0 | I79: =$I$30 -> 0 | J79: =$J$30 -> 0 | K79: =$K$30 -> 0 | L79: =$L$30 -> 0 | M79: =$M$30 -> 0 | P79: =$P$30 -> 0
A80: =$A$31 -> 0 | B80: =$B$31 -> 0 | H80: =$H$31 -> 0 | I80: =$I$31 -> 0 | J80: =$J$31 -> 0
A81: =$A$32 -> 0 | B81: =$B$32 -> 0 | E81: =$E$32 -> 0 | F81: =$F$32 -> 0 | H81: =$H$32 -> 0 | I81: =$I$32 -> 0 | J81: =$J$32 -> 0 | K81: =$K$32 -> 0 | L81: =$L$32 -> 0 | M81: =$M$32 -> 0 | P81: =$P$32 -> 0
A82: =$A$33 -> 0 | B82: =$B$33 -> 0 | H82: =$H$33 -> 0 | I82: =$I$33 -> 0 | J82: =$J$33 -> 0
A83: =$A$34 -> 0 | B83: =$B$34 -> 0 | E83: =$E$34 -> 0 | F83: =$F$34 -> 0 | H83: =$H$34 -> 0 | I83: =$I$34 -> 0 | J83: =$J$34 -> 0 | K83: =$K$34 -> 0 | L83: =$L$34 -> 0 | M83: =$M$34 -> 0 | P83: =$P$34 -> 0
A84: =$A$35 -> 0 | B84: =$B$35 -> 0 | H84: =$H$35 -> 0 | I84: =$I$35 -> 0 | J84: =$J$35 -> 0
A85: =$A$36 -> 0 | B85: =$B$36 -> 0 | E85: =$E$36 -> 0 | F85: =$F$36 -> 0 | H85: =$H$36 -> 0 | I85: =$I$36 -> 0 | J85: =$J$36 -> 0 | K85: =$K$36 -> 0 | L85: =$L$36 -> 0 | M85: =$M$36 -> 0 | P85: =$P$36 -> 0
A86: =$A$37 -> 0 | B86: =$B$37 -> 0 | H86: =$H$37 -> 0 | I86: =$I$37 -> 0 | J86: =$J$37 -> 0
A87: =$A$38 -> 0 | B87: =$B$38 -> 0 | E87: =$E$38 -> 0 | F87: =$F$38 -> 0 | H87: =$H$38 -> 0 | I87: =$I$38 -> 0 | J87: =$J$38 -> 0 | K87: =$K$38 -> 0 | L87: =$L$38 -> 0 | M87: =$M$38 -> 0 | P87: =$P$38 -> 0
A88: =$A$39 -> 0 | B88: =$B$39 -> 0 | H88: =$H$39 -> 0 | I88: =$I$39 -> 0 | J88: =$J$39 -> 0
A89: =$A$40 -> 0 | B89: =$B$40 -> 0 | E89: =$E$40 -> 0 | F89: =$F$40 -> 0 | H89: =$H$40 -> 0 | I89: =$I$40 -> 0 | J89: =$J$40 -> 0 | K89: =$K$40 -> 0 | L89: =$L$40 -> 0 | M89: =$M$40 -> 0 | P89: =$P$40 -> 0
A90: =$A$41 -> 0 | B90: =$B$41 -> 0 | H90: =$H$41 -> 0 | I90: =$I$41 -> 0 | J90: =$J$41 -> 0
A92: 備考 | B92: =$B$43 -> 0 | G92: 税率10% | H92: 小計 | J92: =$J$43 -> 0 | M92: 消費税 | O92: =$O$43 -> 0
G93: 税率 8% | H93: 小計 | J93: =$J$44 -> 0 | M93: 消費税 | O93: =$O$44 -> 0
G94: 非課税 | H94: 小計 | J94: =$J$45 -> 0
G96: 請求金額（税込） | J96: =$J$47 -> 0 | P96: 決裁
M99: =$M$1 -> ■■■■■■■■■■■■■■■
E100: 納品・請求書 | M100: =$M$2 -> 年 月 日
E101: 【レンタル用】 | H101: (サンエイ送付用) | M101: No. | N101: =$N$3 -> 10
A103: 株式会社 | D103: 御中 | G103: 請求者 | H103: 登録番号： | J103: =$J$5 -> 0
A104: =$A$6 -> - 営業所を選択してください。- | G104: 住 所 | H104: =$H$6 -> 0
A105: 担当者 | B105: =$B$7 -> 0
G106: 会社名 | H106: =$H$8 -> 0
G108: ＴＥＬ | H108: =$H$10 | L108: ＦＡＸ | N108: =$N$10
A110: 受注番号 | B110: 客先 | E110: 住所 | F110: 品名 | H110: 期間 | K110: 数量 | L110: 税率 | M110: 金額(税抜) | P110: 撤去 日 | Q110: 検
B111: 工事先名
A112: =$A$14 -> 0 | B112: =$B$14 -> 0 | E112: =$E$14 -> 0 | F112: =$F$14 -> 0 | H112: =$H$14 -> 0 | I112: =$I$14 -> 0 | J112: =$J$14 -> 0 | K112: =$K$14 -> 0 | L112: =$L$14 -> 0 | M112: =$M$14 -> 0 | P112: =$P$14 -> 0
A113: =$A$15 -> 0 | B113: =$B$15 -> 0 | H113: =$H$15 -> 0 | I113: =$I$15 -> 0 | J113: =$J$15 -> 0
A114: =$A$16 -> 0 | B114: =$B$16 -> 0 | E114: =$E$16 -> 0 | F114: =$F$16 -> 0 | H114: =$H$16 -> 0 | I114: =$I$16 -> 0 | J114: =$J$16 -> 0 | K114: =$K$16 -> 0 | L114: =$L$16 -> 0 | M114: =$M$16 -> 0 | P114: =$P$16 -> 0
A115: =$A$17 -> 0 | B115: =$B$17 -> 0 | H115: =$H$17 -> 0 | I115: =$I$17 -> 0 | J115: =$J$17 -> 0
A116: =$A$18 -> 0 | B116: =$B$18 -> 0 | E116: =$E$18 -> 0 | F116: =$F$18 -> 0 | H116: =$H$18 -> 0 | I116: =$I$18 -> 0 | J116: =$J$18 -> 0 | K116: =$K$18 -> 0 | L116: =$L$18 -> 0 | M116: =$M$18 -> 0 | P116: =$P$18 -> 0
A117: =$A$19 -> 0 | B117: =$B$19 -> 0 | H117: =$H$19 -> 0 | I117: =$I$19 -> 0 | J117: =$J$19 -> 0
A118: =$A$20 -> 0 | B118: =$B$20 -> 0 | E118: =$E$20 -> 0 | F118: =$F$20 -> 0 | H118: =$H$20 -> 0 | I118: =$I$20 -> 0 | J118: =$J$20 -> 0 | K118: =$K$20 -> 0 | L118: =$L$20 -> 0 | M118: =$M$20 -> 0 | P118: =$P$20 -> 0
A119: =$A$21 -> 0 | B119: =$B$21 -> 0 | H119: =$H$21 -> 0 | I119: =$I$21 -> 0 | J119: =$J$21 -> 0
A120: =$A$22 -> 0 | B120: =$B$22 -> 0 | E120: =$E$22 -> 0 | F120: =$F$22 -> 0 | H120: =$H$22 -> 0 | I120: =$I$22 -> 0 | J120: =$J$22 -> 0 | K120: =$K$22 -> 0 | L120: =$L$22 -> 0 | M120: =$M$22 -> 0 | P120: =$P$22 -> 0
A121: =$A$23 -> 0 | B121: =$B$23 -> 0 | H121: =$H$23 -> 0 | I121: =$I$23 -> 0 | J121: =$J$23 -> 0
A122: =$A$24 -> 0 | B122: =$B$24 -> 0 | E122: =$E$24 -> 0 | F122: =$F$24 -> 0 | H122: =$H$24 -> 0 | I122: =$I$24 -> 0 | J122: =$J$24 -> 0 | K122: =$K$24 -> 0 | L122: =$L$24 -> 0 | M122: =$M$24 -> 0 | P122: =$P$24 -> 0
A123: =$A$25 -> 0 | B123: =$B$25 -> 0 | H123: =$H$25 -> 0 | I123: =$I$25 -> 0 | J123: =$J$25 -> 0
A124: =$A$26 -> 0 | B124: =$B$26 -> 0 | E124: =$E$26 -> 0 | F124: =$F$26 -> 0 | H124: =$H$26 -> 0 | I124: =$I$26 -> 0 | J124: =$J$26 -> 0 | K124: =$K$26 -> 0 | L124: =$L$26 -> 0 | M124: =$M$26 -> 0 | P124: =$P$26 -> 0
A125: =$A$27 -> 0 | B125: =$B$27 -> 0 | H125: =$H$27 -> 0 | I125: =$I$27 -> 0 | J125: =$J$27 -> 0
A126: =$A$28 -> 0 | B126: =$B$28 -> 0 | E126: =$E$28 -> 0 | F126: =$F$28 -> 0 | H126: =$H$28 -> 0 | I126: =$I$28 -> 0 | J126: =$J$28 -> 0 | K126: =$K$28 -> 0 | L126: =$L$28 -> 0 | M126: =$M$28 -> 0 | P126: =$P$28 -> 0
A127: =$A$29 -> 0 | B127: =$B$29 -> 0 | H127: =$H$29 -> 0 | I127: =$I$29 -> 0 | J127: =$J$29 -> 0
A128: =$A$30 -> 0 | B128: =$B$30 -> 0 | E128: =$E$30 -> 0 | F128: =$F$30 -> 0 | H128: =$H$30 -> 0 | I128: =$I$30 -> 0 | J128: =$J$30 -> 0 | K128: =$K$30 -> 0 | L128: =$L$30 -> 0 | M128: =$M$30 -> 0 | P128: =$P$30 -> 0
A129: =$A$31 -> 0 | B129: =$B$31 -> 0 | H129: =$H$31 -> 0 | I129: =$I$31 -> 0 | J129: =$J$31 -> 0
A130: =$A$32 -> 0 | B130: =$B$32 -> 0 | E130: =$E$32 -> 0 | F130: =$F$32 -> 0 | H130: =$H$32 -> 0 | I130: =$I$32 -> 0 | J130: =$J$32 -> 0 | K130: =$K$32 -> 0 | L130: =$L$32 -> 0 | M130: =$M$32 -> 0 | P130: =$P$32 -> 0
A131: =$A$33 -> 0 | B131: =$B$33 -> 0 | H131: =$H$33 -> 0 | I131: =$I$33 -> 0 | J131: =$J$33 -> 0
A132: =$A$34 -> 0 | B132: =$B$34 -> 0 | E132: =$E$34 -> 0 | F132: =$F$34 -> 0 | H132: =$H$34 -> 0 | I132: =$I$34 -> 0 | J132: =$J$34 -> 0 | K132: =$K$34 -> 0 | L132: =$L$34 -> 0 | M132: =$M$34 -> 0 | P132: =$P$34 -> 0
A133: =$A$35 -> 0 | B133: =$B$35 -> 0 | H133: =$H$35 -> 0 | I133: =$I$35 -> 0 | J133: =$J$35 -> 0
A134: =$A$36 -> 0 | B134: =$B$36 -> 0 | E134: =$E$36 -> 0 | F134: =$F$36 -> 0 | H134: =$H$36 -> 0 | I134: =$I$36 -> 0 | J134: =$J$36 -> 0 | K134: =$K$36 -> 0 | L134: =$L$36 -> 0 | M134: =$M$36 -> 0 | P134: =$P$36 -> 0
A135: =$A$37 -> 0 | B135: =$B$37 -> 0 | H135: =$H$37 -> 0 | I135: =$I$37 -> 0 | J135: =$J$37 -> 0
A136: =$A$38 -> 0 | B136: =$B$38 -> 0 | E136: =$E$38 -> 0 | F136: =$F$38 -> 0 | H136: =$H$38 -> 0 | I136: =$I$38 -> 0 | J136: =$J$38 -> 0 | K136: =$K$38 -> 0 | L136: =$L$38 -> 0 | M136: =$M$38 -> 0 | P136: =$P$38 -> 0
A137: =$A$39 -> 0 | B137: =$B$39 -> 0 | H137: =$H$39 -> 0 | I137: =$I$39 -> 0 | J137: =$J$39 -> 0
A138: =$A$40 -> 0 | B138: =$B$40 -> 0 | E138: =$E$40 -> 0 | F138: =$F$40 -> 0 | H138: =$H$40 -> 0 | I138: =$I$40 -> 0 | J138: =$J$40 -> 0 | K138: =$K$40 -> 0 | L138: =$L$40 -> 0 | M138: =$M$40 -> 0 | P138: =$P$40 -> 0
A139: =$A$41 -> 0 | B139: =$B$41 -> 0 | H139: =$H$41 -> 0 | I139: =$I$41 -> 0 | J139: =$J$41 -> 0
A141: 備考 | B141: =$B$43 -> 0 | G141: 税率10% | H141: 小計 | J141: =$J$43 -> 0 | M141: 消費税 | O141: =$O$43 -> 0
G142: 税率 8% | H142: 小計 | J142: =$J$44 -> 0 | M142: 消費税 | O142: =$O$44 -> 0
G143: 非課税 | H143: 小計 | J143: =$J$45 -> 0
G145: 請求金額（税込） | J145: =$J$47 -> 0 | P145: 決裁
